Workbook
Name _001_Recursos__Propios: '[1]FUENTES DE RECURSOS '!$E$2:$E$50
Name _001_Recursos__Propios: '[1]FUENTES DE RECURSOS '!$E$2:$E$50
Name CARGOS: [2]DEPENDENCIAS!$B$2:$B$43
Name COD_MR: '[3]CONSOLIDADO PLAN DESARROLLO'!$DT$9:$DT$62
Name COD_MR: 'CONSOLIDADO PLAN DESARROLLO'!$DT$9:$DT$62
Name E1.: 'CONSOLIDADO PLAN DESARROLLO'!$BK$9:$BK$18
Name E1.P_A: 'CONSOLIDADO PLAN DESARROLLO'!$BP$9:$BP$13
Name E1.P_A.MR1: 'CONSOLIDADO PLAN DESARROLLO'!$BU$10:$BU$18
Name E1.P_A.MR2: 'CONSOLIDADO PLAN DESARROLLO'!$BU$19:$BU$22
Name E1.P_A.MR3: 'CONSOLIDADO PLAN DESARROLLO'!$BU$23:$BU$27
Name E1.P_A.MR4: 'CONSOLIDADO PLAN DESARROLLO'!$BU$28:$BU$32
Name E1.P_A.MR5: 'CONSOLIDADO PLAN DESARROLLO'!$BU$33:$BU$36
Name E1.P_B: 'CONSOLIDADO PLAN DESARROLLO'!$BP$14:$BP$16
Name E1.P_B.MR1: 'CONSOLIDADO PLAN DESARROLLO'!$BU$37:$BU$40
Name E1.P_B.MR2: 'CONSOLIDADO PLAN DESARROLLO'!$BU$41:$BU$43
Name E1.P_B.MR3: 'CONSOLIDADO PLAN DESARROLLO'!$BU$44:$BU$53
Name E1.P_C: 'CONSOLIDADO PLAN DESARROLLO'!$BP$17
Name E1.P_C.MR1: 'CONSOLIDADO PLAN DESARROLLO'!$BU$54:$BU$69
Name E1.P_D: 'CONSOLIDADO PLAN DESARROLLO'!$BP$18
Name E1.P_D.MR1: 'CONSOLIDADO PLAN DESARROLLO'!$BU$70:$BU$82
Name E1.P_E: 'CONSOLIDADO PLAN DESARROLLO'!$BP$19
Name E1.P_E.MR1: 'CONSOLIDADO PLAN DESARROLLO'!$BU$83:$BU$87
Name E1.P_F: 'CONSOLIDADO PLAN DESARROLLO'!$BP$20:$BP$21
Name E1.P_F.MR1: 'CONSOLIDADO PLAN DESARROLLO'!$BU$88:$BU$91
Name E1.P_F.MR2: 'CONSOLIDADO PLAN DESARROLLO'!$BU$92:$BU$95
Name E1.P_G: 'CONSOLIDADO PLAN DESARROLLO'!$BP$22:$BP$23
Name E1.P_G.MR1: 'CONSOLIDADO PLAN DESARROLLO'!$BU$96:$BU$98
Name E1.P_G.MR2: 'CONSOLIDADO PLAN DESARROLLO'!$BU$99
Name E1.P_H: 'CONSOLIDADO PLAN DESARROLLO'!$BP$24
Name E1.P_H.MR1: 'CONSOLIDADO PLAN DESARROLLO'!$BU$100:$BU$106
Name E1.P_I: 'CONSOLIDADO PLAN DESARROLLO'!$BP$25
Name E1.P_I.MR1: 'CONSOLIDADO PLAN DESARROLLO'!$BU$107:$BU$109
Name E1.P_J: 'CONSOLIDADO PLAN DESARROLLO'!$BP$26
Name E1.P_J.MR1: 'CONSOLIDADO PLAN DESARROLLO'!$BU$110:$BU$111
Name E2.: 'CONSOLIDADO PLAN DESARROLLO'!$BK$19:$BK$24
Name E2.P_A: 'CONSOLIDADO PLAN DESARROLLO'!$BP$27
Name E2.P_A.MR1: 'CONSOLIDADO PLAN DESARROLLO'!$BU$112:$BU$121
Name E2.P_B: 'CONSOLIDADO PLAN DESARROLLO'!$BP$28
Name E2.P_B.MR1: 'CONSOLIDADO PLAN DESARROLLO'!$BU$122:$BU$125
Name E2.P_C: 'CONSOLIDADO PLAN DESARROLLO'!$BP$29
Name E2.P_C.MR1: 'CONSOLIDADO PLAN DESARROLLO'!$BU$126:$BU$128
Name E2.P_D: 'CONSOLIDADO PLAN DESARROLLO'!$BP$30
Name E2.P_D.MR1: 'CONSOLIDADO PLAN DESARROLLO'!$BU$129:$BU$133
Name E2.P_E: 'CONSOLIDADO PLAN DESARROLLO'!$BP$31
Name E2.P_E.MR1: 'CONSOLIDADO PLAN DESARROLLO'!$BU$134:$BU$139
Name E2.P_F: 'CONSOLIDADO PLAN DESARROLLO'!$BP$32:$BP$33
Name E2.P_F.MR1: 'CONSOLIDADO PLAN DESARROLLO'!$BU$140:$BU$144
Name E2.P_F.MR2: 'CONSOLIDADO PLAN DESARROLLO'!$BU$145:$BU$148
Name E3.: 'CONSOLIDADO PLAN DESARROLLO'!$BK$25:$BK$36
Name E3.P_A: 'CONSOLIDADO PLAN DESARROLLO'!$BP$34
Name E3.P_A.MR1: 'CONSOLIDADO PLAN DESARROLLO'!$BU$149:$BU$169
Name E3.P_B: 'CONSOLIDADO PLAN DESARROLLO'!$BP$35
Name E3.P_B.MR1: 'CONSOLIDADO PLAN DESARROLLO'!$BU$170:$BU$182
Name E3.P_C: 'CONSOLIDADO PLAN DESARROLLO'!$BP$36:$BP$37
Name E3.P_C.MR1: 'CONSOLIDADO PLAN DESARROLLO'!$BU$183:$BU$185
Name E3.P_C.MR2: 'CONSOLIDADO PLAN DESARROLLO'!$BU$186
Name E3.P_D: 'CONSOLIDADO PLAN DESARROLLO'!$BP$38:$BP$39
Name E3.P_D.MR1: 'CONSOLIDADO PLAN DESARROLLO'!$BU$187:$BU$192
Name E3.P_D.MR2: 'CONSOLIDADO PLAN DESARROLLO'!$BU$193:$BU$195
Name E3.P_E: 'CONSOLIDADO PLAN DESARROLLO'!$BP$40

Sheet PLAN DE ACCION 2020
B2: PLAN DE DESARROLLO MUNICIPAL "TOCANCIPÁ ALTA COMPETITIVIDAD CON DESARROLLO Y PROYECCIÓN" | BF2: DILIGENCIE O ELIJA DE LA LISTA DESPLAGABLE ÚNICAMENTE EN LAS CELDAS MARCADAS CON ESTE COLOR. NOTA: ABSTÉNGASE DE DIGITAR O MODIFICAR EL CONTENIDO DE LAS OTRAS CELDAS.
B3: COMPONENTE DE EFICACIA - PLAN DE ACCIÒN - VIGENCIA: | M3: 2020 | N3: 2019 | Q3: =VLOOKUP(N3,#REF!,2,0) -> #REF! | R3: =VLOOKUP(N3,$N$310:$O$314,2,0) -> 9
B5: EJE: | C5: =VLOOKUP($D$9,'CONSOLIDADO PLAN DESARROLLO'!$DT$9:$DZ$62,3,0) -> E1. - SOCIAL: Desarrollo Social con alta competitividad y proyección | J5: SECTOR: | L5: =VLOOKUP($D$9,'CONSOLIDADO PLAN DESARROLLO'!$DT$9:$DZ$62,5,0) -> Atención a grupos vulnerables - promoción social | V5: OBJETIVO DEL EJE: | Y5: =VLOOKUP($D$9,'CONSOLIDADO PLAN DESARROLLO'!$DT$9:$DZ$62,4,0) -> Mejorar las condiciones de calidad de vida de toda la población del territorio y especialmente en los sectores más vulnerables, garantizando el acceso a sus derechos sociales, individuales y colectrivos en Educación, Salud, Cultura, Recreación y Deporte
B6: PROGRAMA: | C6: =VLOOKUP($D$9,'CONSOLIDADO PLAN DESARROLLO'!$DT$9:$DZ$62,6,0) -> E1.P_H - VICTIMAS DEL CONFLICTO ARMADO Y POSTCONFLICTO | G6: OBJETIVO PROGRAMA: | K6: =VLOOKUP($D$9,'CONSOLIDADO PLAN DESARROLLO'!$DT$9:$DZ$62,7,0) -> Brindar asistencia, atención y reparación integral a las Víctimas del Conflicto Armado residentes en el Municipio, buscando la garantía de sus derechos; así mismo, atender las directrices del Nivel Nacional generadas sobre postconflicto | R6: RECURSOS FINANCIEROS ($) | AL6: GERENCIA
B7: RESPONSABLE | D7: CÓD. CONS. META RESULTADO | E7: DESCRIPCIÓN META DE RESULTADO | F7: INDICADOR | G7: LINEA BASE | H7: META CUATRIENIO | I7: Valor Esperado | J7: =+$N$3 -> 2019 | K7: META ACUMULADA 1er SEMESTRE | L7: META ACUMULADA 1-Ener_31-Dic. | R7: COFINANCIACIÓN DEPARTAMENTO | T7: COFINACIACIÓN NACIÓN | V7: CRÉDITO | X7: OTROS | Z7: RECURSOS PROPIOS | AB7: SGP | AD7: REGALÍAS | AF7: RECURSOS FUNCIONAMIENTO | AH7: RECURSOS GESTIONADOS | AJ7: TOTALES | AL7: POBLACIÓN BENEFICIADA POR CICLO VITAL | AS7: POBLACIÓN BENEFICIADA POR GÉNERO | AV7: POBLACIÓN BENEFICIADA CONDICIONES ESPECIALES | BA7: VERIFICACIÒN | BB7: COOPERANTE - RECURSOS GESTIONADOS | BC7: RESPONSABLE DIRECTO
R8: Programado - apropiado | S8: Ejecutado - compromisos | T8: Programado - apropiado | U8: Ejecutado - compromisos | V8: Programado - apropiado | W8: Ejecutado - compromisos | X8: Programado - apropiado | Y8: Ejecutado - compromisos | Z8: Programado - apropiado | AA8: Ejecutado - compromisos | AB8: Programado - apropiado | AC8: Ejecutado - compromisos | AD8: Programado - apropiado | AE8: Ejecutado - compromisos | AF8: Programado - apropiado | AG8: Ejecutado - compromisos | AH8: Programado - apropiado | AI8: Ejecutado - compromisos | AJ8: Programado - apropiado | AK8: Ejecutado - compromisos | AL8: P.I | AM8: I | AN8: ADO | AO8: JUV | AP8: ADU | AQ8: AD-M | AR8: TOT. CICLO VITAL | AS8: M | AT8: H | AU8: TOT. GÉNERO | AV8: VCA | AW8: LGTBI | AX8: DISCAP | AY8: AFRO | AZ8: INDIG
B9: 0-0 | D9: E1.P_H.MR1 | E9: =VLOOKUP($D$9,'CONSOLIDADO PLAN DESARROLLO'!$EB$9:$EF$62,2,0) -> Mantener la cobertura de la Atención a la Población Víctima del Conflicto Armado y Postconflicto. | F9: =VLOOKUP($D$9,'CONSOLIDADO PLAN DESARROLLO'!$EB$9:$EF$62,3,0) -> Cobertura mantenida | G9: =VLOOKUP($D$9,'CONSOLIDADO PLAN DESARROLLO'!$EB$9:$EF$62,4,0) -> 952 | H9: =VLOOKUP($D$9,'CONSOLIDADO PLAN DESARROLLO'!$EB$9:$EF$62,5,0) -> 952 | R9: =+R12+R21+R30+R39+R48+R57+R66+R75+R84+R93+R102+R111+R120+R129+R138+R147+R156+R165+R174+R183+R192 -> 0 | S9: =+S12+S21+S30+S39+S48+S57+S66+S75+S84+S93+S102+S111+S120+S129+S138+S147+S156+S165+S174+S183+S192 -> 0 | T9: =+T12+T21+T30+T39+T48+T57+T66+T75+T84+T93+T102+T111+T120+T129+T138+T147+T156+T165+T174+T183+T192 -> 0 | U9: =+U12+U21+U30+U39+U48+U57+U66+U75+U84+U93+U102+U111+U120+U129+U138+U147+U156+U165+U174+U183+U192 -> 0 | V9: =+V12+V21+V30+V39+V48+V57+V66+V75+V84+V93+V102+V111+V120+V129+V138+V147+V156+V165+V174+V183+V192 -> 0 | W9: =+W12+W21+W30+W39+W48+W57+W66+W75+W84+W93+W102+W111+W120+W129+W138+W147+W156+W165+W174+W183+W192 -> 0 | X9: =+X12+X21+X30+X39+X48+X57+X66+X75+X84+X93+X102+X111+X120+X129+X138+X147+X156+X165+X174+X183+X192 -> 0 | Y9: =+Y12+Y21+Y30+Y39+Y48+Y57+Y66+Y75+Y84+Y93+Y102+Y111+Y120+Y129+Y138+Y147+Y156+Y165+Y174+Y183+Y192 -> 0 | ... AZ9: =+AZ12+AZ21+AZ30+AZ39+AZ48+AZ57+AZ66+AZ75+AZ84+AZ93+AZ102+AZ111+AZ120+AZ129+AZ138+AZ147+AZ156+AZ165+AZ174+AZ183+AZ192 -> 0
B10: JORGE ANDRES PORRAS VARGAS - GERENTE EMPRESA DE SERVICIOS PUBLICOS | C10: 040104-MR1b | D10: =VLOOKUP($D$9,#REF!,2,0) -> #REF! | K10: =VLOOKUP($D$9,#REF!,3,0) -> #REF! | L10: =VLOOKUP($D$9,#REF!,4,0) -> #REF! | M10: =VLOOKUP($D$9,#REF!,5,0) -> #REF! | N10: =VLOOKUP($D$9,#REF!,Q3,0) -> #REF! | Q10: 5555
A12: 1 | B12: PROYECTO | C12: CODIGO REGISTRO PROYECTO | D12: CÓD. CONS. META PRODUCTO | E12: DESCRIPCIÓN META DE PRODUCTO | F12: INDICADOR | G12: LINEA BASE | H12: META CUATRIENIO | I12: Valor Esperado | J12: =+$N$3 -> 2019 | K12: META ACUMULADA 1er SEMESTRE | L12: META ACUMULADA 1-Ener_31-Dic. | M12: ACTIVIDADES | N12: UNIDAD DE MEDIDA | O12: CANTIDADES CUATRIENIO | P12: Ejecutado 1-Ener_30-Jun. | Q12: Ejecutado 1-Ener_31-Dic. | R12: =SUM(R13:R19) -> 0 | T12: =SUM(T13:T19) -> 0 | U12: =SUM(U13:U19) -> 0 | V12: =SUM(V13:V19) -> 0 | W12: =SUM(W13:W19) -> 0 | X12: =SUM(X13:X19) -> 0 | Y12: =SUM(Y13:Y19) -> 0 | Z12: =SUM(Z13:Z19) -> 10000000 | AA12: =SUM(AA13:AA19) -> 0 | ... AK12: =SUM(AK13:AK19) -> 0 | BA12: VERIFICACIÒN | BB12: COOPERANTE - RECURSOS GESTIONADOS | BC12: RESPONSABLE DIRECTO
B13: =VLOOKUP($D$9,'PROYECTOS REGISTRADOS'!$A$2:$D$82,4,0) -> Asistencia, atención y reparación integral a las víctimas del conflicto armado residentes en Tocancipá, Cundinamarca, Centro Oriente | C13: =VLOOKUP($D$9,'PROYECTOS REGISTRADOS'!$A$2:$D$82,3,0) -> 2016-25817-00016 | D13: E1.P_H.MR1-MP01-1 | E13: =IF(D13=0,"0-0",(VLOOKUP(D13,'CONSOLIDADO PLAN DESARROLLO'!$EL$9:$ET$304,2,0))) -> Formular el Plan de Acción Territorial para las Víctimas del Conflicto Armado -PAT- (Transversal con todas la Secretarías) | F13: =IF(D13=0,"0-0",(VLOOKUP(D13,'CONSOLIDADO PLAN DESARROLLO'!$EL$9:$ET$304,3,0))) -> Plan Formulado | G13: =IF(D13=0,"0-0",(VLOOKUP(D13,'CONSOLIDADO PLAN DESARROLLO'!$EL$9:$ET$304,4,0))) -> 0 | H13: =IF(D13=0,"0-0",(VLOOKUP(D13,'CONSOLIDADO PLAN DESARROLLO'!$EL$9:$ET$304,5,0))) -> 1 | I13: =IF(D13=0,"0-0",(VLOOKUP(D13,'CONSOLIDADO PLAN DESARROLLO'!$EL$9:$ET$304,$R$3,0))) -> 0.25 | M13: EJECUCION MEDIDAS DEL COMPONENTE ASISTENCIA | N13: Porcentaje | O13: 0.2 | R13: =VLOOKUP($D13,'[4]Tablero Logro Metas 2020'!$AK$7:$AS$302,3,0) -> 0 | T13: =VLOOKUP($D13,'[4]Tablero Logro Metas 2020'!$AK$7:$AS$302,4,0) -> 0 | V13: =VLOOKUP($D13,'[4]Tablero Logro Metas 2020'!$AK$7:$AS$302,5,0) -> 0 | X13: =VLOOKUP($D13,'[4]Tablero Logro Metas 2020'!$AK$7:$AS$302,6,0) -> 0 | Z13: =VLOOKUP($D13,'[4]Tablero Logro Metas 2020'!$AK$7:$AS$302,7,0) -> 10000000 | AB13: =VLOOKUP($D13,'[4]Tablero Logro Metas 2020'!$AK$7:$AS$302,8,0) -> 0 | AD13: =VLOOKUP($D13,'[4]Tablero Logro Metas 2020'!$AK$7:$AS$302,9,0) -> 0 | AJ13: =+R13+T13+V13+X13+Z13+AB13+AD13+AF13+AH13 -> 10000000 | AK13: =AC13+AE13+AG13+S13+U13+W13+Y13+AA13+AI13 -> 0 | AR13: =SUM(AL13:AQ13) -> 0 | AU13: =SUM(AS13:AT13) -> 0
M14: EJECUCIÓN MEDIDAS DEL COMPONENTE JUSTICIA *CONTRATACIÓN DE PERSONAL | N14: Porcentaje | O14: 0.2 | AK14: =AC14+AE14+AG14+S14+U14+W14+Y14+AA14+AI14 -> 0 | AR14: =SUM(AL14:AQ14) -> 0 | AU14: =SUM(AS14:AT14) -> 0
M15: EJECUCIÓN MEDIDAS DEL COMPONENTE TRANSVERSAL | N15: Porcentaje | O15: 0.2 | AK15: =AC15+AE15+AG15+S15+U15+W15+Y15+AA15+AI15 -> 0 | AR15: =SUM(AL15:AQ15) -> 0 | AU15: =SUM(AS15:AT15) -> 0
M16: EJECUCIÓN MEDIDAS DEL COMPONENTE DE REPARACIÓN INTEGRAL | N16: Porcentaje | O16: 0.2 | AK16: =AC16+AE16+AG16+S16+U16+W16+Y16+AA16+AI16 -> 0 | AR16: =SUM(AL16:AQ16) -> 0 | AU16: =SUM(AS16:AT16) -> 0
M17: EJECUCION MEDIDAS DEL COMPONENTE ASISTENCIA - CONTRATACIÓN DE PERSONAL ASISTENCIAL PSICOSOCIAL | N17: Porcentaje | O17: 0.2 | AK17: =AC17+AE17+AG17+S17+U17+W17+Y17+AA17+AI17 -> 0 | AR17: =SUM(AL17:AQ17) -> 0 | AU17: =SUM(AS17:AT17) -> 0
AK18: =AC18+AE18+AG18+S18+U18+W18+Y18+AA18+AI18 -> 0 | AR18: =SUM(AL18:AQ18) -> 0 | AU18: =SUM(AS18:AT18) -> 0
A21: 2 | B21: PROYECTO | C21: CODIGO REGISTRO PROYECTO | D21: CÓD. CONS. META PRODUCTO | E21: DESCRIPCIÓN META DE PRODUCTO | F21: INDICADOR | G21: LINEA BASE | H21: META CUATRIENIO | I21: Valor Esperado | J21: =+$N$3 -> 2019 | K21: META ACUMULADA 1er SEMESTRE | L21: META ACUMULADA 1-Ener_31-Dic. | M21: ACTIVIDADES | N21: UNIDAD DE MEDIDA | O21: CANTIDADES CUATRIENIO | P21: Ejecutado 1-Ener_30-Jun. | Q21: Ejecutado 1-Ener_31-Dic. | R21: =SUM(R22:R28) -> 0 | S21: =SUM(S22:S28) -> 0 | T21: =SUM(T22:T28) -> 0 | U21: =SUM(U22:U28) -> 0 | V21: =SUM(V22:V28) -> 0 | W21: =SUM(W22:W28) -> 0 | X21: =SUM(X22:X28) -> 0 | Y21: =SUM(Y22:Y28) -> 0 | ... AK21: =SUM(AK22:AK28) -> 0 | BA21: VERIFICACIÒN | BB21: COOPERANTE - RECURSOS GESTIONADOS | BC21: RESPONSABLE DIRECTO
B22: =VLOOKUP($D$9,'PROYECTOS REGISTRADOS'!$A$2:$D$82,4,0) -> Asistencia, atención y reparación integral a las víctimas del conflicto armado residentes en Tocancipá, Cundinamarca, Centro Oriente | C22: =VLOOKUP($D$9,'PROYECTOS REGISTRADOS'!$A$2:$D$82,3,0) -> 2016-25817-00016 | D22: E1.P_H.MR1-MP02-1 | E22: =IF(D22=0,"0-0",(VLOOKUP(D22,'CONSOLIDADO PLAN DESARROLLO'!$EL$9:$ET$304,2,0))) -> Realizar un Convenio para la entrega de ayudas humanitarias y auxilios fúnebres | F22: =IF(D22=0,"0-0",(VLOOKUP(D22,'CONSOLIDADO PLAN DESARROLLO'!$EL$9:$ET$304,3,0))) -> Convenio realizado | G22: =IF(D22=0,"0-0",(VLOOKUP(D22,'CONSOLIDADO PLAN DESARROLLO'!$EL$9:$ET$304,4,0))) -> 0 | H22: =IF(D22=0,"0-0",(VLOOKUP(D22,'CONSOLIDADO PLAN DESARROLLO'!$EL$9:$ET$304,5,0))) -> 1 | I22: =IF(D22=0,"0-0",(VLOOKUP(D22,'CONSOLIDADO PLAN DESARROLLO'!$EL$9:$ET$304,$R$3,0))) -> 0.25 | M22: ENTREGA DE AYUDAS HUMANITARIAS Y AUXILIOS FÚNEBRES | N22: Número | O22: 0.56 | R22: =VLOOKUP($D22,'[4]Tablero Logro Metas 2020'!$AK$7:$AS$302,3,0) -> 0 | T22: =VLOOKUP($D22,'[4]Tablero Logro Metas 2020'!$AK$7:$AS$302,4,0) -> 0 | V22: =VLOOKUP($D22,'[4]Tablero Logro Metas 2020'!$AK$7:$AS$302,5,0) -> 0 | X22: =VLOOKUP($D22,'[4]Tablero Logro Metas 2020'!$AK$7:$AS$302,6,0) -> 0 | Z22: =VLOOKUP($D22,'[4]Tablero Logro Metas 2020'!$AK$7:$AS$302,7,0) -> 6000000 | AB22: =VLOOKUP($D22,'[4]Tablero Logro Metas 2020'!$AK$7:$AS$302,8,0) -> 0 | AD22: =VLOOKUP($D22,'[4]Tablero Logro Metas 2020'!$AK$7:$AS$302,9,0) -> 0 | AJ22: =+R22+T22+V22+X22+Z22+AB22+AD22+AF22+AH22 -> 6000000 | AK22: =AC22+AE22+AG22+S22+U22+W22+Y22+AA22+AI22 -> 0 | AR22: =SUM(AL22:AQ22) -> 0 | AU22: =SUM(AS22:AT22) -> 0
M23: ENTREGA DE AUXILIOS FUNEBRES | N23: Número | O23: 0.44 | AK23: =AC23+AE23+AG23+S23+U23+W23+Y23+AA23+AI23 -> 0 | AR23: =SUM(AL23:AQ23) -> 0 | AU23: =SUM(AS23:AT23) -> 0
AK24: =AC24+AE24+AG24+S24+U24+W24+Y24+AA24+AI24 -> 0 | AR24: =SUM(AL24:AQ24) -> 0 | AU24: =SUM(AS24:AT24) -> 0
AK25: =AC25+AE25+AG25+S25+U25+W25+Y25+AA25+AI25 -> 0 | AR25: =SUM(AL25:AQ25) -> 0 | AU25: =SUM(AS25:AT25) -> 0
AK26: =AC26+AE26+AG26+S26+U26+W26+Y26+AA26+AI26 -> 0 | AR26: =SUM(AL26:AQ26) -> 0 | AU26: =SUM(AS26:AT26) -> 0
AK27: =AC27+AE27+AG27+S27+U27+W27+Y27+AA27+AI27 -> 0 | AR27: =SUM(AL27:AQ27) -> 0 | AU27: =SUM(AS27:AT27) -> 0
A30: 3 | B30: PROYECTO | C30: CODIGO REGISTRO PROYECTO | D30: CÓD. CONS. META PRODUCTO | E30: DESCRIPCIÓN META DE PRODUCTO | F30: INDICADOR | G30: LINEA BASE | H30: META CUATRIENIO | I30: Valor Esperado | J30: =+$N$3 -> 2019 | K30: META ACUMULADA 1er SEMESTRE | L30: META ACUMULADA 1-Ener_31-Dic. | M30: ACTIVIDADES | N30: UNIDAD DE MEDIDA | O30: CANTIDADES CUATRIENIO | P30: Ejecutado 1-Ener_30-Jun. | Q30: Ejecutado 1-Ener_31-Dic. | R30: =SUM(R31:R37) -> 0 | S30: =SUM(S31:S37) -> 0 | T30: =SUM(T31:T37) -> 0 | U30: =SUM(U31:U37) -> 0 | V30: =SUM(V31:V37) -> 0 | W30: =SUM(W31:W37) -> 0 | X30: =SUM(X31:X37) -> 0 | Y30: =SUM(Y31:Y37) -> 0 | ... AK30: =SUM(AK31:AK37) -> 0 | BA30: VERIFICACIÒN | BB30: COOPERANTE - RECURSOS GESTIONADOS | BC30: RESPONSABLE DIRECTO
B31: =VLOOKUP($D$9,'PROYECTOS REGISTRADOS'!$A$2:$D$82,4,0) -> Asistencia, atención y reparación integral a las víctimas del conflicto armado residentes en Tocancipá, Cundinamarca, Centro Oriente | C31: =VLOOKUP($D$9,'PROYECTOS REGISTRADOS'!$A$2:$D$82,3,0) -> 2016-25817-00016 | D31: E1.P_H.MR1-MP03-1 | E31: =IF(D31=0,"0-0",(VLOOKUP(D31,'CONSOLIDADO PLAN DESARROLLO'!$EL$9:$ET$304,2,0))) -> Subsidiar los procesos de retorno y reubicaciones avalados por la Unidad de Atención y Reparación a las Victimas -UARIV- | F31: =IF(D31=0,"0-0",(VLOOKUP(D31,'CONSOLIDADO PLAN DESARROLLO'!$EL$9:$ET$304,3,0))) -> Víctimas Subsidiadas | G31: =IF(D31=0,"0-0",(VLOOKUP(D31,'CONSOLIDADO PLAN DESARROLLO'!$EL$9:$ET$304,4,0))) -> 0 | H31: =IF(D31=0,"0-0",(VLOOKUP(D31,'CONSOLIDADO PLAN DESARROLLO'!$EL$9:$ET$304,5,0))) -> 100 | I31: =IF(D31=0,"0-0",(VLOOKUP(D31,'CONSOLIDADO PLAN DESARROLLO'!$EL$9:$ET$304,$R$3,0))) -> 25 | M31: APOYO A SOLICITUDES DE RETORNOS Y/ O REUBICACIONES AVALADAS POR LA UARIV | N31: Porcentaje | O31: 1 | R31: =VLOOKUP($D31,'[4]Tablero Logro Metas 2020'!$AK$7:$AS$302,3,0) -> 0 | T31: =VLOOKUP($D31,'[4]Tablero Logro Metas 2020'!$AK$7:$AS$302,4,0) -> 0 | V31: =VLOOKUP($D31,'[4]Tablero Logro Metas 2020'!$AK$7:$AS$302,5,0) -> 0 | X31: =VLOOKUP($D31,'[4]Tablero Logro Metas 2020'!$AK$7:$AS$302,6,0) -> 0 | Z31: =VLOOKUP($D31,'[4]Tablero Logro Metas 2020'!$AK$7:$AS$302,7,0) -> 5000000 | AB31: =VLOOKUP($D31,'[4]Tablero Logro Metas 2020'!$AK$7:$AS$302,8,0) -> 0 | AD31: =VLOOKUP($D31,'[4]Tablero Logro Metas 2020'!$AK$7:$AS$302,9,0) -> 0 | AJ31: =+R31+T31+V31+X31+Z31+AB31+AD31+AF31+AH31 -> 5000000 | AK31: =AC31+AE31+AG31+S31+U31+W31+Y31+AA31+AI31 -> 0 | AR31: =SUM(AL31:AQ31) -> 0 | AU31: =SUM(AS31:AT31) -> 0
AK32: =AC32+AE32+AG32+S32+U32+W32+Y32+AA32+AI32 -> 0 | AR32: =SUM(AL32:AQ32) -> 0 | AU32: =SUM(AS32:AT32) -> 0
AK33: =AC33+AE33+AG33+S33+U33+W33+Y33+AA33+AI33 -> 0 | AR33: =SUM(AL33:AQ33) -> 0 | AU33: =SUM(AS33:AT33) -> 0
AK34: =AC34+AE34+AG34+S34+U34+W34+Y34+AA34+AI34 -> 0 | AR34: =SUM(AL34:AQ34) -> 0 | AU34: =SUM(AS34:AT34) -> 0
AK35: =AC35+AE35+AG35+S35+U35+W35+Y35+AA35+AI35 -> 0 | AR35: =SUM(AL35:AQ35) -> 0 | AU35: =SUM(AS35:AT35) -> 0
AK36: =AC36+AE36+AG36+S36+U36+W36+Y36+AA36+AI36 -> 0 | AR36: =SUM(AL36:AQ36) -> 0 | AU36: =SUM(AS36:AT36) -> 0
A39: 4 | B39: PROYECTO | C39: CODIGO REGISTRO PROYECTO | D39: CÓD. CONS. META PRODUCTO | E39: DESCRIPCIÓN META DE PRODUCTO | F39: INDICADOR | G39: LINEA BASE | H39: META CUATRIENIO | I39: Valor Esperado | J39: =+$N$3 -> 2019 | K39: META ACUMULADA 1er SEMESTRE | L39: META ACUMULADA 1-Ener_31-Dic. | M39: ACTIVIDADES | N39: UNIDAD DE MEDIDA | O39: CANTIDADES CUATRIENIO | P39: Ejecutado 1-Ener_30-Jun. | Q39: Ejecutado 1-Ener_31-Dic. | R39: =SUM(R40:R46) -> 0 | S39: =SUM(S40:S46) -> 0 | T39: =SUM(T40:T46) -> 0 | U39: =SUM(U40:U46) -> 0 | V39: =SUM(V40:V46) -> 0 | W39: =SUM(W40:W46) -> 0 | X39: =SUM(X40:X46) -> 0 | Y39: =SUM(Y40:Y46) -> 0 | ... AK39: =SUM(AK40:AK46) -> 0 | BA39: VERIFICACIÒN | BB39: COOPERANTE - RECURSOS GESTIONADOS | BC39: RESPONSABLE DIRECTO
B40: =VLOOKUP($D$9,'PROYECTOS REGISTRADOS'!$A$2:$D$82,4,0) -> Asistencia, atención y reparación integral a las víctimas del conflicto armado residentes en Tocancipá, Cundinamarca, Centro Oriente | C40: =VLOOKUP($D$9,'PROYECTOS REGISTRADOS'!$A$2:$D$82,3,0) -> 2016-25817-00016 | D40: E1.P_H.MR1-MP04-1 | E40: =IF(D40=0,"0-0",(VLOOKUP(D40,'CONSOLIDADO PLAN DESARROLLO'!$EL$9:$ET$304,2,0))) -> Mantener el Plan de Trabajo de la Mesa Municipal de Victimas. | F40: =IF(D40=0,"0-0",(VLOOKUP(D40,'CONSOLIDADO PLAN DESARROLLO'!$EL$9:$ET$304,3,0))) -> Plan Mantenido | G40: =IF(D40=0,"0-0",(VLOOKUP(D40,'CONSOLIDADO PLAN DESARROLLO'!$EL$9:$ET$304,4,0))) -> 1 | H40: =IF(D40=0,"0-0",(VLOOKUP(D40,'CONSOLIDADO PLAN DESARROLLO'!$EL$9:$ET$304,5,0))) -> 1 | I40: =IF(D40=0,"0-0",(VLOOKUP(D40,'CONSOLIDADO PLAN DESARROLLO'!$EL$9:$ET$304,$R$3,0))) -> 1 | M40: APOYO AL FUNCIONAMIENTO DE LA MESA MUNICIPAL DE VÍCTIMAS | N40: Porcentaje | O40: 1 | R40: =VLOOKUP($D40,'[4]Tablero Logro Metas 2020'!$AK$7:$AS$302,3,0) -> 0 | T40: =VLOOKUP($D40,'[4]Tablero Logro Metas 2020'!$AK$7:$AS$302,4,0) -> 0 | V40: =VLOOKUP($D40,'[4]Tablero Logro Metas 2020'!$AK$7:$AS$302,5,0) -> 0 | X40: =VLOOKUP($D40,'[4]Tablero Logro Metas 2020'!$AK$7:$AS$302,6,0) -> 0 | Z40: =VLOOKUP($D40,'[4]Tablero Logro Metas 2020'!$AK$7:$AS$302,7,0) -> 239100000 | AB40: =VLOOKUP($D40,'[4]Tablero Logro Metas 2020'!$AK$7:$AS$302,8,0) -> 0 | AD40: =VLOOKUP($D40,'[4]Tablero Logro Metas 2020'!$AK$7:$AS$302,9,0) -> 0 | AJ40: =+R40+T40+V40+X40+Z40+AB40+AD40+AF40+AH40 -> 239100000 | AK40: =AC40+AE40+AG40+S40+U40+W40+Y40+AA40+AI40 -> 0 | AR40: =SUM(AL40:AQ40) -> 0 | AU40: =SUM(AS40:AT40) -> 0
AK41: =AC41+AE41+AG41+S41+U41+W41+Y41+AA41+AI41 -> 0 | AR41: =SUM(AL41:AQ41) -> 0 | AU41: =SUM(AS41:AT41) -> 0
AK42: =AC42+AE42+AG42+S42+U42+W42+Y42+AA42+AI42 -> 0 | AR42: =SUM(AL42:AQ42) -> 0 | AU42: =SUM(AS42:AT42) -> 0
AK43: =AC43+AE43+AG43+S43+U43+W43+Y43+AA43+AI43 -> 0 | AR43: =SUM(AL43:AQ43) -> 0 | AU43: =SUM(AS43:AT43) -> 0
AK44: =AC44+AE44+AG44+S44+U44+W44+Y44+AA44+AI44 -> 0 | AR44: =SUM(AL44:AQ44) -> 0 | AU44: =SUM(AS44:AT44) -> 0
AK45: =AC45+AE45+AG45+S45+U45+W45+Y45+AA45+AI45 -> 0 | AR45: =SUM(AL45:AQ45) -> 0 | AU45: =SUM(AS45:AT45) -> 0
A48: 5 | B48: PROYECTO | C48: CODIGO REGISTRO PROYECTO | D48: CÓD. CONS. META PRODUCTO | E48: DESCRIPCIÓN META DE PRODUCTO | F48: INDICADOR | G48: LINEA BASE | H48: META CUATRIENIO | I48: Valor Esperado | J48: =+$N$3 -> 2019 | K48: META ACUMULADA 1er SEMESTRE | L48: META ACUMULADA 1-Ener_31-Dic. | M48: ACTIVIDADES | N48: UNIDAD DE MEDIDA | O48: CANTIDADES CUATRIENIO | P48: Ejecutado 1-Ener_30-Jun. | Q48: Ejecutado 1-Ener_31-Dic. | R48: =SUM(R49:R55) -> 0 | S48: =SUM(S49:S55) -> 0 | T48: =SUM(T49:T55) -> 0 | U48: =SUM(U49:U55) -> 0 | V48: =SUM(V49:V55) -> 0 | W48: =SUM(W49:W55) -> 0 | X48: =SUM(X49:X55) -> 0 | Y48: =SUM(Y49:Y55) -> 0 | ... AK48: =SUM(AK49:AK55) -> 0 | BA48: VERIFICACIÒN | BB48: COOPERANTE - RECURSOS GESTIONADOS | BC48: RESPONSABLE DIRECTO
B49: =VLOOKUP($D$9,'PROYECTOS REGISTRADOS'!$A$2:$D$82,4,0) -> Asistencia, atención y reparación integral a las víctimas del conflicto armado residentes en Tocancipá, Cundinamarca, Centro Oriente | C49: =VLOOKUP($D$9,'PROYECTOS REGISTRADOS'!$A$2:$D$82,3,0) -> 2016-25817-00016 | D49: E1.P_H.MR1-MP05-1 | E49: =IF(D49=0,"0-0",(VLOOKUP(D49,'CONSOLIDADO PLAN DESARROLLO'!$EL$9:$ET$304,2,0))) -> Mantener la realización de actos y/o eventos simbólicos para la reparación simbólica a las victimas | F49: =IF(D49=0,"0-0",(VLOOKUP(D49,'CONSOLIDADO PLAN DESARROLLO'!$EL$9:$ET$304,3,0))) -> Actos y/o eventos realizados | G49: =IF(D49=0,"0-0",(VLOOKUP(D49,'CONSOLIDADO PLAN DESARROLLO'!$EL$9:$ET$304,4,0))) -> 3 | H49: =IF(D49=0,"0-0",(VLOOKUP(D49,'CONSOLIDADO PLAN DESARROLLO'!$EL$9:$ET$304,5,0))) -> 3 | I49: =IF(D49=0,"0-0",(VLOOKUP(D49,'CONSOLIDADO PLAN DESARROLLO'!$EL$9:$ET$304,$R$3,0))) -> 3 | M49: REALIZACIÓN DE EVENTOS DE REPARACIÓN SIMBÓLICA | N49: Número | O49: 3 | R49: =VLOOKUP($D49,'[4]Tablero Logro Metas 2020'!$AK$7:$AS$302,3,0) -> 0 | T49: =VLOOKUP($D49,'[4]Tablero Logro Metas 2020'!$AK$7:$AS$302,4,0) -> 0 | V49: =VLOOKUP($D49,'[4]Tablero Logro Metas 2020'!$AK$7:$AS$302,5,0) -> 0 | X49: =VLOOKUP($D49,'[4]Tablero Logro Metas 2020'!$AK$7:$AS$302,6,0) -> 0 | Z49: =VLOOKUP($D49,'[4]Tablero Logro Metas 2020'!$AK$7:$AS$302,7,0) -> 10000000 | AB49: =VLOOKUP($D49,'[4]Tablero Logro Metas 2020'!$AK$7:$AS$302,8,0) -> 0 | AD49: =VLOOKUP($D49,'[4]Tablero Logro Metas 2020'!$AK$7:$AS$302,9,0) -> 0 | AJ49: =+R49+T49+V49+X49+Z49+AB49+AD49+AF49+AH49 -> 10000000 | AK49: =AC49+AE49+AG49+S49+U49+W49+Y49+AA49+AI49 -> 0 | AR49: =SUM(AL49:AQ49) -> 0 | AU49: =SUM(AS49:AT49) -> 0
AK50: =AC50+AE50+AG50+S50+U50+W50+Y50+AA50+AI50 -> 0 | AR50: =SUM(AL50:AQ50) -> 0 | AU50: =SUM(AS50:AT50) -> 0
AK51: =AC51+AE51+AG51+S51+U51+W51+Y51+AA51+AI51 -> 0 | AR51: =SUM(AL51:AQ51) -> 0 | AU51: =SUM(AS51:AT51) -> 0
AK52: =AC52+AE52+AG52+S52+U52+W52+Y52+AA52+AI52 -> 0 | AR52: =SUM(AL52:AQ52) -> 0 | AU52: =SUM(AS52:AT52) -> 0
AK53: =AC53+AE53+AG53+S53+U53+W53+Y53+AA53+AI53 -> 0 | AR53: =SUM(AL53:AQ53) -> 0 | AU53: =SUM(AS53:AT53) -> 0
AK54: =AC54+AE54+AG54+S54+U54+W54+Y54+AA54+AI54 -> 0 | AR54: =SUM(AL54:AQ54) -> 0 | AU54: =SUM(AS54:AT54) -> 0
A57: 6 | B57: PROYECTO | C57: CODIGO REGISTRO PROYECTO | D57: CÓD. CONS. META PRODUCTO | E57: DESCRIPCIÓN META DE PRODUCTO | F57: INDICADOR | G57: LINEA BASE | H57: META CUATRIENIO | I57: Valor Esperado | J57: =+$N$3 -> 2019 | K57: META ACUMULADA 1er SEMESTRE | L57: META ACUMULADA 1-Ener_31-Dic. | M57: ACTIVIDADES | N57: UNIDAD DE MEDIDA | O57: CANTIDADES CUATRIENIO | P57: Ejecutado 1-Ener_30-Jun. | Q57: Ejecutado 1-Ener_31-Dic. | R57: =SUM(R58:R64) -> 0 | S57: =SUM(S58:S64) -> 0 | T57: =SUM(T58:T64) -> 0 | U57: =SUM(U58:U64) -> 0 | V57: =SUM(V58:V64) -> 0 | W57: =SUM(W58:W64) -> 0 | X57: =SUM(X58:X64) -> 0 | Y57: =SUM(Y58:Y64) -> 0 | ... AK57: =SUM(AK58:AK64) -> 0 | BA57: VERIFICACIÒN | BB57: COOPERANTE - RECURSOS GESTIONADOS | BC57: RESPONSABLE DIRECTO
B58: =VLOOKUP($D$9,'PROYECTOS REGISTRADOS'!$A$2:$D$82,4,0) -> Asistencia, atención y reparación integral a las víctimas del conflicto armado residentes en Tocancipá, Cundinamarca, Centro Oriente | C58: =VLOOKUP($D$9,'PROYECTOS REGISTRADOS'!$A$2:$D$82,3,0) -> 2016-25817-00016 | D58: E1.P_H.MR1-MP06-1 | E58: =IF(D58=0,"0-0",(VLOOKUP(D58,'CONSOLIDADO PLAN DESARROLLO'!$EL$9:$ET$304,2,0))) -> Atender oportunamente las órdenes Judiciales emitidas por los Jueces y Magistrados especializados de Restitución de Tierras y Territorios | F58: =IF(D58=0,"0-0",(VLOOKUP(D58,'CONSOLIDADO PLAN DESARROLLO'!$EL$9:$ET$304,3,0))) -> Ordenes atendidas | G58: =IF(D58=0,"0-0",(VLOOKUP(D58,'CONSOLIDADO PLAN DESARROLLO'!$EL$9:$ET$304,4,0))) -> 0 | H58: =IF(D58=0,"0-0",(VLOOKUP(D58,'CONSOLIDADO PLAN DESARROLLO'!$EL$9:$ET$304,5,0))) -> 100 | I58: =IF(D58=0,"0-0",(VLOOKUP(D58,'CONSOLIDADO PLAN DESARROLLO'!$EL$9:$ET$304,$R$3,0))) -> 25 | M58: ACATAMIENTO DE ORDENES JUDICIALES EN LA RESTITUCION DE TIERRAS | N58: Porcentaje | O58: 1 | R58: =VLOOKUP($D58,'[4]Tablero Logro Metas 2020'!$AK$7:$AS$302,3,0) -> 0 | T58: =VLOOKUP($D58,'[4]Tablero Logro Metas 2020'!$AK$7:$AS$302,4,0) -> 0 | V58: =VLOOKUP($D58,'[4]Tablero Logro Metas 2020'!$AK$7:$AS$302,5,0) -> 0 | X58: =VLOOKUP($D58,'[4]Tablero Logro Metas 2020'!$AK$7:$AS$302,6,0) -> 0 | Z58: =VLOOKUP($D58,'[4]Tablero Logro Metas 2020'!$AK$7:$AS$302,7,0) -> 40000000 | AB58: =VLOOKUP($D58,'[4]Tablero Logro Metas 2020'!$AK$7:$AS$302,8,0) -> 0 | AD58: =VLOOKUP($D58,'[4]Tablero Logro Metas 2020'!$AK$7:$AS$302,9,0) -> 0 | AJ58: =+R58+T58+V58+X58+Z58+AB58+AD58+AF58+AH58 -> 40000000 | AK58: =AC58+AE58+AG58+S58+U58+W58+Y58+AA58+AI58 -> 0 | AR58: =SUM(AL58:AQ58) -> 0 | AU58: =SUM(AS58:AT58) -> 0
AK59: =AC59+AE59+AG59+S59+U59+W59+Y59+AA59+AI59 -> 0 | AR59: =SUM(AL59:AQ59) -> 0 | AU59: =SUM(AS59:AT59) -> 0
AK60: =AC60+AE60+AG60+S60+U60+W60+Y60+AA60+AI60 -> 0 | AR60: =SUM(AL60:AQ60) -> 0 | AU60: =SUM(AS60:AT60) -> 0
AK61: =AC61+AE61+AG61+S61+U61+W61+Y61+AA61+AI61 -> 0 | AR61: =SUM(AL61:AQ61) -> 0 | AU61: =SUM(AS61:AT61) -> 0
AK62: =AC62+AE62+AG62+S62+U62+W62+Y62+AA62+AI62 -> 0 | AR62: =SUM(AL62:AQ62) -> 0 | AU62: =SUM(AS62:AT62) -> 0
AK63: =AC63+AE63+AG63+S63+U63+W63+Y63+AA63+AI63 -> 0 | AR63: =SUM(AL63:AQ63) -> 0 | AU63: =SUM(AS63:AT63) -> 0
A66: 7 | B66: PROYECTO | C66: CODIGO REGISTRO PROYECTO | D66: CÓD. CONS. META PRODUCTO | E66: DESCRIPCIÓN META DE PRODUCTO | F66: INDICADOR | G66: LINEA BASE | H66: META CUATRIENIO | I66: Valor Esperado | J66: =+$N$3 -> 2019 | K66: META ACUMULADA 1er SEMESTRE | L66: META ACUMULADA 1-Ener_31-Dic. | M66: ACTIVIDADES | N66: UNIDAD DE MEDIDA | O66: CANTIDADES CUATRIENIO | P66: Ejecutado 1-Ener_30-Jun. | Q66: Ejecutado 1-Ener_31-Dic. | R66: =SUM(R67:R73) -> 0 | S66: =SUM(S67:S73) -> 0 | T66: =SUM(T67:T73) -> 0 | U66: =SUM(U67:U73) -> 0 | V66: =SUM(V67:V73) -> 0 | W66: =SUM(W67:W73) -> 0 | X66: =SUM(X67:X73) -> 0 | Y66: =SUM(Y67:Y73) -> 0 | ... AK66: =SUM(AK67:AK73) -> 0 | BA66: VERIFICACIÒN | BB66: COOPERANTE - RECURSOS GESTIONADOS | BC66: RESPONSABLE DIRECTO
B67: =VLOOKUP($D$9,'PROYECTOS REGISTRADOS'!$A$2:$D$82,4,0) -> Asistencia, atención y reparación integral a las víctimas del conflicto armado residentes en Tocancipá, Cundinamarca, Centro Oriente | C67: =VLOOKUP($D$9,'PROYECTOS REGISTRADOS'!$A$2:$D$82,3,0) -> 2016-25817-00016 | D67: E1.P_H.MR1-MP07-1 | E67: =IF(D67=0,"0-0",(VLOOKUP(D67,'CONSOLIDADO PLAN DESARROLLO'!$EL$9:$ET$304,2,0))) -> Implementar un programa para la Atención de la población del postconflicto y Reinsertados. | F67: =IF(D67=0,"0-0",(VLOOKUP(D67,'CONSOLIDADO PLAN DESARROLLO'!$EL$9:$ET$304,3,0))) -> Programa implementado | G67: =IF(D67=0,"0-0",(VLOOKUP(D67,'CONSOLIDADO PLAN DESARROLLO'!$EL$9:$ET$304,4,0))) -> 0 | H67: =IF(D67=0,"0-0",(VLOOKUP(D67,'CONSOLIDADO PLAN DESARROLLO'!$EL$9:$ET$304,5,0))) -> 1 | I67: =IF(D67=0,"0-0",(VLOOKUP(D67,'CONSOLIDADO PLAN DESARROLLO'!$EL$9:$ET$304,$R$3,0))) -> 0.25 | M67: OPERATIVIDAD DEL PROGRAMA DE ATENCIÓN A POBLACIÓN DE POSTCONFLICTO Y REINSERTADOS | N67: Porcentaje | O67: 1 | R67: =VLOOKUP($D67,'[4]Tablero Logro Metas 2020'!$AK$7:$AS$302,3,0) -> 0 | T67: =VLOOKUP($D67,'[4]Tablero Logro Metas 2020'!$AK$7:$AS$302,4,0) -> 0 | V67: =VLOOKUP($D67,'[4]Tablero Logro Metas 2020'!$AK$7:$AS$302,5,0) -> 0 | X67: =VLOOKUP($D67,'[4]Tablero Logro Metas 2020'!$AK$7:$AS$302,6,0) -> 0 | Z67: =VLOOKUP($D67,'[4]Tablero Logro Metas 2020'!$AK$7:$AS$302,7,0) -> 0 | AB67: =VLOOKUP($D67,'[4]Tablero Logro Metas 2020'!$AK$7:$AS$302,8,0) -> 0 | AD67: =VLOOKUP($D67,'[4]Tablero Logro Metas 2020'!$AK$7:$AS$302,9,0) -> 0 | AJ67: =+R67+T67+V67+X67+Z67+AB67+AD67+AF67+AH67 -> 0 | AK67: =AC67+AE67+AG67+S67+U67+W67+Y67+AA67+AI67 -> 0 | AR67: =SUM(AL67:AQ67) -> 0 | AU67: =SUM(AS67:AT67) -> 0
AK68: =AC68+AE68+AG68+S68+U68+W68+Y68+AA68+AI68 -> 0 | AR68: =SUM(AL68:AQ68) -> 0 | AU68: =SUM(AS68:AT68) -> 0
AK69: =AC69+AE69+AG69+S69+U69+W69+Y69+AA69+AI69 -> 0 | AR69: =SUM(AL69:AQ69) -> 0 | AU69: =SUM(AS69:AT69) -> 0
AK70: =AC70+AE70+AG70+S70+U70+W70+Y70+AA70+AI70 -> 0 | AR70: =SUM(AL70:AQ70) -> 0 | AU70: =SUM(AS70:AT70) -> 0
AK71: =AC71+AE71+AG71+S71+U71+W71+Y71+AA71+AI71 -> 0 | AR71: =SUM(AL71:AQ71) -> 0 | AU71: =SUM(AS71:AT71) -> 0
AK72: =AC72+AE72+AG72+S72+U72+W72+Y72+AA72+AI72 -> 0 | AR72: =SUM(AL72:AQ72) -> 0 | AU72: =SUM(AS72:AT72) -> 0
A75: 8 | B75: PROYECTO | C75: CODIGO REGISTRO PROYECTO | D75: CÓD. CONS. META PRODUCTO | E75: DESCRIPCIÓN META DE PRODUCTO | F75: INDICADOR | G75: LINEA BASE | H75: META CUATRIENIO | I75: Valor Esperado | J75: =+$N$3 -> 2019 | K75: META ACUMULADA 1er SEMESTRE | L75: META ACUMULADA 2o SEMESTRE | M75: ACTIVIDADES | N75: UNIDAD DE MEDIDA | O75: CANTIDADES CUATRIENIO | P75: Ejecutado 1º Semestre | Q75: Ejecutado 2º Semestre | R75: =SUM(R76:R82) -> 0 | S75: =SUM(S76:S82) -> 0 | T75: =SUM(T76:T82) -> 0 | U75: =SUM(U76:U82) -> 0 | V75: =SUM(V76:V82) -> 0 | W75: =SUM(W76:W82) -> 0 | X75: =SUM(X76:X82) -> 0 | Y75: =SUM(Y76:Y82) -> 0 | ... AG75: =SUM(AG76:AG82) -> 0 | AJ75: =SUM(AJ76:AJ82) -> 0 | AK75: =SUM(AK76:AK82) -> 0 | AL75: =SUM(AL76:AL82) -> 0 | AM75: =SUM(AM76:AM82) -> 0 | AN75: =SUM(AN76:AN82) -> 0 | AO75: =SUM(AO76:AO82) -> 0 | AP75: =SUM(AP76:AP82) -> 0 | AQ75: =SUM(AQ76:AQ82) -> 0 | ... AZ75: =SUM(AZ76:AZ82) -> 0 | BA75: VERIFICACIÒN | BB75: COOPERANTE | BC75: RESPONSABLE DIRECTO
B76: =VLOOKUP($D$9,'PROYECTOS REGISTRADOS'!$A$2:$D$82,4,0) -> Asistencia, atención y reparación integral a las víctimas del conflicto armado residentes en Tocancipá, Cundinamarca, Centro Oriente | C76: =VLOOKUP($D$9,'PROYECTOS REGISTRADOS'!$A$2:$D$82,3,0) -> 2016-25817-00016 | E76: =IF(D76=0,"0-0",(VLOOKUP(D76,'CONSOLIDADO PLAN DESARROLLO'!$EL$9:$ET$304,2,0))) -> 0-0 | F76: =IF(D76=0,"0-0",(VLOOKUP(D76,'CONSOLIDADO PLAN DESARROLLO'!$EL$9:$ET$304,3,0))) -> 0-0 | G76: =IF(D76=0,"0-0",(VLOOKUP(D76,'CONSOLIDADO PLAN DESARROLLO'!$EL$9:$ET$304,4,0))) -> 0-0 | H76: =IF(D76=0,"0-0",(VLOOKUP(D76,'CONSOLIDADO PLAN DESARROLLO'!$EL$9:$ET$304,5,0))) -> 0-0 | I76: =IF(D76=0,"0-0",(VLOOKUP(D76,'CONSOLIDADO PLAN DESARROLLO'!$EL$9:$ET$304,$R$3,0))) -> 0-0 | AJ76: =+R76+T76+V76+X76+Z76+AB76+AD76+AF76 -> 0 | AK76: =AC76+AE76+AG76+S76+U76+W76+Y76+AA76 -> 0 | AR76: =SUM(AL76:AQ76) -> 0 | AU76: =SUM(AS76:AT76) -> 0
AK77: =AC77+AE77+AG77+S77+U77+W77+Y77+AA77 -> 0 | AR77: =SUM(AL77:AQ77) -> 0 | AU77: =SUM(AS77:AT77) -> 0
AK78: =AC78+AE78+AG78+S78+U78+W78+Y78+AA78 -> 0 | AR78: =SUM(AL78:AQ78) -> 0 | AU78: =SUM(AS78:AT78) -> 0
AK79: =AC79+AE79+AG79+S79+U79+W79+Y79+AA79 -> 0 | AR79: =SUM(AL79:AQ79) -> 0 | AU79: =SUM(AS79:AT79) -> 0
AK80: =AC80+AE80+AG80+S80+U80+W80+Y80+AA80 -> 0 | AR80: =SUM(AL80:AQ80) -> 0 | AU80: =SUM(AS80:AT80) -> 0
AK81: =AC81+AE81+AG81+S81+U81+W81+Y81+AA81 -> 0 | AR81: =SUM(AL81:AQ81) -> 0 | AU81: =SUM(AS81:AT81) -> 0
A84: 9 | B84: PROYECTO | C84: CODIGO REGISTRO PROYECTO | D84: CÓD. CONS. META PRODUCTO | E84: DESCRIPCIÓN META DE PRODUCTO | F84: INDICADOR | G84: LINEA BASE | H84: META CUATRIENIO | I84: Valor Esperado | J84: =+$N$3 -> 2019 | K84: META ACUMULADA 1er SEMESTRE | L84: META ACUMULADA 2o SEMESTRE | M84: ACTIVIDADES | N84: UNIDAD DE MEDIDA | O84: CANTIDADES CUATRIENIO | P84: Ejecutado 1º Semestre | Q84: Ejecutado 2º Semestre | R84: =SUM(R85:R91) -> 0 | S84: =SUM(S85:S91) -> 0 | T84: =SUM(T85:T91) -> 0 | U84: =SUM(U85:U91) -> 0 | V84: =SUM(V85:V91) -> 0 | W84: =SUM(W85:W91) -> 0 | X84: =SUM(X85:X91) -> 0 | Y84: =SUM(Y85:Y91) -> 0 | ... AG84: =SUM(AG85:AG91) -> 0 | AJ84: =SUM(AJ85:AJ91) -> 0 | AK84: =SUM(AK85:AK91) -> 0 | AL84: =SUM(AL85:AL91) -> 0 | AM84: =SUM(AM85:AM91) -> 0 | AN84: =SUM(AN85:AN91) -> 0 | AO84: =SUM(AO85:AO91) -> 0 | AP84: =SUM(AP85:AP91) -> 0 | AQ84: =SUM(AQ85:AQ91) -> 0 | ... AZ84: =SUM(AZ85:AZ91) -> 0 | BA84: VERIFICACIÒN | BB84: COOPERANTE | BC84: RESPONSABLE DIRECTO
B85: =VLOOKUP($D$9,'PROYECTOS REGISTRADOS'!$A$2:$D$82,4,0) -> Asistencia, atención y reparación integral a las víctimas del conflicto armado residentes en Tocancipá, Cundinamarca, Centro Oriente | C85: =VLOOKUP($D$9,'PROYECTOS REGISTRADOS'!$A$2:$D$82,3,0) -> 2016-25817-00016 | E85: =IF(D85=0,"0-0",(VLOOKUP(D85,'CONSOLIDADO PLAN DESARROLLO'!$EL$9:$ET$304,2,0))) -> 0-0 | F85: =IF(D85=0,"0-0",(VLOOKUP(D85,'CONSOLIDADO PLAN DESARROLLO'!$EL$9:$ET$304,3,0))) -> 0-0 | G85: =IF(D85=0,"0-0",(VLOOKUP(D85,'CONSOLIDADO PLAN DESARROLLO'!$EL$9:$ET$304,4,0))) -> 0-0 | H85: =IF(D85=0,"0-0",(VLOOKUP(D85,'CONSOLIDADO PLAN DESARROLLO'!$EL$9:$ET$304,5,0))) -> 0-0 | I85: =IF(D85=0,"0-0",(VLOOKUP(D85,'CONSOLIDADO PLAN DESARROLLO'!$EL$9:$ET$304,$R$3,0))) -> 0-0 | AJ85: =+R85+T85+V85+X85+Z85+AB85+AD85+AF85 -> 0 | AK85: =AC85+AE85+AG85+S85+U85+W85+Y85+AA85 -> 0 | AR85: =SUM(AL85:AQ85) -> 0 | AU85: =SUM(AS85:AT85) -> 0
AK86: =AC86+AE86+AG86+S86+U86+W86+Y86+AA86 -> 0 | AR86: =SUM(AL86:AQ86) -> 0 | AU86: =SUM(AS86:AT86) -> 0
AK87: =AC87+AE87+AG87+S87+U87+W87+Y87+AA87 -> 0 | AR87: =SUM(AL87:AQ87) -> 0 | AU87: =SUM(AS87:AT87) -> 0
AK88: =AC88+AE88+AG88+S88+U88+W88+Y88+AA88 -> 0 | AR88: =SUM(AL88:AQ88) -> 0 | AU88: =SUM(AS88:AT88) -> 0
AK89: =AC89+AE89+AG89+S89+U89+W89+Y89+AA89 -> 0 | AR89: =SUM(AL89:AQ89) -> 0 | AU89: =SUM(AS89:AT89) -> 0
AK90: =AC90+AE90+AG90+S90+U90+W90+Y90+AA90 -> 0 | AR90: =SUM(AL90:AQ90) -> 0 | AU90: =SUM(AS90:AT90) -> 0
A93: 10 | B93: PROYECTO | C93: CODIGO REGISTRO PROYECTO | D93: CÓD. CONS. META PRODUCTO | E93: DESCRIPCIÓN META DE PRODUCTO | F93: INDICADOR | G93: LINEA BASE | H93: META CUATRIENIO | I93: Valor Esperado | J93: =+$N$3 -> 2019 | K93: META ACUMULADA 1er SEMESTRE | L93: META ACUMULADA 2o SEMESTRE | M93: ACTIVIDADES | N93: UNIDAD DE MEDIDA | O93: CANTIDADES CUATRIENIO | P93: Ejecutado 1º Semestre | Q93: Ejecutado 2º Semestre | R93: =SUM(R94:R100) -> 0 | S93: =SUM(S94:S100) -> 0 | T93: =SUM(T94:T100) -> 0 | U93: =SUM(U94:U100) -> 0 | V93: =SUM(V94:V100) -> 0 | W93: =SUM(W94:W100) -> 0 | X93: =SUM(X94:X100) -> 0 | Y93: =SUM(Y94:Y100) -> 0 | ... AG93: =SUM(AG94:AG100) -> 0 | AJ93: =SUM(AJ94:AJ100) -> 0 | AK93: =SUM(AK94:AK100) -> 0 | AL93: =SUM(AL94:AL100) -> 0 | AM93: =SUM(AM94:AM100) -> 0 | AN93: =SUM(AN94:AN100) -> 0 | AO93: =SUM(AO94:AO100) -> 0 | AP93: =SUM(AP94:AP100) -> 0 | AQ93: =SUM(AQ94:AQ100) -> 0 | ... AZ93: =SUM(AZ94:AZ100) -> 0 | BA93: VERIFICACIÒN | BB93: COOPERANTE | BC93: RESPONSABLE DIRECTO
B94: =VLOOKUP($D$9,'PROYECTOS REGISTRADOS'!$A$2:$D$82,4,0) -> Asistencia, atención y reparación integral a las víctimas del conflicto armado residentes en Tocancipá, Cundinamarca, Centro Oriente | C94: =VLOOKUP($D$9,'PROYECTOS REGISTRADOS'!$A$2:$D$82,3,0) -> 2016-25817-00016 | E94: =IF(D94=0,"0-0",(VLOOKUP(D94,'CONSOLIDADO PLAN DESARROLLO'!$EL$9:$ET$304,2,0))) -> 0-0 | F94: =IF(D94=0,"0-0",(VLOOKUP(D94,'CONSOLIDADO PLAN DESARROLLO'!$EL$9:$ET$304,3,0))) -> 0-0 | G94: =IF(D94=0,"0-0",(VLOOKUP(D94,'CONSOLIDADO PLAN DESARROLLO'!$EL$9:$ET$304,4,0))) -> 0-0 | H94: =IF(D94=0,"0-0",(VLOOKUP(D94,'CONSOLIDADO PLAN DESARROLLO'!$EL$9:$ET$304,5,0))) -> 0-0 | I94: =IF(D94=0,"0-0",(VLOOKUP(D94,'CONSOLIDADO PLAN DESARROLLO'!$EL$9:$ET$304,$R$3,0))) -> 0-0 | AJ94: =+R94+T94+V94+X94+Z94+AB94+AD94+AF94 -> 0 | AK94: =AC94+AE94+AG94+S94+U94+W94+Y94+AA94 -> 0 | AR94: =SUM(AL94:AQ94) -> 0 | AU94: =SUM(AS94:AT94) -> 0
AK95: =AC95+AE95+AG95+S95+U95+W95+Y95+AA95 -> 0 | AR95: =SUM(AL95:AQ95) -> 0 | AU95: =SUM(AS95:AT95) -> 0
AK96: =AC96+AE96+AG96+S96+U96+W96+Y96+AA96 -> 0 | AR96: =SUM(AL96:AQ96) -> 0 | AU96: =SUM(AS96:AT96) -> 0
AK97: =AC97+AE97+AG97+S97+U97+W97+Y97+AA97 -> 0 | AR97: =SUM(AL97:AQ97) -> 0 | AU97: =SUM(AS97:AT97) -> 0
AK98: =AC98+AE98+AG98+S98+U98+W98+Y98+AA98 -> 0 | AR98: =SUM(AL98:AQ98) -> 0 | AU98: =SUM(AS98:AT98) -> 0
AK99: =AC99+AE99+AG99+S99+U99+W99+Y99+AA99 -> 0 | AR99: =SUM(AL99:AQ99) -> 0 | AU99: =SUM(AS99:AT99) -> 0
A102: 11 | B102: PROYECTO | C102: CODIGO REGISTRO PROYECTO | D102: CÓD. CONS. META PRODUCTO | E102: DESCRIPCIÓN META DE PRODUCTO | F102: INDICADOR | G102: LINEA BASE | H102: META CUATRIENIO | I102: Valor Esperado | J102: =+$N$3 -> 2019 | K102: META ACUMULADA 1er SEMESTRE | L102: META ACUMULADA 2o SEMESTRE | M102: ACTIVIDADES | N102: UNIDAD DE MEDIDA | O102: CANTIDADES CUATRIENIO | P102: Ejecutado 1º Semestre | Q102: Ejecutado 2º Semestre | R102: =SUM(R103:R109) -> 0 | S102: =SUM(S103:S109) -> 0 | T102: =SUM(T103:T109) -> 0 | U102: =SUM(U103:U109) -> 0 | V102: =SUM(V103:V109) -> 0 | W102: =SUM(W103:W109) -> 0 | X102: =SUM(X103:X109) -> 0 | Y102: =SUM(Y103:Y109) -> 0 | ... AG102: =SUM(AG103:AG109) -> 0 | AJ102: =SUM(AJ103:AJ109) -> 0 | AK102: =SUM(AK103:AK109) -> 0 | AL102: =SUM(AL103:AL109) -> 0 | AM102: =SUM(AM103:AM109) -> 0 | AN102: =SUM(AN103:AN109) -> 0 | AO102: =SUM(AO103:AO109) -> 0 | AP102: =SUM(AP103:AP109) -> 0 | AQ102: =SUM(AQ103:AQ109) -> 0 | ... AZ102: =SUM(AZ103:AZ109) -> 0 | BA102: VERIFICACIÒN | BB102: COOPERANTE | BC102: RESPONSABLE DIRECTO
B103: =VLOOKUP($D$9,'PROYECTOS REGISTRADOS'!$A$2:$D$82,4,0) -> Asistencia, atención y reparación integral a las víctimas del conflicto armado residentes en Tocancipá, Cundinamarca, Centro Oriente | C103: =VLOOKUP($D$9,'PROYECTOS REGISTRADOS'!$A$2:$D$82,3,0) -> 2016-25817-00016 | E103: =IF(D103=0,"0-0",(VLOOKUP(D103,'CONSOLIDADO PLAN DESARROLLO'!$EL$9:$ET$304,2,0))) -> 0-0 | F103: =IF(D103=0,"0-0",(VLOOKUP(D103,'CONSOLIDADO PLAN DESARROLLO'!$EL$9:$ET$304,3,0))) -> 0-0 | G103: =IF(D103=0,"0-0",(VLOOKUP(D103,'CONSOLIDADO PLAN DESARROLLO'!$EL$9:$ET$304,4,0))) -> 0-0 | H103: =IF(D103=0,"0-0",(VLOOKUP(D103,'CONSOLIDADO PLAN DESARROLLO'!$EL$9:$ET$304,5,0))) -> 0-0 | I103: =IF(D103=0,"0-0",(VLOOKUP(D103,'CONSOLIDADO PLAN DESARROLLO'!$EL$9:$ET$304,$R$3,0))) -> 0-0 | AJ103: =+R103+T103+V103+X103+Z103+AB103+AD103+AF103 -> 0 | AK103: =AC103+AE103+AG103+S103+U103+W103+Y103+AA103 -> 0 | AR103: =SUM(AL103:AQ103) -> 0 | AU103: =SUM(AS103:AT103) -> 0
AK104: =AC104+AE104+AG104+S104+U104+W104+Y104+AA104 -> 0 | AR104: =SUM(AL104:AQ104) -> 0 | AU104: =SUM(AS104:AT104) -> 0
AK105: =AC105+AE105+AG105+S105+U105+W105+Y105+AA105 -> 0 | AR105: =SUM(AL105:AQ105) -> 0 | AU105: =SUM(AS105:AT105) -> 0
AK106: =AC106+AE106+AG106+S106+U106+W106+Y106+AA106 -> 0 | AR106: =SUM(AL106:AQ106) -> 0 | AU106: =SUM(AS106:AT106) -> 0
AK107: =AC107+AE107+AG107+S107+U107+W107+Y107+AA107 -> 0 | AR107: =SUM(AL107:AQ107) -> 0 | AU107: =SUM(AS107:AT107) -> 0
AK108: =AC108+AE108+AG108+S108+U108+W108+Y108+AA108 -> 0 | AR108: =SUM(AL108:AQ108) -> 0 | AU108: =SUM(AS108:AT108) -> 0
A111: 12 | B111: PROYECTO | C111: CODIGO REGISTRO PROYECTO | D111: CÓD. CONS. META PRODUCTO | E111: DESCRIPCIÓN META DE PRODUCTO | F111: INDICADOR | G111: LINEA BASE | H111: META CUATRIENIO | I111: Valor Esperado | J111: =+$N$3 -> 2019 | K111: META ACUMULADA 1er SEMESTRE | L111: META ACUMULADA 2o SEMESTRE | M111: ACTIVIDADES | N111: UNIDAD DE MEDIDA | O111: CANTIDADES CUATRIENIO | P111: Ejecutado 1º Semestre | Q111: Ejecutado 2º Semestre | R111: =SUM(R112:R118) -> 0 | S111: =SUM(S112:S118) -> 0 | T111: =SUM(T112:T118) -> 0 | U111: =SUM(U112:U118) -> 0 | V111: =SUM(V112:V118) -> 0 | W111: =SUM(W112:W118) -> 0 | X111: =SUM(X112:X118) -> 0 | Y111: =SUM(Y112:Y118) -> 0 | ... AG111: =SUM(AG112:AG118) -> 0 | AJ111: =SUM(AJ112:AJ118) -> 0 | AK111: =SUM(AK112:AK118) -> 0 | AL111: =SUM(AL112:AL118) -> 0 | AM111: =SUM(AM112:AM118) -> 0 | AN111: =SUM(AN112:AN118) -> 0 | AO111: =SUM(AO112:AO118) -> 0 | AP111: =SUM(AP112:AP118) -> 0 | AQ111: =SUM(AQ112:AQ118) -> 0 | ... AZ111: =SUM(AZ112:AZ118) -> 0 | BA111: VERIFICACIÒN | BB111: COOPERANTE | BC111: RESPONSABLE DIRECTO
B112: =VLOOKUP($D$9,'PROYECTOS REGISTRADOS'!$A$2:$D$82,4,0) -> Asistencia, atención y reparación integral a las víctimas del conflicto armado residentes en Tocancipá, Cundinamarca, Centro Oriente | C112: =VLOOKUP($D$9,'PROYECTOS REGISTRADOS'!$A$2:$D$82,3,0) -> 2016-25817-00016 | E112: =IF(D112=0,"0-0",(VLOOKUP(D112,'CONSOLIDADO PLAN DESARROLLO'!$EL$9:$ET$304,2,0))) -> 0-0 | F112: =IF(D112=0,"0-0",(VLOOKUP(D112,'CONSOLIDADO PLAN DESARROLLO'!$EL$9:$ET$304,3,0))) -> 0-0 | G112: =IF(D112=0,"0-0",(VLOOKUP(D112,'CONSOLIDADO PLAN DESARROLLO'!$EL$9:$ET$304,4,0))) -> 0-0 | H112: =IF(D112=0,"0-0",(VLOOKUP(D112,'CONSOLIDADO PLAN DESARROLLO'!$EL$9:$ET$304,5,0))) -> 0-0 | I112: =IF(D112=0,"0-0",(VLOOKUP(D112,'CONSOLIDADO PLAN DESARROLLO'!$EL$9:$ET$304,$R$3,0))) -> 0-0 | AJ112: =+R112+T112+V112+X112+Z112+AB112+AD112+AF112 -> 0 | AK112: =AC112+AE112+AG112+S112+U112+W112+Y112+AA112 -> 0 | AR112: =SUM(AL112:AQ112) -> 0 | AU112: =SUM(AS112:AT112) -> 0
AK113: =AC113+AE113+AG113+S113+U113+W113+Y113+AA113 -> 0 | AR113: =SUM(AL113:AQ113) -> 0 | AU113: =SUM(AS113:AT113) -> 0
AK114: =AC114+AE114+AG114+S114+U114+W114+Y114+AA114 -> 0 | AR114: =SUM(AL114:AQ114) -> 0 | AU114: =SUM(AS114:AT114) -> 0
AK115: =AC115+AE115+AG115+S115+U115+W115+Y115+AA115 -> 0 | AR115: =SUM(AL115:AQ115) -> 0 | AU115: =SUM(AS115:AT115) -> 0
AK116: =AC116+AE116+AG116+S116+U116+W116+Y116+AA116 -> 0 | AR116: =SUM(AL116:AQ116) -> 0 | AU116: =SUM(AS116:AT116) -> 0
AK117: =AC117+AE117+AG117+S117+U117+W117+Y117+AA117 -> 0 | AR117: =SUM(AL117:AQ117) -> 0 | AU117: =SUM(AS117:AT117) -> 0
A120: 13 | B120: PROYECTO | C120: CODIGO REGISTRO PROYECTO | D120: CÓD. CONS. META PRODUCTO | E120: DESCRIPCIÓN META DE PRODUCTO | F120: INDICADOR | G120: LINEA BASE | H120: META CUATRIENIO | I120: Valor Esperado | J120: =+$N$3 -> 2019 | K120: META ACUMULADA 1er SEMESTRE | L120: META ACUMULADA 2o SEMESTRE | M120: ACTIVIDADES | N120: UNIDAD DE MEDIDA | O120: CANTIDADES CUATRIENIO | P120: Ejecutado 1º Semestre | Q120: Ejecutado 2º Semestre | R120: =SUM(R121:R127) -> 0 | S120: =SUM(S121:S127) -> 0 | T120: =SUM(T121:T127) -> 0 | U120: =SUM(U121:U127) -> 0 | V120: =SUM(V121:V127) -> 0 | W120: =SUM(W121:W127) -> 0 | X120: =SUM(X121:X127) -> 0 | Y120: =SUM(Y121:Y127) -> 0 | ... AG120: =SUM(AG121:AG127) -> 0 | AJ120: =SUM(AJ121:AJ127) -> 0 | AK120: =SUM(AK121:AK127) -> 0 | AL120: =SUM(AL121:AL127) -> 0 | AM120: =SUM(AM121:AM127) -> 0 | AN120: =SUM(AN121:AN127) -> 0 | AO120: =SUM(AO121:AO127) -> 0 | AP120: =SUM(AP121:AP127) -> 0 | AQ120: =SUM(AQ121:AQ127) -> 0 | ... AZ120: =SUM(AZ121:AZ127) -> 0 | BA120: VERIFICACIÒN | BB120: COOPERANTE | BC120: RESPONSABLE DIRECTO
B121: =VLOOKUP($D$9,'PROYECTOS REGISTRADOS'!$A$2:$D$82,4,0) -> Asistencia, atención y reparación integral a las víctimas del conflicto armado residentes en Tocancipá, Cundinamarca, Centro Oriente | C121: =VLOOKUP($D$9,'PROYECTOS REGISTRADOS'!$A$2:$D$82,3,0) -> 2016-25817-00016 | E121: =IF(D121=0,"0-0",(VLOOKUP(D121,'CONSOLIDADO PLAN DESARROLLO'!$EL$9:$ET$304,2,0))) -> 0-0 | F121: =IF(D121=0,"0-0",(VLOOKUP(D121,'CONSOLIDADO PLAN DESARROLLO'!$EL$9:$ET$304,3,0))) -> 0-0 | G121: =IF(D121=0,"0-0",(VLOOKUP(D121,'CONSOLIDADO PLAN DESARROLLO'!$EL$9:$ET$304,4,0))) -> 0-0 | H121: =IF(D121=0,"0-0",(VLOOKUP(D121,'CONSOLIDADO PLAN DESARROLLO'!$EL$9:$ET$304,5,0))) -> 0-0 | I121: =IF(D121=0,"0-0",(VLOOKUP(D121,'CONSOLIDADO PLAN DESARROLLO'!$EL$9:$ET$304,$R$3,0))) -> 0-0 | AJ121: =+R121+T121+V121+X121+Z121+AB121+AD121+AF121 -> 0 | AK121: =AC121+AE121+AG121+S121+U121+W121+Y121+AA121 -> 0 | AR121: =SUM(AL121:AQ121) -> 0 | AU121: =SUM(AS121:AT121) -> 0
AK122: =AC122+AE122+AG122+S122+U122+W122+Y122+AA122 -> 0 | AR122: =SUM(AL122:AQ122) -> 0 | AU122: =SUM(AS122:AT122) -> 0
AK123: =AC123+AE123+AG123+S123+U123+W123+Y123+AA123 -> 0 | AR123: =SUM(AL123:AQ123) -> 0 | AU123: =SUM(AS123:AT123) -> 0
AK124: =AC124+AE124+AG124+S124+U124+W124+Y124+AA124 -> 0 | AR124: =SUM(AL124:AQ124) -> 0 | AU124: =SUM(AS124:AT124) -> 0
AK125: =AC125+AE125+AG125+S125+U125+W125+Y125+AA125 -> 0 | AR125: =SUM(AL125:AQ125) -> 0 | AU125: =SUM(AS125:AT125) -> 0
AK126: =AC126+AE126+AG126+S126+U126+W126+Y126+AA126 -> 0 | AR126: =SUM(AL126:AQ126) -> 0 | AU126: =SUM(AS126:AT126) -> 0
A129: 14 | B129: PROYECTO | C129: CODIGO REGISTRO PROYECTO | D129: CÓD. CONS. META PRODUCTO | E129: DESCRIPCIÓN META DE PRODUCTO | F129: INDICADOR | G129: LINEA BASE | H129: META CUATRIENIO | I129: Valor Esperado | J129: =+$N$3 -> 2019 | K129: META ACUMULADA 1er SEMESTRE | L129: META ACUMULADA 2o SEMESTRE | M129: ACTIVIDADES | N129: UNIDAD DE MEDIDA | O129: CANTIDADES CUATRIENIO | P129: Ejecutado 1º Semestre | Q129: Ejecutado 2º Semestre | R129: =SUM(R130:R136) -> 0 | S129: =SUM(S130:S136) -> 0 | T129: =SUM(T130:T136) -> 0 | U129: =SUM(U130:U136) -> 0 | V129: =SUM(V130:V136) -> 0 | W129: =SUM(W130:W136) -> 0 | X129: =SUM(X130:X136) -> 0 | Y129: =SUM(Y130:Y136) -> 0 | ... AG129: =SUM(AG130:AG136) -> 0 | AJ129: =SUM(AJ130:AJ136) -> 0 | AK129: =SUM(AK130:AK136) -> 0 | AL129: =SUM(AL130:AL136) -> 0 | AM129: =SUM(AM130:AM136) -> 0 | AN129: =SUM(AN130:AN136) -> 0 | AO129: =SUM(AO130:AO136) -> 0 | AP129: =SUM(AP130:AP136) -> 0 | AQ129: =SUM(AQ130:AQ136) -> 0 | ... AZ129: =SUM(AZ130:AZ136) -> 0 | BA129: VERIFICACIÒN | BB129: COOPERANTE | BC129: RESPONSABLE DIRECTO
...

Sheet CONSOLIDADO PLAN DESARROLLO
B1: FORMATO BASICO PLAN DE ACCION POR DEPENDENCIA (Segundo semestre 2016)
A2: MUNICIPIO DE TOCANCIPÁ
A3: PLAN DE DESARROLLO MUNICIPAL "TOCANCIPÁ ALTA COMPETITIVIDAD CON DESARROLLO Y PROYECCIÓN"
A4: OBJETIVO GENERAL: El Plan de Desarrollo tiene como objetivo principal brindar a la Administración Municipal las herramientas para generar el desarrollo social, económico y la preservación ambiental que el municipio necesita.
A5: VISIÓN: Para el año 2026, Tocancipá será reconocido a nivel Nacional como un Municipio líder en garantía de derechos y servicios, con seguridad, altos niveles de avane e innovación para el desarrollo social, productivo y proyección de su economía en el crecimiento integral y eficiente de su comunidad, con capital humano capacitado y altamente competitivo, desde una perspectiva de inclusión y una política de responsabilidad social y ambiental a través de infraestruturas sostenibles.
A6: COD. EJE | B6: EJES | C6: OBJETIVO EJE | D6: Sectores Guía DNP | E6: COD. PROG. | F6: COD. CONS. PROG. | G6: PROGRAMAS DE INVERSIÓN | H6: OBJETIVOS PROGRÁMATICOS | I6: PROYECTOS (CÓD. SSEPI Y NOMBRE EBI) | J6: CÓD. MR | K6: CÓD. CONS. META RESULTADO | L6: DESCRIPCIÓN DE LAS METAS DE RESULTADO | M6: NOMBRE DEL INDICADOR DE RESULTADO | N6: Línea base | O6: Meta de Resultado Cuatrenio 2019 | P6: CÓD. MP | Q6: CÓD. CONS. META PRODUCTO | R6: Metas de Producto | S6: Indicador | T6: Lïnea base | U6: Meta de Producto Cuatrenio | V6: Orientación de la Meta de Producto | W6: Valor Esperado 2016 | X6: Valor Esperado 2017 | Y6: Valor Esperado 2018 | Z6: Valor Esperado 2019 | AA6: CUATRENIO | BC6: TOTAL 2016-2019 | BD6: Secretaria Responsable | BX6: 1 | BY6: 2 | BZ6: 3 | CA6: 4 | CB6: 5 | CC6: 6 | CD6: 7 | CE6: 8 | CF6: 9 | CG6: 10 | CH6: 11 | CI6: 12 | CJ6: 13 | CK6: 14 | CL6: 15 | CM6: 16 | CN6: 17 | CO6: 18 | CP6: 19 | CQ6: 20 | CR6: 21 | CS6: 22 | CT6: 23 | CU6: 24 | CV6: 25 | CW6: 26 | CX6: 27 | CY6: 28 | CZ6: 29 | DA6: 30 | DB6: 31
AA7: 2016 | AH7: 2017 | AO7: 2018 | AV7: 2019 | BF7: 1 | BG7: 2 | BI7: 1 | BJ7: 2 | BK7: 3 | BL7: 4 | BN7: 1 | BO7: 2 | BP7: 3 | BQ7: 4 | BS7: 1 | BT7: 2 | BU7: 3 | BV7: 4 | BZ7: 2016 | CG7: 2017 | CN7: 2018 | CU7: 2019 | DB7: TOTAL | DC7: 1 | DD7: 2 | DE7: 3 | DF7: 4 | DH7: 1 | DI7: 2 | DJ7: 3 | DK7: 4 | DL7: 5 | DN7: 1 | DO7: 2 | DQ7: 1 | DR7: 2 | DT7: 1 | DU7: 2 | DV7: 3 | DW7: 4 | DX7: 5 | DY7: 6 | DZ7: 7 | EB7: 1 | EC7: 2 | ED7: 3 | EE7: 4 | EF7: 5 | EG7: 6 | EH7: 7 | EI7: 8 | EJ7: 9 | EL7: 1 | EM7: 2 | EN7: 3 | EO7: 4 | EP7: 5 | EQ7: 6 | ER7: 7 | ES7: 8 | ET7: 9
AA8: RP | AB8: SGP | AC8: Cofinanciación | AD8: SGR | AE8: Crédito | AF8: Otros | AG8: Total 2016 | AH8: RP | AI8: SGP | AJ8: Cofinanciación | AK8: SGR | AL8: Crédito | AM8: Otros | AN8: Total 2017 | AO8: RP | AP8: SGP | AQ8: Cofinanciación | AR8: SGR | AS8: Crédito | AT8: Otros | AU8: Total 2018 | AV8: RP | AW8: SGP | AX8: Cofinanciación | AY8: SGR | AZ8: Crédito | BA8: Otros | BB8: Total 2019 | BF8: COD. EJE | BG8: EJES | BI8: COD. EJE | BJ8: EJES | BK8: COD. CONS. PROG. | BL8: PROGRAMAS DE INVERSIÓN | BN8: COD. CONS. PROG. | BO8: PROGRAMAS DE INVERSIÓN | BP8: CÓD. CONS. META RESULTADO | BQ8: DESCRIPCIÓN DE LAS METAS DE RESULTADO | BS8: CÓD. CONS. META RESULTADO | BT8: DESCRIPCIÓN DE LAS METAS DE RESULTADO | BU8: COD. CONCAT | BV8: Metas de Producto | BX8: COD. CONS. PROG. | BY8: PROGRAMAS DE INVERSIÓN | BZ8: RP | CA8: SGP | CB8: Cofinanciación | CC8: SGR | CD8: Crédito | CE8: Otros | CF8: Total 2016 | CG8: RP | CH8: SGP | CI8: Cofinanciación | CJ8: SGR | CK8: Crédito | CL8: Otros | CM8: Total 2017 | CN8: RP | CO8: SGP | CP8: Cofinanciación | CQ8: SGR | CR8: Crédito | CS8: Otros | CT8: Total 2018 | CU8: RP | CV8: SGP | CW8: Cofinanciación | CX8: SGR | CY8: Crédito | CZ8: Otros | DA8: Total 2019 | DC8: META DE RESULTADO: | DD8: EJES: | DE8: NOMBRE DEL PROGRAMA: | DF8: OBJETIVO DEL PROGRAMA: | DH8: META DE PRODUCTO: | DI8: EJES: | DJ8: NOMBRE DEL PROGRAMA: | DK8: OBJETIVO DEL PROGRAMA: | DL8: METAS DE RESULTADO: | DN8: CÓD. CONS. META RESULTADO | DO8: DESCRIPCIÓN DE LAS METAS DE RESULTADO | DQ8: COD. CONCAT | DR8: Metas de Producto | DT8: CÓD. CONS. META RESULTADO | DU8: META DE RESULTADO: | DV8: EJES: | DW8: OBJETIVO EJE: | DX8: SECTOR | DY8: NOMBRE DEL PROGRAMA: | DZ8: OBJETIVO DEL PROGRAMA: | EB8: CÓD. CONS. META RESULTADO | EC8: DESCRIPCIÓN DE LAS METAS DE RESULTADO | ED8: NOMBRE DEL INDICADOR DE RESULTADO | EE8: Línea base | EF8: Meta de Resultado Cuatrenio 2019 | EG8: Valor Esperado 2016 | EH8: Valor Esperado 2017 | EI8: Valor Esperado 2018 | EJ8: Valor Esperado 2019 | EL8: CÓD. CONS. META PRODUCTO | EM8: Metas de Producto | EN8: Indicador | EO8: Lïnea base | EP8: Meta de Producto Cuatrenio | EQ8: Valor Esperado INICIAL 2016 | ER8: Valor esperado VIGENTE 2017 | ES8: Valor esperado VIGENTE 2018 | ET8: Valor esperado VIGENTE 2019
A9: E1. | B9: SOCIAL: Desarrollo Social con alta competitividad y proyección | C9: Mejorar las condiciones de calidad de vida de toda la población del territorio y especialmente en los sectores más vulnerables, garantizando el acceso a sus derechos sociales, individuales y colectrivos en Educación, Salud, Cultura, Recreación y Deporte | D9: Educación | E9: P_A | F9: =+CONCATENATE(A9,E9) -> E1.P_A | G9: TOCANCIPA BIEN EDUCADA | H9: Garantizar calidad, cobertura, eficiencia y pertinencia en la oferta Educativa Municipal | I9: 2016-25817-0047 Mantenimiento de la cobertura en educación, para mejorar el resultado de pruebas SABER, Tocancipá, Cundinamarca, Centro Oriente | J9: MR1 | K9: =+CONCATENATE(F9,".",J9) -> E1.P_A.MR1 | L9: Mejorar los indicadores de resultado de las pruebas SABER en las Instituciones Educativas del Municipio | M9: Índice de resultado pruebas SABER | N9: 0 | O9: 0.1 | P9: MP01-1 | Q9: =+CONCATENATE(K9,"-",P9) -> E1.P_A.MR1-MP01-1 | R9: Constituir el mecanismo de gestión y financiación contemplados en el PDM para la creación de un complejo Universitario en el Municipio cofinanciado con el departamento, la nación y universidades públicas y privadas nacionales y/o internacionales | S9: Porcentaje de construcción del Complejo Universitario Municipal | T9: 0 | U9: 0.3 | V9: Incremento | W9: 0 | X9: 0.1 | Y9: 0.1 | Z9: 0.1 | AA9: =300000001+1900000000+5000000+100000000+1870000000+60000000+50000000+22000000+300000000+200000000+130000000+430000000+1328477+100000000-1684614000-28800153 -> 3754914325 | AB9: =399001658+30000+588865084+107188933 -> 1095085675 | AC9: 200000000 | AG9: =SUM(AA9:AF9) -> 5050000000 | AH9: =+AA9 -> 3754914325 | AI9: =+AB9 -> 1095085675 | AJ9: =+AC9 -> 200000000 | AK9: =+AD9 -> 0 | AL9: =+AE9 -> 0 | AM9: =+AF9 -> 0 | AN9: =+AG9 -> 5050000000 | AO9: =+AH9 -> 3754914325 | ... AT9: =+AM9 -> 0 | AU9: =SUM(AO9:AT9) -> 5050000000 | AV9: =+AO9 -> 3754914325 | AW9: =+AP9 -> 1095085675 | AX9: =+AQ9 -> 200000000 | AY9: =+AR9 -> 0 | AZ9: =+AS9 -> 0 | BA9: =+AT9 -> 0 | BB9: =SUM(AV9:BA9) -> 5050000000 | BC9: =+BB9+AU9+AN9+AG9 -> 20200000000 | BD9: Secretaria de Educación | BF9: E1. | BG9: SOCIAL: Desarrollo Social con alta competitividad y proyección | BI9: E1. | BJ9: SOCIAL: Desarrollo Social con alta competitividad y proyección | BK9: E1.P_A | BL9: TOCANCIPA BIEN EDUCADA | BN9: E1.P_A | BO9: TOCANCIPA BIEN EDUCADA | BP9: E1.P_A.MR1 | BQ9: Mejorar los indicadores de resultado de las pruebas SABER en las Instituciones Educativas del Municipio | BS9: 0-0 | BT9: 0-0 | BU9: 0-0 | BV9: 0-0 | BX9: E1.P_A | BY9: TOCANCIPA BIEN EDUCADA | BZ9: 3754914325 | CA9: 1095085675 | CB9: 200000000 | CF9: 5050000000 | CG9: 3754914325 | CH9: 1095085675 | CI9: 200000000 | CJ9: 0 | CK9: 0 | CL9: 0 | CM9: 5050000000 | CN9: 3754914325 | CO9: 1095085675 | CP9: 200000000 | CQ9: 0 | CR9: 0 | CS9: 0 | CT9: 5050000000 | CU9: 3754914325 | CV9: 1095085675 | CW9: 200000000 | CX9: 0 | CY9: 0 | CZ9: 0 | DA9: 5050000000 | DB9: 20200000000 | DC9: 0-0 | DD9: 0-0 | DE9: 0-0 | DF9: 0-0 | DH9: 0-0 | DI9: 0-0 | DJ9: 0-0 | DK9: 0-0 | DL9: 0-0 | DN9: 0-0 | DO9: 0-0 | DQ9: 0-0 | DR9: 0-0 | DT9: 0-0 | DU9: 0-0 | DV9: 0-0 | DW9: 0-0 | DX9: 0-0 | DY9: 0-0 | DZ9: 0-0 | EB9: 0-0 | EC9: 0-0 | ED9: 0-0 | EE9: 0-0 | EF9: 0-0 | EL9: E1.P_A.MR1-MP01-1 | EM9: Constituir el mecanismo de gestión y financiación contemplados en el PDM para la creación de un complejo Universitario en el Municipio cofinanciado con el departamento, la nación y universidades públicas y privadas nacionales y/o internacionales | EN9: Porcentaje de construcción del Complejo Universitario Municipal (%) | EO9: 0 | EP9: 30 | EQ9: 0 | ER9: 0 | ES9: 0 | ET9: 30
A10: E1. | B10: SOCIAL: Desarrollo Social con alta competitividad y proyección | C10: Mejorar las condiciones de calidad de vida de toda la población del territorio y especialmente en los sectores más vulnerables, garantizando el acceso a sus derechos sociales, individuales y colectrivos en Educación, Salud, Cultura, Recreación y Deporte | E10: P_A | F10: =+CONCATENATE(A10,E10) -> E1.P_A | G10: TOCANCIPA BIEN EDUCADA | H10: Garantizar calidad, cobertura, eficiencia y pertinencia en la oferta Educativa Municipal | J10: MR1 | K10: =+CONCATENATE(F10,".",J10) -> E1.P_A.MR1 | L10: Mejorar los indicadores de resultado de las pruebas SABER en las Instituciones Educativas del Municipio | M10: Índice de resultado pruebas SABER | N10: 0 | O10: 0.1 | P10: MP01-2 | Q10: =+CONCATENATE(K10,"-",P10) -> E1.P_A.MR1-MP01-2 | R10: Constituir el mecanismo de gestión y financiación contemplados en el PDM para la creación de un complejo Universitario en el Municipio cofinanciado con el departamento, la nación y universidades públicas y privadas nacionales y/o internacionales | S10: No. De mecanismos de gestión y financiación suscritos para la operación del Complejo Universitario Municipal | T10: 0 | U10: 1 | V10: Incremento | W10: 0 | X10: 30 | Y10: 40 | Z10: 30 | BD10: Secretaria de Educación | BF10: E2. | BG10: ECONÓMICO: Desarrollo Económico con alta competitividad y proyección | BK10: E1.P_B | BL10: SALUD CON ATENCIÓN DIGNA, PRIORITARIA Y DE CALIDAD | BN10: E1.P_A | BO10: TOCANCIPA BIEN EDUCADA | BP10: E1.P_A.MR2 | BQ10: Disminuir el número de estudiantes por equipo de cómputo | BS10: E1.P_A.MR1 | BT10: Mejorar los indicadores de resultado de las pruebas SABER en las Instituciones Educativas del Municipio | BU10: E1.P_A.MR1-MP01-1 | BV10: Constituir el mecanismo de gestión y financiación contemplados en el PDM para la creación de un complejo Universitario en el Municipio cofinanciado con el departamento, la nación y universidades públicas y privadas nacionales y/o internacionales | BX10: E1.P_B | BY10: SALUD CON ATENCIÓN DIGNA, PRIORITARIA Y DE CALIDAD | BZ10: 3533339430 | CA10: 1053933440 | CB10: 500000000 | CE10: 2679256984 | CF10: 7766529854 | CG10: 3.6570063e+09 | CH10: 1.0908211e+09 | CI10: 4.3e+08 | CJ10: 0 | CK10: 0 | CL10: 2.773031e+09 | CM10: 7.9508584e+09 | CN10: 1.2850015e+09 | CO10: 1.1289998e+09 | CP10: 3.5755e+08 | CQ10: 0 | CR10: 0 | CS10: 2.8700871e+09 | CT10: 5.6416384e+09 | CU10: 1.3299766e+09 | CV10: 1.1685148e+09 | CW10: 3.7006425e+08 | CX10: 0 | CY10: 0 | CZ10: 2.9705401e+09 | DA10: 5.8390958e+09 | DB10: 2.7198122e+10 | DC10: E1.P_A.MR1 - Mejorar los indicadores de resultado de las pruebas SABER en las Instituciones Educativas del Municipio | DD10: E1. - SOCIAL: Desarrollo Social con alta competitividad y proyección | DE10: E1.P_A - TOCANCIPA BIEN EDUCADA | DF10: Garantizar calidad, cobertura, eficiencia y pertinencia en la oferta Educativa Municipal | DH10: E1.P_A.MR1-MP01-1 - Constituir el mecanismo de gestión y financiación contemplados en el PDM para la creación de un complejo Universitario en el Municipio cofinanciado con el departamento, la nación | DI10: E1. - SOCIAL: Desarrollo Social con alta competitividad y proyección | DJ10: E1.P_A - TOCANCIPA BIEN EDUCADA | DK10: Garantizar calidad, cobertura, eficiencia y pertinencia en la oferta Educativa Municipal | DL10: E1.P_A.MR1 - Mejorar los indicadores de resultado de las pruebas SABER en las Instituciones Educativas del Municipio | DN10: E1.P_A.MR1 | DO10: Mejorar los indicadores de resultado de las pruebas SABER en las Instituciones Educativas del Municipio | DQ10: E1.P_A.MR1-MP01-1 | DR10: Constituir el mecanismo de gestión y financiación contemplados en el PDM para la creación de un complejo Universitario en el Municipio cofinanciado con el departamento, la nación y universidades públicas y privadas nacionales y/o internacionales | DT10: =+LEFT(DU10,10) -> E1.P_A.MR1 | DU10: E1.P_A.MR1 - Mejorar los indicadores de resultado de las pruebas SABER en las Instituciones Educativas del Municipio | DV10: E1. - SOCIAL: Desarrollo Social con alta competitividad y proyección | DW10: Mejorar las condiciones de calidad de vida de toda la población del territorio y especialmente en los sectores más vulnerables, garantizando el acceso a sus derechos sociales, individuales y colectrivos en Educación, Salud, Cultura, Recreación y Deporte | DX10: Educación | DY10: E1.P_A - TOCANCIPA BIEN EDUCADA | DZ10: Garantizar calidad, cobertura, eficiencia y pertinencia en la oferta Educativa Municipal | EB10: E1.P_A.MR1 | EC10: Mejorar los indicadores de resultado de las pruebas SABER en las Instituciones Educativas del Municipio | ED10: Índice de resultado pruebas SABER | EE10: 0 | EF10: 10 | EL10: E1.P_A.MR1-MP01-2 | EM10: Constituir el mecanismo de gestión y financiación contemplados en el PDM para la creación de un complejo Universitario en el Municipio cofinanciado con el departamento, la nación y universidades públicas y privadas nacionales y/o internacionales | EN10: No. De mecanismos de gestión y financiación suscritos para la operación del Complejo Universitario Municipal | EO10: 0 | EP10: 1 | EQ10: 0 | ER10: 0 | ES10: 0 | ET10: 1
A11: E1. | B11: SOCIAL: Desarrollo Social con alta competitividad y proyección | C11: Mejorar las condiciones de calidad de vida de toda la población del territorio y especialmente en los sectores más vulnerables, garantizando el acceso a sus derechos sociales, individuales y colectrivos en Educación, Salud, Cultura, Recreación y Deporte | E11: P_A | F11: =+CONCATENATE(A11,E11) -> E1.P_A | G11: TOCANCIPA BIEN EDUCADA | H11: Garantizar calidad, cobertura, eficiencia y pertinencia en la oferta Educativa Municipal | J11: MR1 | K11: =+CONCATENATE(F11,".",J11) -> E1.P_A.MR1 | L11: Mejorar los indicadores de resultado de las pruebas SABER en las Instituciones Educativas del Municipio | M11: Índice de resultado pruebas SABER | N11: 0 | O11: 0.1 | P11: MP02-1 | Q11: =+CONCATENATE(K11,"-",P11) -> E1.P_A.MR1-MP02-1 | R11: implementar acciones para mejorar los resultados de las Pruebas Saber 3°, 5°, 7°, 9° y 11 | S11: No. De acciones implementadas | T11: 1 | U11: 2 | V11: Incremento | W11: 0 | X11: 1 | Y11: 0.5 | Z11: 0.5 | BD11: Secretaria de Educación | BF11: E3. | BG11: Infraestructura, Planeación, Ambiente y Servicios Públicos | BK11: E1.P_C | BL11: CULTURA DE TODOS Y PARA TODOS | BN11: E1.P_A | BO11: TOCANCIPA BIEN EDUCADA | BP11: E1.P_A.MR3 | BQ11: Mantener las tasas de cobertura bruta por niveles | BS11: E1.P_A.MR1 | BT11: Mejorar los indicadores de resultado de las pruebas SABER en las Instituciones Educativas del Municipio | BU11: E1.P_A.MR1-MP01-2 | BV11: Constituir el mecanismo de gestión y financiación contemplados en el PDM para la creación de un complejo Universitario en el Municipio cofinanciado con el departamento, la nación y universidades públicas y privadas nacionales y/o internacionales | BX11: E1.P_C | BY11: CULTURA DE TODOS Y PARA TODOS | BZ11: 1878153364 | CA11: 934669035 | CB11: 200000000 | CE11: 37177601 | CF11: 3050000000 | CG11: 1878153364 | CH11: 934669035 | CI11: 200000000 | CJ11: 0 | CK11: 0 | CL11: 37177601 | CM11: 3050000000 | CN11: 1878153364 | CO11: 934669035 | CP11: 200000000 | CQ11: 0 | CR11: 0 | CS11: 37177601 | CT11: 3050000000 | CU11: 1878153364 | CV11: 934669035 | CW11: 200000000 | CX11: 0 | CY11: 0 | CZ11: 37177601 | DA11: 3050000000 | DB11: 12200000000 | DC11: E1.P_A.MR1 - Mejorar los indicadores de resultado de las pruebas SABER en las Instituciones Educativas del Municipio (Restaurantes Escolares) | DD11: E1. - SOCIAL: Desarrollo Social con alta competitividad y proyección | DE11: E1.P_A - TOCANCIPA BIEN EDUCADA | DF11: Garantizar calidad, cobertura, eficiencia y pertinencia en la oferta Educativa Municipal | DH11: E1.P_A.MR1-MP01-2 - Constituir el mecanismo de gestión y financiación contemplados en el PDM para la creación de un complejo Universitario en el Municipio cofinanciado con el departamento, la nación | DI11: E1. - SOCIAL: Desarrollo Social con alta competitividad y proyección | DJ11: E1.P_A - TOCANCIPA BIEN EDUCADA | DK11: Garantizar calidad, cobertura, eficiencia y pertinencia en la oferta Educativa Municipal | DL11: E1.P_A.MR1 - Mejorar los indicadores de resultado de las pruebas SABER en las Instituciones Educativas del Municipio | DN11: E1.P_A.MR2 | DO11: Disminuir el número de estudiantes por equipo de cómputo | DQ11: E1.P_A.MR1-MP01-2 | DR11: Constituir el mecanismo de gestión y financiación contemplados en el PDM para la creación de un complejo Universitario en el Municipio cofinanciado con el departamento, la nación y universidades públicas y privadas nacionales y/o internacionales | DT11: =+LEFT(DU11,10) -> E1.P_A.MR1 | DU11: E1.P_A.MR1 - Mejorar los indicadores de resultado de las pruebas SABER en las Instituciones Educativas del Municipio (Restaurantes Escolares) | DV11: E1. - SOCIAL: Desarrollo Social con alta competitividad y proyección | DW11: Mejorar las condiciones de calidad de vida de toda la población del territorio y especialmente en los sectores más vulnerables, garantizando el acceso a sus derechos sociales, individuales y colectrivos en Educación, Salud, Cultura, Recreación y Deporte | DX11: Educación | DY11: E1.P_A - TOCANCIPA BIEN EDUCADA | DZ11: Garantizar calidad, cobertura, eficiencia y pertinencia en la oferta Educativa Municipal | EB11: E1.P_A.MR1 | EC11: Mejorar los indicadores de resultado de las pruebas SABER en las Instituciones Educativas del Municipio (Restaurantes Escolares) | ED11: Índice de resultado pruebas SABER | EE11: 0 | EF11: 10 | EL11: E1.P_A.MR1-MP02-1 | EM11: implementar acciones para mejorar los resultados de las Pruebas Saber 3°, 5°, 7°, 9° y 11 | EN11: No. De acciones implementadas | EO11: 1 | EP11: 2 | EQ11: 0 | ER11: 0.5 | ES11: 0.5 | ET11: 1
A12: E1. | B12: SOCIAL: Desarrollo Social con alta competitividad y proyección | C12: Mejorar las condiciones de calidad de vida de toda la población del territorio y especialmente en los sectores más vulnerables, garantizando el acceso a sus derechos sociales, individuales y colectrivos en Educación, Salud, Cultura, Recreación y Deporte | E12: P_A | F12: =+CONCATENATE(A12,E12) -> E1.P_A | G12: TOCANCIPA BIEN EDUCADA | H12: Garantizar calidad, cobertura, eficiencia y pertinencia en la oferta Educativa Municipal | J12: MR1 | K12: =+CONCATENATE(F12,".",J12) -> E1.P_A.MR1 | L12: Mejorar los indicadores de resultado de las pruebas SABER en las Instituciones Educativas del Municipio | M12: Índice de resultado pruebas SABER | N12: 0 | O12: 0.1 | P12: MP03-1 | Q12: =+CONCATENATE(K12,"-",P12) -> E1.P_A.MR1-MP03-1 | R12: Mantener la cobertura del servicio de transporte escolar | S12: Tasa de Cobertura de Transporte Escolar según distancia legal para los estudiantes que lo requieren | T12: 0.98 | U12: 0.98 | V12: Mantenimiento | W12: 0.98 | X12: 0.98 | Y12: 0.98 | Z12: 0.98 | BD12: Secretaria de Educación | BF12: E4. | BG12: Seguridad y Justicia, La Integración Comunitaria y la Administración Pública son con la Gente y por la Gente | BK12: E1.P_D | BL12: DEPORTE Y RECREACIÓN PARA EL MEJORAMIENTO DE LA CALIDAD DE VIDA Y LA SANA CONVIVENCIA | BN12: E1.P_A | BO12: TOCANCIPA BIEN EDUCADA | BP12: E1.P_A.MR4 | BQ12: Mejorar el perfil ocupacional de la población | BS12: E1.P_A.MR1 | BT12: Mejorar los indicadores de resultado de las pruebas SABER en las Instituciones Educativas del Municipio | BU12: E1.P_A.MR1-MP02-1 | BV12: implementar acciones para mejorar los resultados de las Pruebas Saber 3°, 5°, 7°, 9° y 11 | BX12: E1.P_D | BY12: DEPORTE Y RECREACIÓN PARA EL MEJORAMIENTO DE LA CALIDAD DE VIDA Y LA SANA CONVIVENCIA | BZ12: 717603684 | CA12: 1146292679 | CB12: 100000000 | CE12: 104103637 | CF12: 2068000000 | CG12: 717603684 | CH12: 1146292679 | CI12: 100000000 | CJ12: 0 | CK12: 0 | CL12: 104103637 | CM12: 2068000000 | CN12: 717603684 | CO12: 1146292679 | CP12: 100000000 | CQ12: 0 | CR12: 0 | CS12: 104103637 | CT12: 2068000000 | CU12: 717603684 | CV12: 1146292679 | CW12: 100000000 | CX12: 0 | CY12: 0 | CZ12: 104103637 | DA12: 2068000000 | DB12: 8272000000 | DC12: E1.P_A.MR2 - Disminuir el número de estudiantes por equipo de cómputo | DD12: E1. - SOCIAL: Desarrollo Social con alta competitividad y proyección | DE12: E1.P_A - TOCANCIPA BIEN EDUCADA | DF12: Garantizar calidad, cobertura, eficiencia y pertinencia en la oferta Educativa Municipal | DH12: E1.P_A.MR1-MP02-1 - implementar acciones para mejorar los resultados de las Pruebas Saber 3°, 5°, 7°, 9° y 11 | DI12: E1. - SOCIAL: Desarrollo Social con alta competitividad y proyección | DJ12: E1.P_A - TOCANCIPA BIEN EDUCADA | DK12: Garantizar calidad, cobertura, eficiencia y pertinencia en la oferta Educativa Municipal | DL12: E1.P_A.MR1 - Mejorar los indicadores de resultado de las pruebas SABER en las Instituciones Educativas del Municipio | DN12: E1.P_A.MR3 | DO12: Mantener las tasas de cobertura bruta por niveles | DQ12: E1.P_A.MR1-MP02-1 | DR12: implementar acciones para mejorar los resultados de las Pruebas Saber 3°, 5°, 7°, 9° y 11 | DT12: =+LEFT(DU12,10) -> E1.P_A.MR2 | DU12: E1.P_A.MR2 - Disminuir el número de estudiantes por equipo de cómputo | DV12: E1. - SOCIAL: Desarrollo Social con alta competitividad y proyección | DW12: Mejorar las condiciones de calidad de vida de toda la población del territorio y especialmente en los sectores más vulnerables, garantizando el acceso a sus derechos sociales, individuales y colectrivos en Educación, Salud, Cultura, Recreación y Deporte | DX12: Educación | DY12: E1.P_A - TOCANCIPA BIEN EDUCADA | DZ12: Garantizar calidad, cobertura, eficiencia y pertinencia en la oferta Educativa Municipal | EB12: E1.P_A.MR2 | EC12: Disminuir el número de estudiantes por equipo de cómputo | ED12: No. de estudiantes por equipo de cómputo | EE12: 3 | EF12: 2 | EL12: E1.P_A.MR1-MP03-1 | EM12: Mantener la cobertura del servicio de transporte escolar | EN12: Tasa de Cobertura de Transporte Escolar según distancia legal para los estudiantes que lo requieren (%) | EO12: 98 | EP12: 98 | EQ12: 98 | ER12: 98 | ES12: 98 | ET12: 98
A13: E1. | B13: SOCIAL: Desarrollo Social con alta competitividad y proyección | C13: Mejorar las condiciones de calidad de vida de toda la población del territorio y especialmente en los sectores más vulnerables, garantizando el acceso a sus derechos sociales, individuales y colectrivos en Educación, Salud, Cultura, Recreación y Deporte | E13: P_A | F13: =+CONCATENATE(A13,E13) -> E1.P_A | G13: TOCANCIPA BIEN EDUCADA | H13: Garantizar calidad, cobertura, eficiencia y pertinencia en la oferta Educativa Municipal | J13: MR1 | K13: =+CONCATENATE(F13,".",J13) -> E1.P_A.MR1 | L13: Mejorar los indicadores de resultado de las pruebas SABER en las Instituciones Educativas del Municipio | M13: Índice de resultado pruebas SABER | N13: 0 | O13: 0.1 | P13: MP04-1 | Q13: =+CONCATENATE(K13,"-",P13) -> E1.P_A.MR1-MP04-1 | R13: Implementar semilleros de investigación en tecnología e innovación | S13: No. de semilleros de investigación en tecnología e innovación implementados | T13: 0 | U13: 3 | V13: Incremento | W13: 0.5 | X13: 0.5 | Y13: 1 | Z13: 1 | BD13: Secretaria de Educación | BK13: E1.P_E | BL13: ATENCIÓN INTEGRAL DEL ADULTO MAYOR | BN13: E1.P_A | BO13: TOCANCIPA BIEN EDUCADA | BP13: E1.P_A.MR5 | BQ13: Desarrollar una estrategia para fomentar el acceso de la población a la educación técnica, tecnológica y profesional | BS13: E1.P_A.MR1 | BT13: Mejorar los indicadores de resultado de las pruebas SABER en las Instituciones Educativas del Municipio | BU13: E1.P_A.MR1-MP03-1 | BV13: Mantener la cobertura del servicio de transporte escolar | BX13: E1.P_E | BY13: ATENCIÓN INTEGRAL DEL ADULTO MAYOR | BZ13: 240000000 | CB13: 0 | CF13: 240000000 | CG13: 240000000 | CH13: 0 | CI13: 0 | CJ13: 0 | CK13: 0 | CL13: 0 | CM13: 240000000 | CN13: 240000000 | CO13: 0 | CP13: 0 | CQ13: 0 | CR13: 0 | CS13: 0 | CT13: 240000000 | CU13: 240000000 | CV13: 0 | CW13: 0 | CX13: 0 | CY13: 0 | CZ13: 0 | DA13: 240000000 | DB13: 960000000 | DC13: E1.P_A.MR3 - Mantener las tasas de cobertura bruta por niveles | DD13: E1. - SOCIAL: Desarrollo Social con alta competitividad y proyección | DE13: E1.P_A - TOCANCIPA BIEN EDUCADA | DF13: Garantizar calidad, cobertura, eficiencia y pertinencia en la oferta Educativa Municipal | DH13: E1.P_A.MR1-MP03-1 - Mantener la cobertura del servicio de transporte escolar | DI13: E1. - SOCIAL: Desarrollo Social con alta competitividad y proyección | DJ13: E1.P_A - TOCANCIPA BIEN EDUCADA | DK13: Garantizar calidad, cobertura, eficiencia y pertinencia en la oferta Educativa Municipal | DL13: E1.P_A.MR1 - Mejorar los indicadores de resultado de las pruebas SABER en las Instituciones Educativas del Municipio | DN13: E1.P_A.MR4 | DO13: Mejorar el perfil ocupacional de la población | DQ13: E1.P_A.MR1-MP03-1 | DR13: Mantener la cobertura del servicio de transporte escolar | DT13: =+LEFT(DU13,10) -> E1.P_A.MR3 | DU13: E1.P_A.MR3 - Mantener las tasas de cobertura bruta por niveles | DV13: E1. - SOCIAL: Desarrollo Social con alta competitividad y proyección | DW13: Mejorar las condiciones de calidad de vida de toda la población del territorio y especialmente en los sectores más vulnerables, garantizando el acceso a sus derechos sociales, individuales y colectrivos en Educación, Salud, Cultura, Recreación y Deporte | DX13: Educación | DY13: E1.P_A - TOCANCIPA BIEN EDUCADA | DZ13: Garantizar calidad, cobertura, eficiencia y pertinencia en la oferta Educativa Municipal | EB13: E1.P_A.MR3 | EC13: Mantener las tasas de cobertura bruta por niveles | ED13: Tasa de cobertura transición Tasa de cobertura primaria Tasa de cobertura secundaria Tasa de cobertura media | EE13: 104% 108% 126% 90,83% | EF13: 104% 108% 126% 90,83% | EL13: E1.P_A.MR1-MP04-1 | EM13: Implementar semilleros de investigación en tecnología e innovación | EN13: No. de semilleros de investigación en tecnología e innovación implementados | EO13: 0 | EP13: 3 | EQ13: 0.5 | ER13: 0.5 | ES13: 1 | ET13: 1
A14: E1. | B14: SOCIAL: Desarrollo Social con alta competitividad y proyección | C14: Mejorar las condiciones de calidad de vida de toda la población del territorio y especialmente en los sectores más vulnerables, garantizando el acceso a sus derechos sociales, individuales y colectrivos en Educación, Salud, Cultura, Recreación y Deporte | E14: P_A | F14: =+CONCATENATE(A14,E14) -> E1.P_A | G14: TOCANCIPA BIEN EDUCADA | H14: Garantizar calidad, cobertura, eficiencia y pertinencia en la oferta Educativa Municipal | J14: MR1 | K14: =+CONCATENATE(F14,".",J14) -> E1.P_A.MR1 | L14: Mejorar los indicadores de resultado de las pruebas SABER en las Instituciones Educativas del Municipio | M14: Índice de resultado pruebas SABER | N14: 0 | O14: 0.1 | P14: MP05-1 | Q14: =+CONCATENATE(K14,"-",P14) -> E1.P_A.MR1-MP05-1 | R14: Mantener las Dotaciones de las I.E.D en Infraestructura Educativa y en Material y Medios Pedagógicos para el Aprendizaje | S14: No. de instituciones dotadas | T14: 3 | U14: 3 | V14: Mantenimiento | W14: 3 | X14: 3 | Y14: 3 | Z14: 3 | BD14: Secretaria de Educación | BK14: E1.P_F | BL14: PRIMERA INFANCIA, INFANCIA, ADOLESCENCIA Y JUVENTUD CON DESARROLLO Y PROYECCIÓN | BN14: E1.P_B | BO14: SALUD CON ATENCIÓN DIGNA, PRIORITARIA Y DE CALIDAD | BP14: E1.P_B.MR1 | BQ14: Terminación, equipamiento y operación del Hospital Municipal | BS14: E1.P_A.MR1 | BT14: Mejorar los indicadores de resultado de las pruebas SABER en las Instituciones Educativas del Municipio | BU14: E1.P_A.MR1-MP04-1 | BV14: Implementar semilleros de investigación en tecnología e innovación | BX14: E1.P_F | BY14: PRIMERA INFANCIA, INFANCIA, ADOLESCENCIA Y JUVENTUD CON DESARROLLO Y PROYECCIÓN | BZ14: 1566108662 | CA14: 1384562012 | CB14: 0 | CE14: 110329326 | CF14: 3061000000 | CG14: 1566108662 | CH14: 1384562012 | CI14: 0 | CJ14: 0 | CK14: 0 | CL14: 110329326 | CM14: 3061000000 | CN14: 1566108662 | CO14: 1384562012 | CP14: 0 | CQ14: 0 | CR14: 0 | CS14: 110329326 | CT14: 3061000000 | CU14: 1566108662 | CV14: 1384562012 | CW14: 0 | CX14: 0 | CY14: 0 | CZ14: 110329326 | DA14: 3061000000 | DB14: 12244000000 | DC14: E1.P_A.MR4 - Mejorar el perfil ocupacional de la población | DD14: E1. - SOCIAL: Desarrollo Social con alta competitividad y proyección | DE14: E1.P_A - TOCANCIPA BIEN EDUCADA | DF14: Garantizar calidad, cobertura, eficiencia y pertinencia en la oferta Educativa Municipal | DH14: E1.P_A.MR1-MP04-1 - Implementar semilleros de investigación en tecnología e innovación | DI14: E1. - SOCIAL: Desarrollo Social con alta competitividad y proyección | DJ14: E1.P_A - TOCANCIPA BIEN EDUCADA | DK14: Garantizar calidad, cobertura, eficiencia y pertinencia en la oferta Educativa Municipal | DL14: E1.P_A.MR1 - Mejorar los indicadores de resultado de las pruebas SABER en las Instituciones Educativas del Municipio | DN14: E1.P_A.MR5 | DO14: Desarrollar una estrategia para fomentar el acceso de la población a la educación técnica, tecnológica y profesional | DQ14: E1.P_A.MR1-MP04-1 | DR14: Implementar semilleros de investigación en tecnología e innovación | DT14: =+LEFT(DU14,10) -> E1.P_A.MR4 | DU14: E1.P_A.MR4 - Mejorar el perfil ocupacional de la población | DV14: E1. - SOCIAL: Desarrollo Social con alta competitividad y proyección | DW14: Mejorar las condiciones de calidad de vida de toda la población del territorio y especialmente en los sectores más vulnerables, garantizando el acceso a sus derechos sociales, individuales y colectrivos en Educación, Salud, Cultura, Recreación y Deporte | DX14: Educación | DY14: E1.P_A - TOCANCIPA BIEN EDUCADA | DZ14: Garantizar calidad, cobertura, eficiencia y pertinencia en la oferta Educativa Municipal | EB14: E1.P_A.MR4 | EC14: Mejorar el perfil ocupacional de la población | ED14: Índice de perfil ocupacional | EE14: 0 | EF14: 4 | EL14: E1.P_A.MR1-MP05-1 | EM14: Mantener las Dotaciones de las I.E.D en Infraestructura Educativa y en Material y Medios Pedagógicos para el Aprendizaje | EN14: No. de instituciones dotadas | EO14: 3 | EP14: 3 | EQ14: 3 | ER14: 3 | ES14: 3 | ET14: 3
A15: E1. | B15: SOCIAL: Desarrollo Social con alta competitividad y proyección | C15: Mejorar las condiciones de calidad de vida de toda la población del territorio y especialmente en los sectores más vulnerables, garantizando el acceso a sus derechos sociales, individuales y colectrivos en Educación, Salud, Cultura, Recreación y Deporte | E15: P_A | F15: =+CONCATENATE(A15,E15) -> E1.P_A | G15: TOCANCIPA BIEN EDUCADA | H15: Garantizar calidad, cobertura, eficiencia y pertinencia en la oferta Educativa Municipal | J15: MR1 | K15: =+CONCATENATE(F15,".",J15) -> E1.P_A.MR1 | L15: Mejorar los indicadores de resultado de las pruebas SABER en las Instituciones Educativas del Municipio | M15: Índice de resultado pruebas SABER | N15: 0 | O15: 0.1 | P15: MP06-1 | Q15: =+CONCATENATE(K15,"-",P15) -> E1.P_A.MR1-MP06-1 | R15: Mantener la infraestructura educativa y recursos de aprendizaje de las I.E.D | S15: No. de I.E.D a las que se ha realizado mantenimiento | T15: 3 | U15: 3 | V15: Mantenimiento | W15: 3 | X15: 3 | Y15: 3 | Z15: 3 | BD15: Secretaria de Educación | BK15: E1.P_G | BL15: EMPODERAMIENTO E INCLUSIÓN DE GÉNERO Y POBLACIÓN LGTBI | BN15: E1.P_B | BO15: SALUD CON ATENCIÓN DIGNA, PRIORITARIA Y DE CALIDAD | BP15: E1.P_B.MR2 | BQ15: Mantener el programa de aseguramiento SGSSS y fortalecer la prestación de servicios de salud | BS15: E1.P_A.MR1 | BT15: Mejorar los indicadores de resultado de las pruebas SABER en las Instituciones Educativas del Municipio | BU15: E1.P_A.MR1-MP05-1 | BV15: Mantener las Dotaciones de las I.E.D en Infraestructura Educativa y en Material y Medios Pedagógicos para el Aprendizaje | BX15: E1.P_G | BY15: EMPODERAMIENTO E INCLUSIÓN DE GÉNERO Y POBLACIÓN LGTBI | BZ15: 120000000 | CB15: 0 | CF15: 120000000 | CG15: 120000000 | CH15: 0 | CI15: 0 | CJ15: 0 | CK15: 0 | CL15: 0 | CM15: 120000000 | CN15: 120000000 | CO15: 0 | CP15: 0 | CQ15: 0 | CR15: 0 | CS15: 0 | CT15: 120000000 | CU15: 120000000 | CV15: 0 | CW15: 0 | CX15: 0 | CY15: 0 | CZ15: 0 | DA15: 120000000 | DB15: 480000000 | DC15: E1.P_A.MR5 - Desarrollar una estrategia para fomentar el acceso de la población a la educación técnica, tecnológica y profesional | DD15: E1. - SOCIAL: Desarrollo Social con alta competitividad y proyección | DE15: E1.P_A - TOCANCIPA BIEN EDUCADA | DF15: Garantizar calidad, cobertura, eficiencia y pertinencia en la oferta Educativa Municipal | DH15: E1.P_A.MR1-MP05-1 - Mantener las Dotaciones de las I.E.D en Infraestructura Educativa y en Material y Medios Pedagógicos para el Aprendizaje | DI15: E1. - SOCIAL: Desarrollo Social con alta competitividad y proyección | DJ15: E1.P_A - TOCANCIPA BIEN EDUCADA | DK15: Garantizar calidad, cobertura, eficiencia y pertinencia en la oferta Educativa Municipal | DL15: E1.P_A.MR1 - Mejorar los indicadores de resultado de las pruebas SABER en las Instituciones Educativas del Municipio | DN15: E1.P_B.MR1 | DO15: Terminación, equipamiento y operación del Hospital Municipal | DQ15: E1.P_A.MR1-MP05-1 | DR15: Mantener las Dotaciones de las I.E.D en Infraestructura Educativa y en Material y Medios Pedagógicos para el Aprendizaje | DT15: =+LEFT(DU15,10) -> E1.P_A.MR5 | DU15: E1.P_A.MR5 - Desarrollar una estrategia para fomentar el acceso de la población a la educación técnica, tecnológica y profesional | DV15: E1. - SOCIAL: Desarrollo Social con alta competitividad y proyección | DW15: Mejorar las condiciones de calidad de vida de toda la población del territorio y especialmente en los sectores más vulnerables, garantizando el acceso a sus derechos sociales, individuales y colectrivos en Educación, Salud, Cultura, Recreación y Deporte | DX15: Educación | DY15: E1.P_A - TOCANCIPA BIEN EDUCADA | DZ15: Garantizar calidad, cobertura, eficiencia y pertinencia en la oferta Educativa Municipal | EB15: E1.P_A.MR5 | EC15: Desarrollar una estrategia para fomentar el acceso de la población a la educación técnica, tecnológica y profesional | ED15: Estrategia desarrollada | EE15: 0 | EF15: 1 | EL15: E1.P_A.MR1-MP06-1 | EM15: Mantener la infraestructura educativa y recursos de aprendizaje de las I.E.D | EN15: No. de I.E.D a las que se ha realizado mantenimiento | EO15: 3 | EP15: 3 | EQ15: 3 | ER15: 3 | ES15: 3 | ET15: 3
A16: E1. | B16: SOCIAL: Desarrollo Social con alta competitividad y proyección | C16: Mejorar las condiciones de calidad de vida de toda la población del territorio y especialmente en los sectores más vulnerables, garantizando el acceso a sus derechos sociales, individuales y colectrivos en Educación, Salud, Cultura, Recreación y Deporte | E16: P_A | F16: =+CONCATENATE(A16,E16) -> E1.P_A | G16: TOCANCIPA BIEN EDUCADA | H16: Garantizar calidad, cobertura, eficiencia y pertinencia en la oferta Educativa Municipal | J16: MR1 | K16: =+CONCATENATE(F16,".",J16) -> E1.P_A.MR1 | L16: Mejorar los indicadores de resultado de las pruebas SABER en las Instituciones Educativas del Municipio | M16: Índice de resultado pruebas SABER | N16: 0 | O16: 0.1 | P16: MP07-1 | Q16: =+CONCATENATE(K16,"-",P16) -> E1.P_A.MR1-MP07-1 | R16: Realizar procesos de apoyo y acompañamiento a las Instituciones Educativas Oficiales en su operación institucional | S16: No. de Instituciones Educativas Oficiales apoyadas y acompañadas | T16: 3 | U16: 3 | V16: Mantenimiento | W16: 3 | X16: 3 | Y16: 3 | Z16: 3 | BD16: Secretaria de Educación | BK16: E1.P_H | BL16: VICTIMAS DEL CONFLICTO ARMADO Y POSTCONFLICTO | BN16: E1.P_B | BO16: SALUD CON ATENCIÓN DIGNA, PRIORITARIA Y DE CALIDAD | BP16: E1.P_B.MR3 | BQ16: Implementar el 100% de los componentes priorizados de cada una de las dimensiones del Plan Decenal de Salud Pública en el Territorio (20 componentes) | BS16: E1.P_A.MR1 | BT16: Mejorar los indicadores de resultado de las pruebas SABER en las Instituciones Educativas del Municipio | BU16: E1.P_A.MR1-MP06-1 | BV16: Mantener la infraestructura educativa y recursos de aprendizaje de las I.E.D | BX16: E1.P_H | BY16: VICTIMAS DEL CONFLICTO ARMADO Y POSTCONFLICTO | BZ16: 100000000 | CB16: 0 | CF16: 100000000 | CG16: 100000000 | CH16: 0 | CI16: 0 | CJ16: 0 | CK16: 0 | CL16: 0 | CM16: 100000000 | CN16: 100000000 | CO16: 0 | CP16: 0 | CQ16: 0 | CR16: 0 | CS16: 0 | CT16: 100000000 | CU16: 100000000 | CV16: 0 | CW16: 0 | CX16: 0 | CY16: 0 | CZ16: 0 | DA16: 100000000 | DB16: 400000000 | DC16: E1.P_B.MR1 - Terminación, equipamiento y operación del Hospital Municipal | DD16: E1. - SOCIAL: Desarrollo Social con alta competitividad y proyección | DE16: E1.P_B - SALUD CON ATENCIÓN DIGNA, PRIORITARIA Y DE CALIDAD | DF16: Desarrollar acciones para fortalecer las condiciones del sistema de salud, que Garantice una atención digna, prioritaria y de calidad para todos | DH16: E1.P_A.MR1-MP06-1 - Mantener la infraestructura educativa y recursos de aprendizaje de las I.E.D | DI16: E1. - SOCIAL: Desarrollo Social con alta competitividad y proyección | DJ16: E1.P_A - TOCANCIPA BIEN EDUCADA | DK16: Garantizar calidad, cobertura, eficiencia y pertinencia en la oferta Educativa Municipal | DL16: E1.P_A.MR1 - Mejorar los indicadores de resultado de las pruebas SABER en las Instituciones Educativas del Municipio | DN16: E1.P_B.MR2 | DO16: Mantener el programa de aseguramiento SGSSS y fortalecer la prestación de servicios de salud | DQ16: E1.P_A.MR1-MP06-1 | DR16: Mantener la infraestructura educativa y recursos de aprendizaje de las I.E.D | DT16: =+LEFT(DU16,10) -> E1.P_B.MR1 | DU16: E1.P_B.MR1 - Terminación, equipamiento y operación del Hospital Municipal | DV16: E1. - SOCIAL: Desarrollo Social con alta competitividad y proyección | DW16: Mejorar las condiciones de calidad de vida de toda la población del territorio y especialmente en los sectores más vulnerables, garantizando el acceso a sus derechos sociales, individuales y colectrivos en Educación, Salud, Cultura, Recreación y Deporte | DX16: Salud | DY16: E1.P_B - SALUD CON ATENCIÓN DIGNA, PRIORITARIA Y DE CALIDAD | DZ16: Desarrollar acciones para fortalecer las condiciones del sistema de salud, que Garantice una atención digna, prioritaria y de calidad para todos | EB16: E1.P_B.MR1 | EC16: Terminación, equipamiento y operación del Hospital Municipal | ED16: Hospital Terminado, equipado y en operación | EE16: 20 | EF16: 100 | EL16: E1.P_A.MR1-MP07-1 | EM16: Realizar procesos de apoyo y acompañamiento a las Instituciones Educativas Oficiales en su operación institucional | EN16: No. de Instituciones Educativas Oficiales apoyadas y acompañadas | EO16: 3 | EP16: 3 | EQ16: 3 | ER16: 3 | ES16: 3 | ET16: 3
A17: E1. | B17: SOCIAL: Desarrollo Social con alta competitividad y proyección | C17: Mejorar las condiciones de calidad de vida de toda la población del territorio y especialmente en los sectores más vulnerables, garantizando el acceso a sus derechos sociales, individuales y colectrivos en Educación, Salud, Cultura, Recreación y Deporte | E17: P_A | F17: =+CONCATENATE(A17,E17) -> E1.P_A | G17: TOCANCIPA BIEN EDUCADA | H17: Garantizar calidad, cobertura, eficiencia y pertinencia en la oferta Educativa Municipal | I17: 2016-25817-0051 Desarrollo del programa Restaurantes Escolares en el Municipio de Tocancipá, Cundinamarca, Centro Oriente | J17: MR1 | K17: =+CONCATENATE(F17,".",J17) -> E1.P_A.MR1 | L17: Mejorar los indicadores de resultado de las pruebas SABER en las Instituciones Educativas del Municipio (Restaurantes Escolares) | M17: Índice de resultado pruebas SABER | N17: 0 | O17: 0.1 | P17: MP08-1 | Q17: =+CONCATENATE(K17,"-",P17) -> E1.P_A.MR1-MP08-1 | R17: Realizar acciones para fortalecer la estrategia de complementación alimentaria y nutricional de calidad (refrigerios y restaurante escolar) para la población a la luz de criterios del Plan de Seguridad Alimentaria y Nutricional Departamental -PSAIN | S17: N° de acciones realizadas | T17: 0 | U17: 3 | V17: Incremento | W17: 0 | X17: 1 | Y17: 1 | Z17: 1 | BD17: Secretaria de Educación | BK17: E1.P_I | BL17: REDUCCIÓN DE LA POBREZA EXTREMA | BN17: E1.P_C | BO17: CULTURA DE TODOS Y PARA TODOS | BP17: E1.P_C.MR1 | BQ17: Ampliar a 3700 el número de personas que accede anualmente a los programas de formación artística y cultural (L.B. 3630) | BS17: E1.P_A.MR1 | BT17: Mejorar los indicadores de resultado de las pruebas SABER en las Instituciones Educativas del Municipio | BU17: E1.P_A.MR1-MP07-1 | BV17: Realizar procesos de apoyo y acompañamiento a las Instituciones Educativas Oficiales en su operación institucional | BX17: E1.P_I | BY17: REDUCCIÓN DE LA POBREZA EXTREMA | BZ17: 279000000 | CB17: 0 | CF17: 279000000 | CG17: 279000000 | CH17: 0 | CI17: 0 | CJ17: 0 | CK17: 0 | CL17: 0 | CM17: 279000000 | CN17: 279000000 | CO17: 0 | CP17: 0 | CQ17: 0 | CR17: 0 | CS17: 0 | CT17: 279000000 | CU17: 279000000 | CV17: 0 | CW17: 0 | CX17: 0 | CY17: 0 | CZ17: 0 | DA17: 279000000 | DB17: 1116000000 | DC17: E1.P_B.MR2 - Mantener el programa de aseguramiento SGSSS y fortalecer la prestación de servicios de salud | DD17: E1. - SOCIAL: Desarrollo Social con alta competitividad y proyección | DE17: E1.P_B - SALUD CON ATENCIÓN DIGNA, PRIORITARIA Y DE CALIDAD | DF17: Desarrollar acciones para fortalecer las condiciones del sistema de salud, que Garantice una atención digna, prioritaria y de calidad para todos | DH17: E1.P_A.MR1-MP07-1 - Realizar procesos de apoyo y acompañamiento a las Instituciones Educativas Oficiales en su operación institucional | DI17: E1. - SOCIAL: Desarrollo Social con alta competitividad y proyección | DJ17: E1.P_A - TOCANCIPA BIEN EDUCADA | DK17: Garantizar calidad, cobertura, eficiencia y pertinencia en la oferta Educativa Municipal | DL17: E1.P_A.MR1 - Mejorar los indicadores de resultado de las pruebas SABER en las Instituciones Educativas del Municipio | DN17: E1.P_B.MR3 | DO17: Implementar el 100% de los componentes priorizados de cada una de las dimensiones del Plan Decenal de Salud Pública en el Territorio (20 componentes) | DQ17: E1.P_A.MR1-MP07-1 | DR17: Realizar procesos de apoyo y acompañamiento a las Instituciones Educativas Oficiales en su operación institucional | DT17: =+LEFT(DU17,10) -> E1.P_B.MR2 | DU17: E1.P_B.MR2 - Mantener el programa de aseguramiento SGSSS y fortalecer la prestación de servicios de salud | DV17: E1. - SOCIAL: Desarrollo Social con alta competitividad y proyección | DW17: Mejorar las condiciones de calidad de vida de toda la población del territorio y especialmente en los sectores más vulnerables, garantizando el acceso a sus derechos sociales, individuales y colectrivos en Educación, Salud, Cultura, Recreación y Deporte | DX17: Salud | DY17: E1.P_B - SALUD CON ATENCIÓN DIGNA, PRIORITARIA Y DE CALIDAD | DZ17: Desarrollar acciones para fortalecer las condiciones del sistema de salud, que Garantice una atención digna, prioritaria y de calidad para todos | EB17: E1.P_B.MR2 | EC17: Mantener el programa de aseguramiento SGSSS y fortalecer la prestación de servicios de salud | ED17: Programa de aseguramiento mantenido | EE17: 5295 | EF17: 5295 | EL17: E1.P_A.MR1-MP08-1 | EM17: Realizar acciones para fortalecer la estrategia de complementación alimentaria y nutricional de calidad (refrigerios y restaurante escolar) para la población a la luz de criterios del Plan de Seguridad Alimentaria y Nutricional Departamental -PSAIN | EN17: N° de acciones realizadas | EO17: 0 | EP17: 3 | EQ17: 1 | ER17: 0.66 | ES17: 0.66 | ET17: 0.68
A18: E1. | B18: SOCIAL: Desarrollo Social con alta competitividad y proyección | C18: Mejorar las condiciones de calidad de vida de toda la población del territorio y especialmente en los sectores más vulnerables, garantizando el acceso a sus derechos sociales, individuales y colectrivos en Educación, Salud, Cultura, Recreación y Deporte | E18: P_A | F18: =+CONCATENATE(A18,E18) -> E1.P_A | G18: TOCANCIPA BIEN EDUCADA | H18: Garantizar calidad, cobertura, eficiencia y pertinencia en la oferta Educativa Municipal | I18: 2016-25817-0026 Fortalecimiento de la enseñanza mediante ambientes digitales y cualificación docente en el Municipio de Tocancipá, Cundinamarca, Centro Oriente | J18: MR2 | K18: =+CONCATENATE(F18,".",J18) -> E1.P_A.MR2 | L18: Disminuir el número de estudiantes por equipo de cómputo | M18: No. de estudiantes por equipo de cómputo | N18: 3 | O18: 2 | P18: MP01-1 | Q18: =+CONCATENATE(K18,"-",P18) -> E1.P_A.MR2-MP01-1 | R18: Realizar acciones para mejorar la cualificación docente | S18: No. de acciones realizadas | T18: 0 | U18: 4 | V18: Incremento | W18: 1 | X18: 1 | Y18: 1 | Z18: 1 | BD18: Secretaria de Educación | BK18: E1.P_J | BL18: CAPACIDADES DIFERENCIALES | BN18: E1.P_D | BO18: DEPORTE Y RECREACIÓN PARA EL MEJORAMIENTO DE LA CALIDAD DE VIDA Y LA SANA CONVIVENCIA | BP18: E1.P_D.MR1 | BQ18: Ampliar a 1800 personas oficialmente inscritas, que se benefician con el programa de Escuelas Deportivas del Municipio | BS18: E1.P_A.MR1 | BT18: Mejorar los indicadores de resultado de las pruebas SABER en las Instituciones Educativas del Municipio | BU18: E1.P_A.MR1-MP08-1 | BV18: Realizar acciones para fortalecer la estrategia de complementación alimentaria y nutricional de calidad (refrigerios y restaurante escolar) para la población a la luz de criterios del Plan de Seguridad Alimentaria y Nutricional Departamental -PSAIN | BX18: E1.P_J | BY18: CAPACIDADES DIFERENCIALES | BZ18: 240000000 | CB18: 0 | CF18: 240000000 | CG18: 240000000 | CH18: 0 | CI18: 0 | CJ18: 0 | CK18: 0 | CL18: 0 | CM18: 240000000 | CN18: 240000000 | CO18: 0 | CP18: 0 | CQ18: 0 | CR18: 0 | CS18: 0 | CT18: 240000000 | CU18: 240000000 | CV18: 0 | CW18: 0 | CX18: 0 | CY18: 0 | CZ18: 0 | DA18: 240000000 | DB18: 960000000 | DC18: E1.P_B.MR3 - Implementar el 100% de los componentes priorizados de cada una de las dimensiones del Plan Decenal de Salud Pública en el Territorio (20 componentes) | DD18: E1. - SOCIAL: Desarrollo Social con alta competitividad y proyección | DE18: E1.P_B - SALUD CON ATENCIÓN DIGNA, PRIORITARIA Y DE CALIDAD | DF18: Desarrollar acciones para fortalecer las condiciones del sistema de salud, que Garantice una atención digna, prioritaria y de calidad para todos | DH18: E1.P_A.MR1-MP08-1 - Realizar acciones para fortalecer la estrategia de complementación alimentaria y nutricional de calidad (refrigerios y restaurante escolar) para la población a la luz de criterios del Plan de Seguridad Alimentaria | DI18: E1. - SOCIAL: Desarrollo Social con alta competitividad y proyección | DJ18: E1.P_A - TOCANCIPA BIEN EDUCADA | DK18: Garantizar calidad, cobertura, eficiencia y pertinencia en la oferta Educativa Municipal | DL18: E1.P_A.MR1 - Mejorar los indicadores de resultado de las pruebas SABER en las Instituciones Educativas del Municipio | DN18: E1.P_C.MR1 | DO18: Ampliar a 3700 el número de personas que accede anualmente a los programas de formación artística y cultural (L.B. 3630) | DQ18: E1.P_A.MR1-MP08-1 | DR18: Realizar acciones para fortalecer la estrategia de complementación alimentaria y nutricional de calidad (refrigerios y restaurante escolar) para la población a la luz de criterios del Plan de Seguridad Alimentaria y Nutricional Departamental -PSAIN | DT18: =+LEFT(DU18,10) -> E1.P_B.MR3 | DU18: E1.P_B.MR3 - Implementar el 100% de los componentes priorizados de cada una de las dimensiones del Plan Decenal de Salud Pública en el Territorio (20 componentes) | DV18: E1. - SOCIAL: Desarrollo Social con alta competitividad y proyección | DW18: Mejorar las condiciones de calidad de vida de toda la población del territorio y especialmente en los sectores más vulnerables, garantizando el acceso a sus derechos sociales, individuales y colectrivos en Educación, Salud, Cultura, Recreación y Deporte | DX18: Salud | DY18: E1.P_B - SALUD CON ATENCIÓN DIGNA, PRIORITARIA Y DE CALIDAD | DZ18: Desarrollar acciones para fortalecer las condiciones del sistema de salud, que Garantice una atención digna, prioritaria y de calidad para todos | EB18: E1.P_B.MR3 | EC18: Implementar el 100% de los componentes priorizados de cada una de las dimensiones del Plan Decenal de Salud Pública en el Territorio (20 componentes) | ED18: Componentes implementados | EE18: 0 | EF18: 20 | EL18: E1.P_A.MR2-MP01-1 | EM18: Realizar acciones para mejorar la cualificación docente | EN18: No. de acciones realizadas | EO18: 0 | EP18: 4 | EQ18: 0 | ER18: 1 | ES18: 2 | ET18: 1
A19: E1. | B19: SOCIAL: Desarrollo Social con alta competitividad y proyección | C19: Mejorar las condiciones de calidad de vida de toda la población del territorio y especialmente en los sectores más vulnerables, garantizando el acceso a sus derechos sociales, individuales y colectrivos en Educación, Salud, Cultura, Recreación y Deporte | E19: P_A | F19: =+CONCATENATE(A19,E19) -> E1.P_A | G19: TOCANCIPA BIEN EDUCADA | H19: Garantizar calidad, cobertura, eficiencia y pertinencia en la oferta Educativa Municipal | J19: MR2 | K19: =+CONCATENATE(F19,".",J19) -> E1.P_A.MR2 | L19: Disminuir el número de estudiantes por equipo de cómputo | M19: No. de estudiantes por equipo de cómputo | N19: 3 | O19: 2 | P19: MP02-1 | Q19: =+CONCATENATE(K19,"-",P19) -> E1.P_A.MR2-MP02-1 | R19: Implementar una estrategia de “reconocimiento labor docente” | S19: No. de estrategias implementadas | T19: 0 | U19: 1 | V19: Incremento | W19: 0 | X19: 0.5 | Y19: 0.25 | Z19: 0.25 | BD19: Secretaria de Educación | BI19: E2. | BJ19: ECONÓMICO: Desarrollo Económico con alta competitividad y proyección | BK19: E2.P_A | BL19: EMPLEO DIGNO | BN19: E1.P_E | BO19: ATENCIÓN INTEGRAL DEL ADULTO MAYOR | BP19: E1.P_E.MR1 | BQ19: Ampliar la cobertura a 400 adultos Mayores que se benefician con los programas del Municipio | BS19: E1.P_A.MR2 | BT19: Disminuir el número de estudiantes por equipo de cómputo | BU19: E1.P_A.MR2-MP01-1 | BV19: Realizar acciones para mejorar la cualificación docente | BX19: E2.P_A | BY19: EMPLEO DIGNO | BZ19: 30000000 | CA19: 0 | CB19: 0 | CC19: 0 | CD19: 0 | CE19: 0 | CF19: 30000000 | CG19: 31050000 | CH19: 0 | CI19: 0 | CJ19: 0 | CK19: 0 | CL19: 0 | CM19: 31050000 | CN19: 32136750 | CO19: 0 | CP19: 0 | CQ19: 0 | CR19: 0 | CS19: 0 | CT19: 32136750 | CU19: 33261536 | CV19: 0 | CW19: 0 | CX19: 0 | CY19: 0 | CZ19: 0 | DA19: 33261536 | DB19: 1.2644829e+08 | DC19: E1.P_C.MR1 - Ampliar a 3700 el número de personas que accede anualmente a los programas de formación artística y cultural (L.B. 3630) | DD19: E1. - SOCIAL: Desarrollo Social con alta competitividad y proyección | DE19: E1.P_C - CULTURA DE TODOS Y PARA TODOS | DF19: Hacer de la cultura un eje integrador del desarrollo humano, la inclusión social y el aprovechamiento del tiempo libre en el municipio | DH19: E1.P_A.MR2-MP01-1 - Realizar acciones para mejorar la cualificación docente | DI19: E1. - SOCIAL: Desarrollo Social con alta competitividad y proyección | DJ19: E1.P_A - TOCANCIPA BIEN EDUCADA | DK19: Garantizar calidad, cobertura, eficiencia y pertinencia en la oferta Educativa Municipal | DL19: E1.P_A.MR2 - Disminuir el número de estudiantes por equipo de cómputo | DN19: E1.P_D.MR1 | DO19: Ampliar a 1800 personas oficialmente inscritas, que se benefician con el programa de Escuelas Deportivas del Municipio | DQ19: E1.P_A.MR2-MP01-1 | DR19: Realizar acciones para mejorar la cualificación docente | DT19: =+LEFT(DU19,10) -> E1.P_C.MR1 | DU19: E1.P_C.MR1 - Ampliar a 3700 el número de personas que accede anualmente a los programas de formación artística y cultural (L.B. 3630) | DV19: E1. - SOCIAL: Desarrollo Social con alta competitividad y proyección | DW19: Mejorar las condiciones de calidad de vida de toda la población del territorio y especialmente en los sectores más vulnerables, garantizando el acceso a sus derechos sociales, individuales y colectrivos en Educación, Salud, Cultura, Recreación y Deporte | DX19: Cultura | DY19: E1.P_C - CULTURA DE TODOS Y PARA TODOS | DZ19: Hacer de la cultura un eje integrador del desarrollo humano, la inclusión social y el aprovechamiento del tiempo libre en el municipio | EB19: E1.P_C.MR1 | EC19: Ampliar a 3700 el número de personas que accede anualmente a los programas de formación artística y cultural (L.B. 3630) | ED19: Cobertura ampliada | EE19: 3630 | EF19: 3700 | EL19: E1.P_A.MR2-MP02-1 | EM19: Implementar una estrategia de “reconocimiento labor docente” | EN19: No. de estrategias implementadas | EO19: 0 | EP19: 1 | EQ19: 0.25 | ER19: 0.25 | ES19: 0.25 | ET19: 0.25
A20: E1. | B20: SOCIAL: Desarrollo Social con alta competitividad y proyección | C20: Mejorar las condiciones de calidad de vida de toda la población del territorio y especialmente en los sectores más vulnerables, garantizando el acceso a sus derechos sociales, individuales y colectrivos en Educación, Salud, Cultura, Recreación y Deporte | E20: P_A | F20: =+CONCATENATE(A20,E20) -> E1.P_A | G20: TOCANCIPA BIEN EDUCADA | H20: Garantizar calidad, cobertura, eficiencia y pertinencia en la oferta Educativa Municipal | J20: MR2 | K20: =+CONCATENATE(F20,".",J20) -> E1.P_A.MR2 | L20: Disminuir el número de estudiantes por equipo de cómputo | M20: No. de estudiantes por equipo de cómputo | N20: 3 | O20: 2 | P20: MP03-1 | Q20: =+CONCATENATE(K20,"-",P20) -> E1.P_A.MR2-MP03-1 | R20: Mantener y fortalecer los ambientes digitales | S20: No. de ambientes mantenidos y fortalecidos | T20: 8 | U20: 8 | V20: Mantenimiento | W20: 8 | X20: 8 | Y20: 8 | Z20: 8 | BD20: Secretaria de Educación | BK20: E2.P_B | BL20: EMPRENDIMIENTO Y ASOCIATIVIDAD | BN20: E1.P_F | BO20: PRIMERA INFANCIA, INFANCIA, ADOLESCENCIA Y JUVENTUD CON DESARROLLO Y PROYECCIÓN | BP20: E1.P_F.MR1 | BQ20: Ampliar la Infraestructura para la atención de Primera Infancia, Infancia, Adolescencia y Juventud | BS20: E1.P_A.MR2 | BT20: Disminuir el número de estudiantes por equipo de cómputo | BU20: E1.P_A.MR2-MP02-1 | BV20: Implementar una estrategia de “reconocimiento labor docente” | BX20: E2.P_B | BY20: EMPRENDIMIENTO Y ASOCIATIVIDAD | BZ20: 231000000 | CA20: 0 | CB20: 100000000 | CC20: 0 | CD20: 0 | CE20: 0 | CF20: 331000000 | CG20: 2.39085e+08 | CH20: 0 | CI20: 1.035e+08 | CJ20: 0 | CK20: 0 | CL20: 0 | CM20: 3.42585e+08 | CN20: 2.4745297e+08 | CO20: 0 | CP20: 1.071225e+08 | CQ20: 0 | CR20: 0 | CS20: 0 | CT20: 3.5457547e+08 | CU20: 2.5611383e+08 | CV20: 0 | CW20: 1.1087179e+08 | CX20: 0 | CY20: 0 | CZ20: 0 | DA20: 3.6698562e+08 | DB20: 1.3951461e+09 | DC20: E1.P_D.MR1 - Ampliar a 1800 personas oficialmente inscritas, que se benefician con el programa de Escuelas Deportivas del Municipio | DD20: E1. - SOCIAL: Desarrollo Social con alta competitividad y proyección | DE20: E1.P_D - DEPORTE Y RECREACIÓN PARA EL MEJORAMIENTO DE LA CALIDAD DE VIDA Y LA SANA CONVIVENCIA | DF20: Mejorar las condiciones de práctica y competitividad del deporte municipal en el ámbito local, regional, departamental, nacional e internacional | DH20: E1.P_A.MR2-MP02-1 - Implementar una estrategia de “reconocimiento labor docente” | DI20: E1. - SOCIAL: Desarrollo Social con alta competitividad y proyección | DJ20: E1.P_A - TOCANCIPA BIEN EDUCADA | DK20: Garantizar calidad, cobertura, eficiencia y pertinencia en la oferta Educativa Municipal | DL20: E1.P_A.MR2 - Disminuir el número de estudiantes por equipo de cómputo | DN20: E1.P_E.MR1 | DO20: Ampliar la cobertura a 400 adultos Mayores que se benefician con los programas del Municipio | DQ20: E1.P_A.MR2-MP02-1 | DR20: Implementar una estrategia de “reconocimiento labor docente” | DT20: =+LEFT(DU20,10) -> E1.P_D.MR1 | DU20: E1.P_D.MR1 - Ampliar a 1800 personas oficialmente inscritas, que se benefician con el programa de Escuelas Deportivas del Municipio | DV20: E1. - SOCIAL: Desarrollo Social con alta competitividad y proyección | DW20: Mejorar las condiciones de calidad de vida de toda la población del territorio y especialmente en los sectores más vulnerables, garantizando el acceso a sus derechos sociales, individuales y colectrivos en Educación, Salud, Cultura, Recreación y Deporte | DX20: Deporte y Recreación | DY20: E1.P_D - DEPORTE Y RECREACIÓN PARA EL MEJORAMIENTO DE LA CALIDAD DE VIDA Y LA SANA CONVIVENCIA | DZ20: Mejorar las condiciones de práctica y competitividad del deporte municipal en el ámbito local, regional, departamental, nacional e internacional | EB20: E1.P_D.MR1 | EC20: Ampliar a 1800 personas oficialmente inscritas, que se benefician con el programa de Escuelas Deportivas del Municipio | ED20: Cobertura ampliada | EE20: 1400 | EF20: 1800 | EL20: E1.P_A.MR2-MP03-1 | EM20: Mantener y fortalecer los ambientes digitales | EN20: No. de ambientes mantenidos y fortalecidos | EO20: 8 | EP20: 8 | EQ20: 8 | ER20: 8 | ES20: 8 | ET20: 8
A21: E1. | B21: SOCIAL: Desarrollo Social con alta competitividad y proyección | C21: Mejorar las condiciones de calidad de vida de toda la población del territorio y especialmente en los sectores más vulnerables, garantizando el acceso a sus derechos sociales, individuales y colectrivos en Educación, Salud, Cultura, Recreación y Deporte | E21: P_A | F21: =+CONCATENATE(A21,E21) -> E1.P_A | G21: TOCANCIPA BIEN EDUCADA | H21: Garantizar calidad, cobertura, eficiencia y pertinencia en la oferta Educativa Municipal | J21: MR2 | K21: =+CONCATENATE(F21,".",J21) -> E1.P_A.MR2 | L21: Disminuir el número de estudiantes por equipo de cómputo | M21: No. de estudiantes por equipo de cómputo | N21: 3 | O21: 2 | P21: MP04-1 | Q21: =+CONCATENATE(K21,"-",P21) -> E1.P_A.MR2-MP04-1 | R21: Otorgar estímulos a las IED para que logren alta calidad educativa | S21: No. de estímulos otorgados | T21: 0 | U21: 3 | V21: Incremento | W21: 0.75 | X21: 0.75 | Y21: 0.75 | Z21: 0.75 | BD21: Secretaria de Educación | BK21: E2.P_C | BL21: COMPETITIVIDAD Y DESARROLLO | BN21: E1.P_F | BO21: PRIMERA INFANCIA, INFANCIA, ADOLESCENCIA Y JUVENTUD CON DESARROLLO Y PROYECCIÓN | BP21: E1.P_F.MR2 | BQ21: Ampliar en 600 la cobertura de las personas que se benefician de los programas dirigidos a Primera Infancia y Juventud | BS21: E1.P_A.MR2 | BT21: Disminuir el número de estudiantes por equipo de cómputo | BU21: E1.P_A.MR2-MP03-1 | BV21: Mantener y fortalecer los ambientes digitales | BX21: E2.P_C | BY21: COMPETITIVIDAD Y DESARROLLO | BZ21: 60000000 | CA21: 0 | CB21: 0 | CC21: 0 | CD21: 0 | CE21: 0 | CF21: 60000000 | CG21: 62100000 | CH21: 0 | CI21: 0 | CJ21: 0 | CK21: 0 | CL21: 0 | CM21: 62100000 | CN21: 64273500 | CO21: 0 | CP21: 0 | CQ21: 0 | CR21: 0 | CS21: 0 | CT21: 64273500 | CU21: 66523072 | CV21: 0 | CW21: 0 | CX21: 0 | CY21: 0 | CZ21: 0 | DA21: 66523072 | DB21: 2.5289657e+08 | DC21: E1.P_E.MR1 - Ampliar la cobertura a 400 adultos Mayores que se benefician con los programas del Municipio | DD21: E1. - SOCIAL: Desarrollo Social con alta competitividad y proyección | DE21: E1.P_E - ATENCIÓN INTEGRAL DEL ADULTO MAYOR | DF21: Integrar al adulto mayor a la sociedad y garantizarle sus derechos | DH21: E1.P_A.MR2-MP03-1 - Mantener y fortalecer los ambientes digitales | DI21: E1. - SOCIAL: Desarrollo Social con alta competitividad y proyección | DJ21: E1.P_A - TOCANCIPA BIEN EDUCADA | DK21: Garantizar calidad, cobertura, eficiencia y pertinencia en la oferta Educativa Municipal | DL21: E1.P_A.MR2 - Disminuir el número de estudiantes por equipo de cómputo | DN21: E1.P_F.MR1 | DO21: Ampliar la Infraestructura para la atención de Primera Infancia, Infancia, Adolescencia y Juventud | DQ21: E1.P_A.MR2-MP03-1 | DR21: Mantener y fortalecer los ambientes digitales | DT21: =+LEFT(DU21,10) -> E1.P_E.MR1 | DU21: E1.P_E.MR1 - Ampliar la cobertura a 400 adultos Mayores que se benefician con los programas del Municipio | DV21: E1. - SOCIAL: Desarrollo Social con alta competitividad y proyección | DW21: Mejorar las condiciones de calidad de vida de toda la población del territorio y especialmente en los sectores más vulnerables, garantizando el acceso a sus derechos sociales, individuales y colectrivos en Educación, Salud, Cultura, Recreación y Deporte | DX21: Atención a grupos vulnerables - promoción social | DY21: E1.P_E - ATENCIÓN INTEGRAL DEL ADULTO MAYOR | DZ21: Integrar al adulto mayor a la sociedad y garantizarle sus derechos | EB21: E1.P_E.MR1 | EC21: Ampliar la cobertura a 400 adultos Mayores que se benefician con los programas del Municipio | ED21: Cobertura ampliada | EE21: 288 | EF21: 400 | EL21: E1.P_A.MR2-MP04-1 | EM21: Otorgar estímulos a las IED para que logren alta calidad educativa | EN21: No. de estímulos otorgados | EO21: 0 | EP21: 3 | EQ21: 0.75 | ER21: 0.75 | ES21: 0.75 | ET21: 0.75
A22: E1. | B22: SOCIAL: Desarrollo Social con alta competitividad y proyección | C22: Mejorar las condiciones de calidad de vida de toda la población del territorio y especialmente en los sectores más vulnerables, garantizando el acceso a sus derechos sociales, individuales y colectrivos en Educación, Salud, Cultura, Recreación y Deporte | E22: P_A | F22: =+CONCATENATE(A22,E22) -> E1.P_A | G22: TOCANCIPA BIEN EDUCADA | H22: Garantizar calidad, cobertura, eficiencia y pertinencia en la oferta Educativa Municipal | I22: 2016-25817-0044 Mantenimiento de las tasas de cobertura escolar Tocancipá, Cundinamarca, Centro Oriente | J22: MR3 | K22: =+CONCATENATE(F22,".",J22) -> E1.P_A.MR3 | L22: Mantener las tasas de cobertura bruta por niveles | M22: Tasa de cobertura transición Tasa de cobertura primaria Tasa de cobertura secundaria Tasa de cobertura media | N22: 104% 108% 126% 90,83% | O22: 104% 108% 126% 90,83% | P22: MP01-1 | Q22: =+CONCATENATE(K22,"-",P22) -> E1.P_A.MR3-MP01-1 | R22: Implementar procesos de apoyo para la permanencia y cobertura educativa en la población desescolarizada | S22: No. de procesos implementados | T22: 1 | U22: 2 | V22: Incremento | W22: 0.5 | X22: 0.5 | Y22: 0.5 | Z22: 0.5 | BD22: Secretaria de Educación | BK22: E2.P_D | BL22: CIENCIA, TECNOLOGIA E INNOVACIÓN | BN22: E1.P_G | BO22: EMPODERAMIENTO E INCLUSIÓN DE GÉNERO Y POBLACIÓN LGTBI | BP22: E1.P_G.MR1 | BQ22: Ampliar los programas dirigidos a la Mujer | BS22: E1.P_A.MR2 | BT22: Disminuir el número de estudiantes por equipo de cómputo | BU22: E1.P_A.MR2-MP04-1 | BV22: Otorgar estímulos a las IED para que logren alta calidad educativa | BX22: E2.P_D | BY22: CIENCIA, TECNOLOGIA E INNOVACIÓN | BZ22: 100000000 | CA22: 0 | CB22: 200000000 | CC22: 0 | CD22: 0 | CE22: 0 | CF22: 300000000 | CG22: 1.035e+08 | CH22: 0 | CI22: 2.07e+08 | CJ22: 0 | CK22: 0 | CL22: 0 | CM22: 3.105e+08 | CN22: 1.071225e+08 | CO22: 0 | CP22: 2.14245e+08 | CQ22: 0 | CR22: 0 | CS22: 0 | CT22: 3.213675e+08 | CU22: 1.1087179e+08 | CV22: 0 | CW22: 2.2174357e+08 | CX22: 0 | CY22: 0 | CZ22: 0 | DA22: 3.3261536e+08 | DB22: 1.2644829e+09 | DC22: E1.P_F.MR1 - Ampliar la Infraestructura para la atención de Primera Infancia, Infancia, Adolescencia y Juventud | DD22: E1. - SOCIAL: Desarrollo Social con alta competitividad y proyección | DE22: E1.P_F - PRIMERA INFANCIA, INFANCIA, ADOLESCENCIA Y JUVENTUD CON DESARROLLO Y PROYECCIÓN | DF22: Garantizar el acceso de la Primera Infancia, Infancia, Adolescencia y Juventud Tocancipeña a los servicios sociales que permitan su desarrollo personal, social y económico | DH22: E1.P_A.MR2-MP04-1 - Otorgar estímulos a las IED para que logren alta calidad educativa | DI22: E1. - SOCIAL: Desarrollo Social con alta competitividad y proyección | DJ22: E1.P_A - TOCANCIPA BIEN EDUCADA | DK22: Garantizar calidad, cobertura, eficiencia y pertinencia en la oferta Educativa Municipal | DL22: E1.P_A.MR2 - Disminuir el número de estudiantes por equipo de cómputo | DN22: E1.P_F.MR2 | DO22: Ampliar en 600 la cobertura de las personas que se benefician de los programas dirigidos a Primera Infancia y Juventud | DQ22: E1.P_A.MR2-MP04-1 | DR22: Otorgar estímulos a las IED para que logren alta calidad educativa | DT22: =+LEFT(DU22,10) -> E1.P_F.MR1 | DU22: E1.P_F.MR1 - Ampliar la Infraestructura para la atención de Primera Infancia, Infancia, Adolescencia y Juventud | DV22: E1. - SOCIAL: Desarrollo Social con alta competitividad y proyección | DW22: Mejorar las condiciones de calidad de vida de toda la población del territorio y especialmente en los sectores más vulnerables, garantizando el acceso a sus derechos sociales, individuales y colectrivos en Educación, Salud, Cultura, Recreación y Deporte | DX22: Atención a grupos vulnerables - promoción social | DY22: E1.P_F - PRIMERA INFANCIA, INFANCIA, ADOLESCENCIA Y JUVENTUD CON DESARROLLO Y PROYECCIÓN | DZ22: Garantizar el acceso de la Primera Infancia, Infancia, Adolescencia y Juventud Tocancipeña a los servicios sociales que permitan su desarrollo personal, social y económico | EB22: E1.P_F.MR1 | EC22: Ampliar la Infraestructura para la atención de Primera Infancia, Infancia, Adolescencia y Juventud | ED22: Infraestructura ampliada | EE22: 1 | EF22: 4 | EL22: E1.P_A.MR3-MP01-1 | EM22: Implementar procesos de apoyo para la permanencia y cobertura educativa en la población desescolarizada | EN22: No. de procesos implementados | EO22: 1 | EP22: 2 | EQ22: 0.5 | ER22: 0.5 | ES22: 0.5 | ET22: 0.5
A23: E1. | B23: SOCIAL: Desarrollo Social con alta competitividad y proyección | C23: Mejorar las condiciones de calidad de vida de toda la población del territorio y especialmente en los sectores más vulnerables, garantizando el acceso a sus derechos sociales, individuales y colectrivos en Educación, Salud, Cultura, Recreación y Deporte | E23: P_A | F23: =+CONCATENATE(A23,E23) -> E1.P_A | G23: TOCANCIPA BIEN EDUCADA | H23: Garantizar calidad, cobertura, eficiencia y pertinencia en la oferta Educativa Municipal | J23: MR3 | K23: =+CONCATENATE(F23,".",J23) -> E1.P_A.MR3 | L23: Mantener las tasas de cobertura bruta por niveles | M23: Tasa de cobertura transición Tasa de cobertura primaria Tasa de cobertura secundaria Tasa de cobertura media | N23: 104% 108% 126% 90,83% | O23: 104% 108% 126% 90,83% | P23: MP02-1 | Q23: =+CONCATENATE(K23,"-",P23) -> E1.P_A.MR3-MP02-1 | R23: Otorgar estímulos para las IED que implementen la jornada única escolar | S23: No. de Estímulos otorgados | T23: 0 | U23: 3 | V23: Incremento | W23: 0 | X23: 1 | Y23: 1 | Z23: 1 | BD23: Secretaria de Educación | BK23: E2.P_E | BL23: DESARROLLO AGROPECUARIO DE ALTA COMPETITIVIDAD | BN23: E1.P_G | BO23: EMPODERAMIENTO E INCLUSIÓN DE GÉNERO Y POBLACIÓN LGTBI | BP23: E1.P_G.MR2 | BQ23: Ampliar los programas dirigidos a la Población LGBTI | BS23: E1.P_A.MR3 | BT23: Mantener las tasas de cobertura bruta por niveles | BU23: E1.P_A.MR3-MP01-1 | BV23: Implementar procesos de apoyo para la permanencia y cobertura educativa en la población desescolarizada | BX23: E2.P_E | BY23: DESARROLLO AGROPECUARIO DE ALTA COMPETITIVIDAD | BZ23: 368088852 | CA23: 0 | CB23: 50000000 | CC23: 0 | CD23: 0 | CE23: 31911148 | CF23: 450000000 | CG23: 3.8097196e+08 | CH23: 0 | CI23: 51750000 | CJ23: 0 | CK23: 0 | CL23: 33028038 | CM23: 465750000 | CN23: 3.9430598e+08 | CO23: 0 | CP23: 53561250 | CQ23: 0 | CR23: 0 | CS23: 34184020 | CT23: 482051250 | CU23: 4.0810669e+08 | CV23: 0 | CW23: 55435894 | CX23: 0 | CY23: 0 | CZ23: 35380460 | DA23: 4.9892304e+08 | DB23: 1.8967243e+09 | DC23: E1.P_F.MR2 - Ampliar en 600 la cobertura de las personas que se benefician de los programas dirigidos a Primera Infancia y Juventud | DD23: E1. - SOCIAL: Desarrollo Social con alta competitividad y proyección | DE23: E1.P_F - PRIMERA INFANCIA, INFANCIA, ADOLESCENCIA Y JUVENTUD CON DESARROLLO Y PROYECCIÓN | DF23: Garantizar el acceso de la Primera Infancia, Infancia, Adolescencia y Juventud Tocancipeña a los servicios sociales que permitan su desarrollo personal, social y económico | DH23: E1.P_A.MR3-MP01-1 - Implementar procesos de apoyo para la permanencia y cobertura educativa en la población desescolarizada | DI23: E1. - SOCIAL: Desarrollo Social con alta competitividad y proyección | DJ23: E1.P_A - TOCANCIPA BIEN EDUCADA | DK23: Garantizar calidad, cobertura, eficiencia y pertinencia en la oferta Educativa Municipal | DL23: E1.P_A.MR3 - Mantener las tasas de cobertura bruta por niveles | DN23: E1.P_G.MR1 | DO23: Ampliar los programas dirigidos a la Mujer | DQ23: E1.P_A.MR3-MP01-1 | DR23: Implementar procesos de apoyo para la permanencia y cobertura educativa en la población desescolarizada | DT23: =+LEFT(DU23,10) -> E1.P_F.MR2 | DU23: E1.P_F.MR2 - Ampliar en 600 la cobertura de las personas que se benefician de los programas dirigidos a Primera Infancia y Juventud | DV23: E1. - SOCIAL: Desarrollo Social con alta competitividad y proyección | DW23: Mejorar las condiciones de calidad de vida de toda la población del territorio y especialmente en los sectores más vulnerables, garantizando el acceso a sus derechos sociales, individuales y colectrivos en Educación, Salud, Cultura, Recreación y Deporte | DX23: Atención a grupos vulnerables - promoción social | DY23: E1.P_F - PRIMERA INFANCIA, INFANCIA, ADOLESCENCIA Y JUVENTUD CON DESARROLLO Y PROYECCIÓN | DZ23: Garantizar el acceso de la Primera Infancia, Infancia, Adolescencia y Juventud Tocancipeña a los servicios sociales que permitan su desarrollo personal, social y económico | EB23: E1.P_F.MR2 | EC23: Ampliar en 600 la cobertura de las personas que se benefician de los programas dirigidos a Primera Infancia y Juventud | ED23: Cobertura ampliada | EE23: 2598 | EF23: 3100 | EL23: E1.P_A.MR3-MP02-1 | EM23: Otorgar estímulos para las IED que implementen la jornada única escolar | EN23: No. de Estímulos otorgados | EO23: 0 | EP23: 3 | EQ23: 0 | ER23: 0 | ES23: 1 | ET23: 2
A24: E1. | B24: SOCIAL: Desarrollo Social con alta competitividad y proyección | C24: Mejorar las condiciones de calidad de vida de toda la población del territorio y especialmente en los sectores más vulnerables, garantizando el acceso a sus derechos sociales, individuales y colectrivos en Educación, Salud, Cultura, Recreación y Deporte | E24: P_A | F24: =+CONCATENATE(A24,E24) -> E1.P_A | G24: TOCANCIPA BIEN EDUCADA | H24: Garantizar calidad, cobertura, eficiencia y pertinencia en la oferta Educativa Municipal | J24: MR3 | K24: =+CONCATENATE(F24,".",J24) -> E1.P_A.MR3 | L24: Mantener las tasas de cobertura bruta por niveles | M24: Tasa de cobertura transición Tasa de cobertura primaria Tasa de cobertura secundaria Tasa de cobertura media | N24: 104% 108% 126% 90,83% | O24: 104% 108% 126% 90,83% | P24: MP03-1 | Q24: =+CONCATENATE(K24,"-",P24) -> E1.P_A.MR3-MP03-1 | R24: Mantener el acceso a la educación de la población en condiciones de vulnerabilidad que demande el servicio | S24: % de población vulnerable en el sistema educativo | T24: 1 | U24: 1 | V24: Mantenimiento | W24: 1 | X24: 1 | Y24: 1 | Z24: 1 | BD24: Secretaria de Educación | BK24: E2.P_F | BL24: DESARROLLO TURISTICO DE ALTA COMPETITIVIDAD | BN24: E1.P_H | BO24: VICTIMAS DEL CONFLICTO ARMADO Y POSTCONFLICTO | BP24: E1.P_H.MR1 | BQ24: Mantener la cobertura de la Atención a la Población Víctima del Conflicto Armado y Postconflicto. | BS24: E1.P_A.MR3 | BT24: Mantener las tasas de cobertura bruta por niveles | BU24: E1.P_A.MR3-MP02-1 | BV24: Otorgar estímulos para las IED que implementen la jornada única escolar | BX24: E2.P_F | BY24: DESARROLLO TURISTICO DE ALTA COMPETITIVIDAD | BZ24: 100000000 | CB24: 0 | CF24: 100000000 | CG24: 1.035e+08 | CH24: 0 | CI24: 0 | CJ24: 0 | CK24: 0 | CL24: 0 | CM24: 1.035e+08 | CN24: 1.071225e+08 | CO24: 0 | CP24: 0 | CQ24: 0 | CR24: 0 | CS24: 0 | CT24: 1.071225e+08 | CU24: 1.1087179e+08 | CV24: 0 | CW24: 0 | CX24: 0 | CY24: 0 | CZ24: 0 | DA24: 1.1087179e+08 | DB24: 4.2149429e+08 | DC24: E1.P_G.MR1 - Ampliar los programas dirigidos a la Mujer | DD24: E1. - SOCIAL: Desarrollo Social con alta competitividad y proyección | DE24: E1.P_G - EMPODERAMIENTO E INCLUSIÓN DE GÉNERO Y POBLACIÓN LGTBI | DF24: Reivindicar los derechos vulnerados de la mujer y garantizar la inclusión de la comunidad LGBTI, en el marco de una sociedad respetuosa de sus derechos | DH24: E1.P_A.MR3-MP02-1 - Otorgar estímulos para las IED que implementen la jornada única escolar | DI24: E1. - SOCIAL: Desarrollo Social con alta competitividad y proyección | DJ24: E1.P_A - TOCANCIPA BIEN EDUCADA | DK24: Garantizar calidad, cobertura, eficiencia y pertinencia en la oferta Educativa Municipal | DL24: E1.P_A.MR3 - Mantener las tasas de cobertura bruta por niveles | DN24: E1.P_G.MR2 | DO24: Ampliar los programas dirigidos a la Población LGBTI | DQ24: E1.P_A.MR3-MP02-1 | DR24: Otorgar estímulos para las IED que implementen la jornada única escolar | DT24: =+LEFT(DU24,10) -> E1.P_G.MR1 | DU24: E1.P_G.MR1 - Ampliar los programas dirigidos a la Mujer | DV24: E1. - SOCIAL: Desarrollo Social con alta competitividad y proyección | DW24: Mejorar las condiciones de calidad de vida de toda la población del territorio y especialmente en los sectores más vulnerables, garantizando el acceso a sus derechos sociales, individuales y colectrivos en Educación, Salud, Cultura, Recreación y Deporte | DX24: Atención a grupos vulnerables - promoción social | DY24: E1.P_G - EMPODERAMIENTO E INCLUSIÓN DE GÉNERO Y POBLACIÓN LGTBI | DZ24: Reivindicar los derechos vulnerados de la mujer y garantizar la inclusión de la comunidad LGBTI, en el marco de una sociedad respetuosa de sus derechos | EB24: E1.P_G.MR1 | EC24: Ampliar los programas dirigidos a la Mujer | ED24: Programas ampliados | EE24: 1 | EF24: 3 | EL24: E1.P_A.MR3-MP03-1 | EM24: Mantener el acceso a la educación de la población en condiciones de vulnerabilidad que demande el servicio | EN24: % de población vulnerable en el sistema educativo | EO24: 100 | EP24: 100 | EQ24: 100 | ER24: 100 | ES24: 100 | ET24: 100
A25: E1. | B25: SOCIAL: Desarrollo Social con alta competitividad y proyección | C25: Mejorar las condiciones de calidad de vida de toda la población del territorio y especialmente en los sectores más vulnerables, garantizando el acceso a sus derechos sociales, individuales y colectrivos en Educación, Salud, Cultura, Recreación y Deporte | E25: P_A | F25: =+CONCATENATE(A25,E25) -> E1.P_A | G25: TOCANCIPA BIEN EDUCADA | H25: Garantizar calidad, cobertura, eficiencia y pertinencia en la oferta Educativa Municipal | J25: MR3 | K25: =+CONCATENATE(F25,".",J25) -> E1.P_A.MR3 | L25: Mantener las tasas de cobertura bruta por niveles | M25: Tasa de cobertura transición Tasa de cobertura primaria Tasa de cobertura secundaria Tasa de cobertura media | N25: 104% 108% 126% 90,83% | O25: 104% 108% 126% 90,83% | P25: MP04-1 | Q25: =+CONCATENATE(K25,"-",P25) -> E1.P_A.MR3-MP04-1 | R25: Garantizar los servicios de aseo y vigilancia en las I.E.D | S25: No. de I.E.D con Servicios de aseo y vigilancia de calidad mantenidos | T25: 3 | U25: 3 | V25: Mantenimiento | W25: 3 | X25: 3 | Y25: 3 | Z25: 3 | BD25: Secretaria de Educación | BI25: E3. | BJ25: Infraestructura, Planeación, Ambiente y Servicios Públicos | BK25: E3.P_A | BL25: INFRAESTRUCTURAS INSTITUCIONALES Y COMUNITARIAS | BN25: E1.P_I | BO25: REDUCCIÓN DE LA POBREZA EXTREMA | BP25: E1.P_I.MR1 | BQ25: Superar en un 80% la pobreza extrema de las familias identificadas en el Municipio | BS25: E1.P_A.MR3 | BT25: Mantener las tasas de cobertura bruta por niveles | BU25: E1.P_A.MR3-MP03-1 | BV25: Mantener el acceso a la educación de la población en condiciones de vulnerabilidad que demande el servicio | BX25: E3.P_A | BY25: INFRAESTRUCTURAS INSTITUCIONALES Y COMUNITARIAS | BZ25: 12875178237 | CA25: 0 | CB25: 838296900 | CC25: 0 | CD25: 0 | CE25: 2218193937 | CF25: 15931669074 | CG25: 1.3152719e+10 | CH25: 215131029 | CI25: 2106846389 | CK25: 0 | CL25: 1.8451812e+09 | CM25: 1.7319877e+10 | CN25: 1.6025493e+10 | CO25: 615.015 | CP25: 33296026 | CQ25: 0 | CR25: 0 | CS25: 1.7410881e+09 | CT25: 1.7799877e+10 | CU25: 1.5865374e+10 | CV25: 635.54052 | CW25: 7429111238 | CX25: 0 | CY25: 0 | CZ25: 2.5040289e+09 | DA25: 2.5798515e+10 | DB25: 7.6849938e+10 | DC25: E1.P_G.MR2 - Ampliar los programas dirigidos a la Población LGBTI | DD25: E1. - SOCIAL: Desarrollo Social con alta competitividad y proyección | DE25: E1.P_G - EMPODERAMIENTO E INCLUSIÓN DE GÉNERO Y POBLACIÓN LGTBI | DF25: Reivindicar los derechos vulnerados de la mujer y garantizar la inclusión de la comunidad LGBTI, en el marco de una sociedad respetuosa de sus derechos | DH25: E1.P_A.MR3-MP03-1 - Mantener el acceso a la educación de la población en condiciones de vulnerabilidad que demande el servicio | DI25: E1. - SOCIAL: Desarrollo Social con alta competitividad y proyección | DJ25: E1.P_A - TOCANCIPA BIEN EDUCADA | DK25: Garantizar calidad, cobertura, eficiencia y pertinencia en la oferta Educativa Municipal | DL25: E1.P_A.MR3 - Mantener las tasas de cobertura bruta por niveles | DN25: E1.P_H.MR1 | DO25: Mantener la cobertura de la Atención a la Población Víctima del Conflicto Armado y Postconflicto. | DQ25: E1.P_A.MR3-MP03-1 | DR25: Mantener el acceso a la educación de la población en condiciones de vulnerabilidad que demande el servicio | DT25: =+LEFT(DU25,10) -> E1.P_G.MR2 | DU25: E1.P_G.MR2 - Ampliar los programas dirigidos a la Población LGBTI | DV25: E1. - SOCIAL: Desarrollo Social con alta competitividad y proyección | DW25: Mejorar las condiciones de calidad de vida de toda la población del territorio y especialmente en los sectores más vulnerables, garantizando el acceso a sus derechos sociales, individuales y colectrivos en Educación, Salud, Cultura, Recreación y Deporte | DX25: Atención a grupos vulnerables - promoción social | DY25: E1.P_G - EMPODERAMIENTO E INCLUSIÓN DE GÉNERO Y POBLACIÓN LGTBI | DZ25: Reivindicar los derechos vulnerados de la mujer y garantizar la inclusión de la comunidad LGBTI, en el marco de una sociedad respetuosa de sus derechos | EB25: E1.P_G.MR2 | EC25: Ampliar los programas dirigidos a la Población LGBTI | ED25: Programas ampliados | EE25: 1 | EF25: 1 | EL25: E1.P_A.MR3-MP04-1 | EM25: Garantizar los servicios de aseo y vigilancia en las I.E.D | EN25: No. de I.E.D con Servicios de aseo y vigilancia de calidad mantenidos | EO25: 3 | EP25: 3 | EQ25: 3 | ER25: 3 | ES25: 3 | ET25: 3
A26: E1. | B26: SOCIAL: Desarrollo Social con alta competitividad y proyección | C26: Mejorar las condiciones de calidad de vida de toda la población del territorio y especialmente en los sectores más vulnerables, garantizando el acceso a sus derechos sociales, individuales y colectrivos en Educación, Salud, Cultura, Recreación y Deporte | E26: P_A | F26: =+CONCATENATE(A26,E26) -> E1.P_A | G26: TOCANCIPA BIEN EDUCADA | H26: Garantizar calidad, cobertura, eficiencia y pertinencia en la oferta Educativa Municipal | J26: MR3 | K26: =+CONCATENATE(F26,".",J26) -> E1.P_A.MR3 | L26: Mantener las tasas de cobertura bruta por niveles | M26: Tasa de cobertura transición Tasa de cobertura primaria Tasa de cobertura secundaria Tasa de cobertura media | N26: 104% 108% 126% 90,83% | O26: 104% 108% 126% 90,83% | P26: MP05-1 | Q26: =+CONCATENATE(K26,"-",P26) -> E1.P_A.MR3-MP05-1 | R26: Obtener la concesión de servicios educativos en el municipio con entidades de carácter privado | S26: No. Concesiones obtenidas | T26: 0 | U26: 1 | V26: Incremento | W26: 0 | X26: 0 | Y26: 0.5 | Z26: 0.5 | BD26: Secretaria de Educación | BK26: E3.P_B | BL26: PLAN VIAL, VIAS Y MOVILIDAD | BN26: E1.P_J | BO26: CAPACIDADES DIFERENCIALES | BP26: E1.P_J.MR1 | BQ26: Ampliar a 70% la cobertura en la atención de la Población en Condición de Discapacidad y/o Necesidades Educativas Especiales, identificadas en el Censo Municipal de Discapacidad. (LB. 444) | BS26: E1.P_A.MR3 | BT26: Mantener las tasas de cobertura bruta por niveles | BU26: E1.P_A.MR3-MP04-1 | BV26: Garantizar los servicios de aseo y vigilancia en las I.E.D | BX26: E3.P_B | BY26: PLAN VIAL, VIAS Y MOVILIDAD | BZ26: 16420460768 | CA26: 0 | CB26: 7683070518 | CC26: 0 | CD26: 0 | CE26: 2790824326 | CF26: 26894355612 | CG26: 1.6995177e+10 | CH26: 0 | CI26: 7.951978e+09 | CJ26: 0 | CK26: 0 | CL26: 2.8885032e+09 | CM26: 2.7835658e+10 | CN26: 1.7590008e+10 | CO26: 0 | CP26: 8.2302972e+09 | CQ26: 0 | CR26: 0 | CS26: 2.9896008e+09 | CT26: 2.8809906e+10 | CU26: 1.8205658e+10 | CV26: 0 | CW26: 8.5183576e+09 | CX26: 0 | CY26: 0 | CZ26: 3.0942368e+09 | DA26: 2.9818253e+10 | DB26: 1.1335817e+11 | DC26: E1.P_H.MR1 - Mantener la cobertura de la Atención a la Población Víctima del Conflicto Armado y Postconflicto. | DD26: E1. - SOCIAL: Desarrollo Social con alta competitividad y proyección | DE26: E1.P_H - VICTIMAS DEL CONFLICTO ARMADO Y POSTCONFLICTO | DF26: Brindar asistencia, atención y reparación integral a las Víctimas del Conflicto Armado residentes en el Municipio, buscando la garantía de sus derechos; así mismo, atender las directrices del Nivel Nacional generadas sobre postconflicto | DH26: E1.P_A.MR3-MP04-1 - Garantizar los servicios de aseo y vigilancia en las I.E.D | DI26: E1. - SOCIAL: Desarrollo Social con alta competitividad y proyección | DJ26: E1.P_A - TOCANCIPA BIEN EDUCADA | DK26: Garantizar calidad, cobertura, eficiencia y pertinencia en la oferta Educativa Municipal | DL26: E1.P_A.MR3 - Mantener las tasas de cobertura bruta por niveles | DN26: E1.P_I.MR1 | DO26: Superar en un 80% la pobreza extrema de las familias identificadas en el Municipio | DQ26: E1.P_A.MR3-MP04-1 | DR26: Garantizar los servicios de aseo y vigilancia en las I.E.D | DT26: =+LEFT(DU26,10) -> E1.P_H.MR1 | DU26: E1.P_H.MR1 - Mantener la cobertura de la Atención a la Población Víctima del Conflicto Armado y Postconflicto. | DV26: E1. - SOCIAL: Desarrollo Social con alta competitividad y proyección | DW26: Mejorar las condiciones de calidad de vida de toda la población del territorio y especialmente en los sectores más vulnerables, garantizando el acceso a sus derechos sociales, individuales y colectrivos en Educación, Salud, Cultura, Recreación y Deporte | DX26: Atención a grupos vulnerables - promoción social | DY26: E1.P_H - VICTIMAS DEL CONFLICTO ARMADO Y POSTCONFLICTO | DZ26: Brindar asistencia, atención y reparación integral a las Víctimas del Conflicto Armado residentes en el Municipio, buscando la garantía de sus derechos; así mismo, atender las directrices del Nivel Nacional generadas sobre postconflicto | EB26: E1.P_H.MR1 | EC26: Mantener la cobertura de la Atención a la Población Víctima del Conflicto Armado y Postconflicto. | ED26: Cobertura mantenida | EE26: 952 | EF26: 952 | EL26: E1.P_A.MR3-MP05-1 | EM26: Obtener la concesión de servicios educativos en el municipio con entidades de carácter privado | EN26: No. Concesiones obtenidas | EO26: 0 | EP26: 1 | EQ26: 0 | ER26: 0 | ES26: 0.5 | ET26: 0.5
A27: E1. | B27: SOCIAL: Desarrollo Social con alta competitividad y proyección | C27: Mejorar las condiciones de calidad de vida de toda la población del territorio y especialmente en los sectores más vulnerables, garantizando el acceso a sus derechos sociales, individuales y colectrivos en Educación, Salud, Cultura, Recreación y Deporte | E27: P_A | F27: =+CONCATENATE(A27,E27) -> E1.P_A | G27: TOCANCIPA BIEN EDUCADA | H27: Garantizar calidad, cobertura, eficiencia y pertinencia en la oferta Educativa Municipal | I27: 2016-25817-0019 Mejoramiento Perfil ocupacional de la comunidad educativa Tocancipá, Cundinamarca, Centro Oriente | J27: MR4 | K27: =+CONCATENATE(F27,".",J27) -> E1.P_A.MR4 | L27: Mejorar el perfil ocupacional de la población | M27: Índice de perfil ocupacional | N27: 0 | O27: 0.04 | P27: MP01-1 | Q27: =+CONCATENATE(K27,"-",P27) -> E1.P_A.MR4-MP01-1 | R27: Realizar acciones en para la orientación ocupacional y vocacional para los estudiantes de grado 11 de las IED | S27: No. de Acciones realizadas | T27: 2 | U27: 2 | V27: Mantenimiento | W27: 0.5 | X27: 0.05 | Y27: 0.5 | Z27: 0.5 | BD27: Secretaria de Educación | BK27: E3.P_C | BL27: ALUMBRADO PÚBLICO, ENERGÍA Y ENERGÍAS RENOVABLES, GAS, CONECTIVIDAD Y TELECOMUNICACIONES | BN27: E2.P_A | BO27: EMPLEO DIGNO | BP27: E2.P_A.MR1 | BQ27: Reducir el índice de desempleo entre la población economicamente activa residente en el Municipio | BS27: E1.P_A.MR3 | BT27: Mantener las tasas de cobertura bruta por niveles | BU27: E1.P_A.MR3-MP05-1 | BV27: Obtener la concesión de servicios educativos en el municipio con entidades de carácter privado | BX27: E3.P_C | BY27: ALUMBRADO PÚBLICO, ENERGÍA Y ENERGÍAS RENOVABLES, GAS, CONECTIVIDAD Y TELECOMUNICACIONES | BZ27: 176384000 | CA27: 0 | CB27: 1000000000 | CC27: 0 | CD27: 0 | CE27: 23616000 | CF27: 1200000000 | CG27: 182557440 | CH27: 0 | CI27: 1.035e+09 | CJ27: 0 | CK27: 0 | CL27: 24442560 | CM27: 1242000000 | CN27: 1.8894695e+08 | CO27: 0 | CP27: 1.071225e+09 | CQ27: 0 | CR27: 0 | CS27: 25298050 | CT27: 1.28547e+09 | CU27: 1.9556009e+08 | CV27: 0 | CW27: 1.1087179e+09 | CX27: 0 | CY27: 0 | CZ27: 26183481 | DA27: 1.3304614e+09 | DB27: 5.0579314e+09 | DC27: E1.P_I.MR1 - Superar en un 80% la pobreza extrema de las familias identificadas en el Municipio | DD27: E1. - SOCIAL: Desarrollo Social con alta competitividad y proyección | DE27: E1.P_I - REDUCCIÓN DE LA POBREZA EXTREMA | DF27: Coordinar, articular y focalizar, a través de Programas contra la Pobreza Extrema, la oferta de servicios sociales, que les permita superar su nivel de Pobreza | DH27: E1.P_A.MR3-MP05-1 - Obtener la concesión de servicios educativos en el municipio con entidades de carácter privado | DI27: E1. - SOCIAL: Desarrollo Social con alta competitividad y proyección | DJ27: E1.P_A - TOCANCIPA BIEN EDUCADA | DK27: Garantizar calidad, cobertura, eficiencia y pertinencia en la oferta Educativa Municipal | DL27: E1.P_A.MR3 - Mantener las tasas de cobertura bruta por niveles | DN27: E1.P_J.MR1 | DO27: Ampliar a 70% la cobertura en la atención de la Población en Condición de Discapacidad y/o Necesidades Educativas Especiales, identificadas en el Censo Municipal de Discapacidad. (LB. 444) | DQ27: E1.P_A.MR3-MP05-1 | DR27: Obtener la concesión de servicios educativos en el municipio con entidades de carácter privado | DT27: =+LEFT(DU27,10) -> E1.P_I.MR1 | DU27: E1.P_I.MR1 - Superar en un 80% la pobreza extrema de las familias identificadas en el Municipio | DV27: E1. - SOCIAL: Desarrollo Social con alta competitividad y proyección | DW27: Mejorar las condiciones de calidad de vida de toda la población del territorio y especialmente en los sectores más vulnerables, garantizando el acceso a sus derechos sociales, individuales y colectrivos en Educación, Salud, Cultura, Recreación y Deporte | DX27: Atención a grupos vulnerables - promoción social | DY27: E1.P_I - REDUCCIÓN DE LA POBREZA EXTREMA | DZ27: Coordinar, articular y focalizar, a través de Programas contra la Pobreza Extrema, la oferta de servicios sociales, que les permita superar su nivel de Pobreza | EB27: E1.P_I.MR1 | EC27: Superar en un 80% la pobreza extrema de las familias identificadas en el Municipio | ED27: Pobreza extrema superada (80%) | EE27: 164 | EF27: 131 | EL27: E1.P_A.MR4-MP01-1 | EM27: Realizar acciones en para la orientación ocupacional y vocacional para los estudiantes de grado 11 de las IED | EN27: No. de Acciones realizadas | EO27: 2 | EP27: 2 | EQ27: 0.5 | ER27: 0.5 | ES27: 0.5 | ET27: 0.5
A28: E1. | B28: SOCIAL: Desarrollo Social con alta competitividad y proyección | C28: Mejorar las condiciones de calidad de vida de toda la población del territorio y especialmente en los sectores más vulnerables, garantizando el acceso a sus derechos sociales, individuales y colectrivos en Educación, Salud, Cultura, Recreación y Deporte | E28: P_A | F28: =+CONCATENATE(A28,E28) -> E1.P_A | G28: TOCANCIPA BIEN EDUCADA | H28: Garantizar calidad, cobertura, eficiencia y pertinencia en la oferta Educativa Municipal | J28: MR4 | K28: =+CONCATENATE(F28,".",J28) -> E1.P_A.MR4 | L28: Mejorar el perfil ocupacional de la población | M28: Índice de perfil ocupacional | N28: 0 | O28: 0.04 | P28: MP02-1 | Q28: =+CONCATENATE(K28,"-",P28) -> E1.P_A.MR4-MP02-1 | R28: Desarrollar Estrategias articuladas con otras dependencias de la administración y/o otras entidades para la prevención de embarazo adolescente en ambientes escolares | S28: No. de estrategias desarrolladas | T28: 1 | U28: 3 | V28: Incremento | W28: 0.75 | X28: 0.75 | Y28: 0.75 | Z28: 0.75 | BD28: Secretaria de Educación | BK28: E3.P_D | BL28: ORDENAMIENTO, GESTIÓN DEL TERRITORIO Y PLANEACIÓN DEL DESARROLLO | BN28: E2.P_B | BO28: EMPRENDIMIENTO Y ASOCIATIVIDAD | BP28: E2.P_B.MR1 | BQ28: Incrementar la cobertura de usuarios de unidades de emprendimiento y asociatividad fortalecidas | BS28: E1.P_A.MR4 | BT28: Mejorar el perfil ocupacional de la población | BU28: E1.P_A.MR4-MP01-1 | BV28: Realizar acciones en para la orientación ocupacional y vocacional para los estudiantes de grado 11 de las IED | BX28: E3.P_D | BY28: ORDENAMIENTO, GESTIÓN DEL TERRITORIO Y PLANEACIÓN DEL DESARROLLO | BZ28: 145849388 | CA28: 0 | CB28: 0 | CC28: 54150612 | CD28: 0 | CF28: 200000000 | CG28: 1.5095412e+08 | CH28: 0 | CI28: 293000000 | CJ28: 56045883 | CK28: 0 | CL28: 0 | CM28: 500000000 | CN28: 1.5095412e+08 | CO28: 0 | CP28: 293000000 | CQ28: 56045883 | CR28: 0 | CS28: 0 | CT28: 500000000 | CU28: 145849388 | CV28: 0 | CW28: 0 | CX28: 54150612 | CY28: 0 | CZ28: 0 | DA28: 200000000 | DB28: 1400000000 | DC28: E1.P_J.MR1 - Ampliar a 70% la cobertura en la atención de la Población en Condición de Discapacidad y/o Necesidades Educativas Especiales, identificadas en el Censo Municipal de Discapacidad. (LB. 444) | DD28: E1. - SOCIAL: Desarrollo Social con alta competitividad y proyección | DE28: E1.P_J - CAPACIDADES DIFERENCIALES | DF28: Brindar acceso a servicios sociales a la población con capacidades diferenciales y/o necesidades educativas especiales, que les incluya socialmente y mejorar su calidad de vida. | DH28: E1.P_A.MR4-MP01-1 - Realizar acciones en para la orientación ocupacional y vocacional para los estudiantes de grado 11 de las IED | DI28: E1. - SOCIAL: Desarrollo Social con alta competitividad y proyección | DJ28: E1.P_A - TOCANCIPA BIEN EDUCADA | DK28: Garantizar calidad, cobertura, eficiencia y pertinencia en la oferta Educativa Municipal | DL28: E1.P_A.MR4 - Mejorar el perfil ocupacional de la población | DN28: E2.P_A.MR1 | DO28: Reducir el índice de desempleo entre la población economicamente activa residente en el Municipio | DQ28: E1.P_A.MR4-MP01-1 | DR28: Realizar acciones en para la orientación ocupacional y vocacional para los estudiantes de grado 11 de las IED | DT28: =+LEFT(DU28,10) -> E1.P_J.MR1 | DU28: E1.P_J.MR1 - Ampliar a 70% la cobertura en la atención de la Población en Condición de Discapacidad y/o Necesidades Educativas Especiales, identificadas en el Censo Municipal de Discapacidad. (LB. 444) | DV28: E1. - SOCIAL: Desarrollo Social con alta competitividad y proyección | DW28: Mejorar las condiciones de calidad de vida de toda la población del territorio y especialmente en los sectores más vulnerables, garantizando el acceso a sus derechos sociales, individuales y colectrivos en Educación, Salud, Cultura, Recreación y Deporte | DX28: Atención a grupos vulnerables - promoción social | DY28: E1.P_J - CAPACIDADES DIFERENCIALES | DZ28: Brindar acceso a servicios sociales a la población con capacidades diferenciales y/o necesidades educativas especiales, que les incluya socialmente y mejorar su calidad de vida. | EB28: E1.P_J.MR1 | EC28: Ampliar a 70% la cobertura en la atención de la Población en Condición de Discapacidad y/o Necesidades Educativas Especiales, identificadas en el Censo Municipal de Discapacidad. (LB. 444) | ED28: Cobertura ampliada | EE28: 260 | EF28: 318 | EL28: E1.P_A.MR4-MP02-1 | EM28: Desarrollar Estrategias articuladas con otras dependencias de la administración y/o otras entidades para la prevención de embarazo adolescente en ambientes escolares | EN28: No. de estrategias desarrolladas | EO28: 1 | EP28: 3 | EQ28: 0.75 | ER28: 0.75 | ES28: 0.75 | ET28: 0.75
A29: E1. | B29: SOCIAL: Desarrollo Social con alta competitividad y proyección | C29: Mejorar las condiciones de calidad de vida de toda la población del territorio y especialmente en los sectores más vulnerables, garantizando el acceso a sus derechos sociales, individuales y colectrivos en Educación, Salud, Cultura, Recreación y Deporte | E29: P_A | F29: =+CONCATENATE(A29,E29) -> E1.P_A | G29: TOCANCIPA BIEN EDUCADA | H29: Garantizar calidad, cobertura, eficiencia y pertinencia en la oferta Educativa Municipal | J29: MR4 | K29: =+CONCATENATE(F29,".",J29) -> E1.P_A.MR4 | L29: Mejorar el perfil ocupacional de la población | M29: Índice de perfil ocupacional | N29: 0 | O29: 0.04 | P29: MP03-1 | Q29: =+CONCATENATE(K29,"-",P29) -> E1.P_A.MR4-MP03-1 | R29: Implementar estrategias articuladas con otras dependencias de la administración y/o otras entidades para la prevención del consumo de SPA en ambientes escolares | S29: No. de estrategias implementadas | T29: 1 | U29: 3 | V29: Incremento | W29: 0.75 | X29: 0.75 | Y29: 0.75 | Z29: 0.75 | BD29: Secretaria de Educación | BK29: E3.P_E | BL29: VIVIENDA | BN29: E2.P_C | BO29: COMPETITIVIDAD Y DESARROLLO | BP29: E2.P_C.MR1 | BQ29: Avanzar en la implementación de mecanismos que favorezcan la competitividad local | BS29: E1.P_A.MR4 | BT29: Mejorar el perfil ocupacional de la población | BU29: E1.P_A.MR4-MP02-1 | BV29: Desarrollar Estrategias articuladas con otras dependencias de la administración y/o otras entidades para la prevención de embarazo adolescente en ambientes escolares | BX29: E3.P_E | BY29: VIVIENDA | BZ29: 3999944973 | CA29: 0 | CB29: 0 | CC29: 0 | CD29: 0 | CE29: 55027 | CF29: 4000000000 | CG29: 4.139943e+09 | CH29: 0 | CI29: 0 | CJ29: 0 | CK29: 0 | CL29: 56952.945 | CM29: 4140000000 | CN29: 4.2848411e+09 | CO29: 0 | CP29: 0 | CQ29: 0 | CR29: 0 | CS29: 58946.298 | CT29: 4.2849e+09 | CU29: 4.4348105e+09 | CV29: 0 | CW29: 0 | CX29: 0 | CY29: 0 | CZ29: 61009.419 | DA29: 4.4348715e+09 | DB29: 1.6859771e+10 | DC29: E2.P_A.MR1 - Reducir el índice de desempleo entre la población economicamente activa residente en el Municipio | DD29: E2. - ECONÓMICO: Desarrollo Económico con alta competitividad y proyección | DE29: E2.P_A - EMPLEO DIGNO | DF29: Consolidar el servicio público de Empleo con enfoque de calidad para la disminución del desempleo del municipio | DH29: E1.P_A.MR4-MP02-1 - Desarrollar Estrategias articuladas con otras dependencias de la administración y/o otras entidades para la prevención de embarazo adolescente en ambientes escolares | DI29: E1. - SOCIAL: Desarrollo Social con alta competitividad y proyección | DJ29: E1.P_A - TOCANCIPA BIEN EDUCADA | DK29: Garantizar calidad, cobertura, eficiencia y pertinencia en la oferta Educativa Municipal | DL29: E1.P_A.MR4 - Mejorar el perfil ocupacional de la población | DN29: E2.P_B.MR1 | DO29: Incrementar la cobertura de usuarios de unidades de emprendimiento y asociatividad fortalecidas | DQ29: E1.P_A.MR4-MP02-1 | DR29: Desarrollar Estrategias articuladas con otras dependencias de la administración y/o otras entidades para la prevención de embarazo adolescente en ambientes escolares | DT29: =+LEFT(DU29,10) -> E2.P_A.MR1 | DU29: E2.P_A.MR1 - Reducir el índice de desempleo entre la población economicamente activa residente en el Municipio | DV29: E2. - ECONÓMICO: Desarrollo Económico con alta competitividad y proyección | DW29: Fortalecer el desarrollo económico del Municipio orientado a la alta competitividad, a través de la disminución de los índices de desempleo, promoviendo la generaciónde emprendimiento y las unidades de negocio, así como el desarrollo del sector turístico y la tecnificación de los procesos del sector agropecuario | DX29: Promoción del desarrollo | DY29: E2.P_A - EMPLEO DIGNO | DZ29: Consolidar el servicio público de Empleo con enfoque de calidad para la disminución del desempleo del municipio | EB29: E2.P_A.MR1 | EC29: Reducir el índice de desempleo entre la población economicamente activa residente en el Municipio | ED29: Índice de desempleo | EE29: 4.75 | EF29: 4.5 | EL29: E1.P_A.MR4-MP03-1 | EM29: Implementar estrategias articuladas con otras dependencias de la administración y/o otras entidades para la prevención del consumo de SPA en ambientes escolares | EN29: No. de estrategias implementadas | EO29: 1 | EP29: 3 | EQ29: 0.75 | ER29: 0.75 | ES29: 0.75 | ET29: 0.75
A30: E1. | B30: SOCIAL: Desarrollo Social con alta competitividad y proyección | C30: Mejorar las condiciones de calidad de vida de toda la población del territorio y especialmente en los sectores más vulnerables, garantizando el acceso a sus derechos sociales, individuales y colectrivos en Educación, Salud, Cultura, Recreación y Deporte | E30: P_A | F30: =+CONCATENATE(A30,E30) -> E1.P_A | G30: TOCANCIPA BIEN EDUCADA | H30: Garantizar calidad, cobertura, eficiencia y pertinencia en la oferta Educativa Municipal | J30: MR4 | K30: =+CONCATENATE(F30,".",J30) -> E1.P_A.MR4 | L30: Mejorar el perfil ocupacional de la población | M30: Índice de perfil ocupacional | N30: 0 | O30: 0.04 | P30: MP04-1 | Q30: =+CONCATENATE(K30,"-",P30) -> E1.P_A.MR4-MP04-1 | R30: Implementar una estrategia de apoyo profesional para fortalecer la convivencia escolar y el entorno familiar | S30: No. de estrategias implementadas | T30: 0 | U30: 1 | V30: Incremento | W30: 0.25 | X30: 0.25 | Y30: 0.25 | Z30: 0.25 | BD30: Secretaria de Educación | BK30: E3.P_F | BL30: TOCANCIPA SE PREPARA PARA EL CAMBIO CLIMÁTICO | BN30: E2.P_D | BO30: CIENCIA, TECNOLOGIA E INNOVACIÓN | BP30: E2.P_D.MR1 | BQ30: Mejorar el estado de implementación de las estrategias para el avance en ciencia tecnología e innovación | BS30: E1.P_A.MR4 | BT30: Mejorar el perfil ocupacional de la población | BU30: E1.P_A.MR4-MP03-1 | BV30: Implementar estrategias articuladas con otras dependencias de la administración y/o otras entidades para la prevención del consumo de SPA en ambientes escolares | BX30: E3.P_F | BY30: TOCANCIPA SE PREPARA PARA EL CAMBIO CLIMÁTICO | BZ30: 0 | CA30: 0 | CB30: 0 | CC30: 0 | CD30: 0 | CE30: 50000000 | CF30: 50000000 | CH30: 0 | CJ30: 0 | CK30: 0 | CL30: 120000000 | CM30: 120000000 | CO30: 0 | CQ30: 0 | CR30: 0 | CS30: 171367000 | CT30: 171367000 | CV30: 0 | CX30: 0 | CY30: 0 | CZ30: 148000000 | DA30: 148000000 | DB30: 489367000 | DC30: E2.P_B.MR1 - Incrementar la cobertura de usuarios de unidades de emprendimiento y asociatividad fortalecidas | DD30: E2. - ECONÓMICO: Desarrollo Económico con alta competitividad y proyección | DE30: E2.P_B - EMPRENDIMIENTO Y ASOCIATIVIDAD | DF30: Promover programas inclusivos dirigidos a emprendedores competitivos y con visión estratégica | DH30: E1.P_A.MR4-MP03-1 - Implementar estrategias articuladas con otras dependencias de la administración y/o otras entidades para la prevención del consumo de SPA en ambientes escolares | DI30: E1. - SOCIAL: Desarrollo Social con alta competitividad y proyección | DJ30: E1.P_A - TOCANCIPA BIEN EDUCADA | DK30: Garantizar calidad, cobertura, eficiencia y pertinencia en la oferta Educativa Municipal | DL30: E1.P_A.MR4 - Mejorar el perfil ocupacional de la población | DN30: E2.P_C.MR1 | DO30: Avanzar en la implementación de mecanismos que favorezcan la competitividad local | DQ30: E1.P_A.MR4-MP03-1 | DR30: Implementar estrategias articuladas con otras dependencias de la administración y/o otras entidades para la prevención del consumo de SPA en ambientes escolares | DT30: =+LEFT(DU30,10) -> E2.P_B.MR1 | DU30: E2.P_B.MR1 - Incrementar la cobertura de usuarios de unidades de emprendimiento y asociatividad fortalecidas | DV30: E2. - ECONÓMICO: Desarrollo Económico con alta competitividad y proyección | DW30: Fortalecer el desarrollo económico del Municipio orientado a la alta competitividad, a través de la disminución de los índices de desempleo, promoviendo la generaciónde emprendimiento y las unidades de negocio, así como el desarrollo del sector turístico y la tecnificación de los procesos del sector agropecuario | DX30: Promoción del desarrollo | DY30: E2.P_B - EMPRENDIMIENTO Y ASOCIATIVIDAD | DZ30: Promover programas inclusivos dirigidos a emprendedores competitivos y con visión estratégica | EB30: E2.P_B.MR1 | EC30: Incrementar la cobertura de usuarios de unidades de emprendimiento y asociatividad fortalecidas | ED30: No. de unidades de emprendimiento asesoradas y fortalecidas a través de asesorías | EE30: 184 | EF30: 230 | EL30: E1.P_A.MR4-MP04-1 | EM30: Implementar una estrategia de apoyo profesional para fortalecer la convivencia escolar y el entorno familiar | EN30: No. de estrategias implementadas | EO30: 0 | EP30: 1 | EQ30: 0.25 | ER30: 0.25 | ES30: 0.25 | ET30: 0.25
A31: E1. | B31: SOCIAL: Desarrollo Social con alta competitividad y proyección | C31: Mejorar las condiciones de calidad de vida de toda la población del territorio y especialmente en los sectores más vulnerables, garantizando el acceso a sus derechos sociales, individuales y colectrivos en Educación, Salud, Cultura, Recreación y Deporte | E31: P_A | F31: =+CONCATENATE(A31,E31) -> E1.P_A | G31: TOCANCIPA BIEN EDUCADA | H31: Garantizar calidad, cobertura, eficiencia y pertinencia en la oferta Educativa Municipal | J31: MR4 | K31: =+CONCATENATE(F31,".",J31) -> E1.P_A.MR4 | L31: Mejorar el perfil ocupacional de la población | M31: Índice de perfil ocupacional | N31: 0 | O31: 0.04 | P31: MP05-1 | Q31: =+CONCATENATE(K31,"-",P31) -> E1.P_A.MR4-MP05-1 | R31: Aumentar la cobertura de formación en programas de Segunda Lengua | S31: No. de Beneficiarios de formación en segunda Lengua | T31: 120 | U31: 1500 | V31: Incremento | W31: 375 | X31: 375 | Y31: 375 | Z31: 375 | BD31: Secretaria de Educación | BK31: E3.P_G | BL31: AGUA | BN31: E2.P_E | BO31: DESARROLLO AGROPECUARIO DE ALTA COMPETITIVIDAD | BP31: E2.P_E.MR1 | BQ31: Incrementar la productividad de las unidades productivas agropecuarias | BS31: E1.P_A.MR4 | BT31: Mejorar el perfil ocupacional de la población | BU31: E1.P_A.MR4-MP04-1 | BV31: Implementar una estrategia de apoyo profesional para fortalecer la convivencia escolar y el entorno familiar | BX31: E3.P_G | BY31: AGUA | BZ31: 0 | CA31: 0 | CB31: 0 | CC31: 0 | CD31: 0 | CE31: 674581000 | CF31: 674581000 | CH31: 0 | CJ31: 0 | CK31: 0 | CL31: 713610000 | CM31: 713610000 | CO31: 0 | CQ31: 0 | CR31: 0 | CS31: 749291000 | CT31: 749291000 | CV31: 0 | CX31: 0 | CY31: 0 | CZ31: 754803000 | DA31: 754803000 | DB31: 2892285000 | DC31: E2.P_C.MR1 - Avanzar en la implementación de mecanismos que favorezcan la competitividad local | DD31: E2. - ECONÓMICO: Desarrollo Económico con alta competitividad y proyección | DE31: E2.P_C - COMPETITIVIDAD Y DESARROLLO | DF31: Generar condiciones para el desarrollo de la competitividad municipal | DH31: E1.P_A.MR4-MP04-1 - Implementar una estrategia de apoyo profesional para fortalecer la convivencia escolar y el entorno familiar | DI31: E1. - SOCIAL: Desarrollo Social con alta competitividad y proyección | DJ31: E1.P_A - TOCANCIPA BIEN EDUCADA | DK31: Garantizar calidad, cobertura, eficiencia y pertinencia en la oferta Educativa Municipal | DL31: E1.P_A.MR4 - Mejorar el perfil ocupacional de la población | DN31: E2.P_D.MR1 | DO31: Mejorar el estado de implementación de las estrategias para el avance en ciencia tecnología e innovación | DQ31: E1.P_A.MR4-MP04-1 | DR31: Implementar una estrategia de apoyo profesional para fortalecer la convivencia escolar y el entorno familiar | DT31: =+LEFT(DU31,10) -> E2.P_C.MR1 | DU31: E2.P_C.MR1 - Avanzar en la implementación de mecanismos que favorezcan la competitividad local | DV31: E2. - ECONÓMICO: Desarrollo Económico con alta competitividad y proyección | DW31: Fortalecer el desarrollo económico del Municipio orientado a la alta competitividad, a través de la disminución de los índices de desempleo, promoviendo la generaciónde emprendimiento y las unidades de negocio, así como el desarrollo del sector turístico y la tecnificación de los procesos del sector agropecuario | DX31: Promoción del desarrollo | DY31: E2.P_C - COMPETITIVIDAD Y DESARROLLO | DZ31: Generar condiciones para el desarrollo de la competitividad municipal | EB31: E2.P_C.MR1 | EC31: Avanzar en la implementación de mecanismos que favorezcan la competitividad local | ED31: % de avance en la implementación de mecanismos para la competitividad | EE31: 0 | EF31: 80 | EL31: E1.P_A.MR4-MP05-1 | EM31: Aumentar la cobertura de formación en programas de Segunda Lengua | EN31: No. de Beneficiarios de formación en segunda Lengua | EO31: 120 | EP31: 1500 | EQ31: 375 | ER31: 375 | ES31: 375 | ET31: 375
A32: E1. | B32: SOCIAL: Desarrollo Social con alta competitividad y proyección | C32: Mejorar las condiciones de calidad de vida de toda la población del territorio y especialmente en los sectores más vulnerables, garantizando el acceso a sus derechos sociales, individuales y colectrivos en Educación, Salud, Cultura, Recreación y Deporte | E32: P_A | F32: =+CONCATENATE(A32,E32) -> E1.P_A | G32: TOCANCIPA BIEN EDUCADA | H32: Garantizar calidad, cobertura, eficiencia y pertinencia en la oferta Educativa Municipal | I32: 2016-25817-0006 Implementación de una estrategia para el acceso y permanencia a la Educación Titulada, Complementaria, Tecnológica Tocancipá, Cundinamarca, Centro Oriente | J32: MR5 | K32: =+CONCATENATE(F32,".",J32) -> E1.P_A.MR5 | L32: Desarrollar una estrategia para fomentar el acceso de la población a la educación técnica, tecnológica y profesional | M32: Estrategia desarrollada | N32: 0 | O32: 1 | P32: MP01-1 | Q32: =+CONCATENATE(K32,"-",P32) -> E1.P_A.MR5-MP01-1 | R32: Realizar un proyecto de acuerdo para la modificación y reestructuración del Fondo Educativo Municipal | S32: N° de proyectos de acuerdo presentado | T32: 1 | U32: 1 | V32: Mantenimiento | W32: 1 | X32: 0 | Y32: 0 | Z32: 0 | BD32: Secretaria de Educación | BK32: E3.P_H | BL32: FLORA, FAUNA, SUELO, MINERÍA Y GESTIÓN DE RESIDUOS SÓLIDOS | BN32: E2.P_F | BO32: DESARROLLO TURISTICO DE ALTA COMPETITIVIDAD | BP32: E2.P_F.MR1 | BQ32: Avanzar en la implementación del Plan Municipal de Turismo | BS32: E1.P_A.MR4 | BT32: Mejorar el perfil ocupacional de la población | BU32: E1.P_A.MR4-MP05-1 | BV32: Aumentar la cobertura de formación en programas de Segunda Lengua | BX32: E3.P_H | BY32: FLORA, FAUNA, SUELO, MINERÍA Y GESTIÓN DE RESIDUOS SÓLIDOS | BZ32: 50000000 | CA32: 0 | CB32: 1450000000 | CC32: 0 | CD32: 0 | CE32: 0 | CF32: 1500000000 | CG32: 145000000 | CH32: 0 | CI32: 950500000 | CJ32: 0 | CK32: 0 | CL32: 0 | CM32: 1095500000 | CN32: 115500000 | CO32: 0 | CP32: 1474500000 | CQ32: 0 | CR32: 0 | CS32: 0 | CT32: 1590000000 | CU32: 170000000 | CV32: 0 | CW32: 450000000 | CX32: 0 | CY32: 0 | CZ32: 0 | DA32: 620000000 | DB32: 4805500000 | DC32: E2.P_D.MR1 - Mejorar el estado de implementación de las estrategias para el avance en ciencia tecnología e innovación | DD32: E2. - ECONÓMICO: Desarrollo Económico con alta competitividad y proyección | DE32: E2.P_D - CIENCIA, TECNOLOGIA E INNOVACIÓN | DF32: Desarrollar estrategias en ciencia, tencología e innovación en el municipio | DH32: E1.P_A.MR4-MP05-1 - Aumentar la cobertura de formación en programas de Segunda Lengua | DI32: E1. - SOCIAL: Desarrollo Social con alta competitividad y proyección | DJ32: E1.P_A - TOCANCIPA BIEN EDUCADA | DK32: Garantizar calidad, cobertura, eficiencia y pertinencia en la oferta Educativa Municipal | DL32: E1.P_A.MR4 - Mejorar el perfil ocupacional de la población | DN32: E2.P_E.MR1 | DO32: Incrementar la productividad de las unidades productivas agropecuarias | DQ32: E1.P_A.MR4-MP05-1 | DR32: Aumentar la cobertura de formación en programas de Segunda Lengua | DT32: =+LEFT(DU32,10) -> E2.P_D.MR1 | DU32: E2.P_D.MR1 - Mejorar el estado de implementación de las estrategias para el avance en ciencia tecnología e innovación | DV32: E2. - ECONÓMICO: Desarrollo Económico con alta competitividad y proyección | DW32: Fortalecer el desarrollo económico del Municipio orientado a la alta competitividad, a través de la disminución de los índices de desempleo, promoviendo la generaciónde emprendimiento y las unidades de negocio, así como el desarrollo del sector turístico y la tecnificación de los procesos del sector agropecuario | DX32: Promoción del desarrollo | DY32: E2.P_D - CIENCIA, TECNOLOGIA E INNOVACIÓN | DZ32: Desarrollar estrategias en ciencia, tencología e innovación en el municipio | EB32: E2.P_D.MR1 | EC32: Mejorar el estado de implementación de las estrategias para el avance en ciencia tecnología e innovación | ED32: No. de estrategias implementadas en Ciencia, Tecnología e Innovación | EE32: 0 | EF32: 2 | EL32: E1.P_A.MR5-MP01-1 | EM32: Realizar un proyecto de acuerdo para la modificación y reestructuración del Fondo Educativo Municipal | EN32: N° de proyectos de acuerdo presentado | EO32: 1 | EP32: 1 | EQ32: 0.25 | ER32: 0.25 | ES32: 0.25 | ET32: 0.25
A33: E1. | B33: SOCIAL: Desarrollo Social con alta competitividad y proyección | C33: Mejorar las condiciones de calidad de vida de toda la población del territorio y especialmente en los sectores más vulnerables, garantizando el acceso a sus derechos sociales, individuales y colectrivos en Educación, Salud, Cultura, Recreación y Deporte | E33: P_A | F33: =+CONCATENATE(A33,E33) -> E1.P_A | G33: TOCANCIPA BIEN EDUCADA | H33: Garantizar calidad, cobertura, eficiencia y pertinencia en la oferta Educativa Municipal | J33: MR5 | K33: =+CONCATENATE(F33,".",J33) -> E1.P_A.MR5 | L33: Desarrollar una estrategia para fomentar el acceso de la población a la educación técnica, tecnológica y profesional | M33: Estrategia desarrollada | N33: 0 | O33: 1 | P33: MP02-1 | Q33: =+CONCATENATE(K33,"-",P33) -> E1.P_A.MR5-MP02-1 | R33: Suscribir convenios para la articulación de la educación media con la educación superior | S33: No. de convenios suscritos para articulación de la educación media con la educación superior | T33: 1 | U33: 2 | V33: Incremento | W33: 0.5 | X33: 0.5 | Y33: 0.5 | Z33: 0.5 | BD33: Secretaria de Educación | BK33: E3.P_I | BL33: AIRE, RUIDO Y CONTAMINACIÓN VISUAL | BN33: E2.P_F | BO33: DESARROLLO TURISTICO DE ALTA COMPETITIVIDAD | BP33: E2.P_F.MR2 | BQ33: Incrementar el número de nuevos visitantes anuales a los sitios de interés turístico | BS33: E1.P_A.MR5 | BT33: Desarrollar una estrategia para fomentar el acceso de la población a la educación técnica, tecnológica y profesional | BU33: E1.P_A.MR5-MP01-1 | BV33: Realizar un proyecto de acuerdo para la modificación y reestructuración del Fondo Educativo Municipal | BX33: E3.P_I | BY33: AIRE, RUIDO Y CONTAMINACIÓN VISUAL | BZ33: 22000000 | CA33: 0 | CB33: 0 | CC33: 0 | CD33: 0 | CE33: 0 | CF33: 22000000 | CG33: 23000000 | CH33: 0 | CI33: 0 | CJ33: 0 | CK33: 0 | CL33: 0 | CM33: 23000000 | CN33: 44000000 | CO33: 0 | CP33: 0 | CQ33: 0 | CR33: 0 | CS33: 0 | CT33: 44000000 | CU33: 46000000 | CV33: 0 | CW33: 0 | CX33: 0 | CY33: 0 | CZ33: 0 | DA33: 46000000 | DB33: 135000000 | DC33: E2.P_E.MR1 - Incrementar la productividad de las unidades productivas agropecuarias | DD33: E2. - ECONÓMICO: Desarrollo Económico con alta competitividad y proyección | DE33: E2.P_E - DESARROLLO AGROPECUARIO DE ALTA COMPETITIVIDAD | DF33: Fortalecer el sector Agropecuario con enfoque competitivo y emprendedor | DH33: E1.P_A.MR5-MP01-1 - Realizar un proyecto de acuerdo para la modificación y reestructuración del Fondo Educativo Municipal | DI33: E1. - SOCIAL: Desarrollo Social con alta competitividad y proyección | DJ33: E1.P_A - TOCANCIPA BIEN EDUCADA | DK33: Garantizar calidad, cobertura, eficiencia y pertinencia en la oferta Educativa Municipal | DL33: E1.P_A.MR5 - Desarrollar una estrategia para fomentar el acceso de la población a la educación técnica, tecnológica y profesional | DN33: E2.P_F.MR1 | DO33: Avanzar en la implementación del Plan Municipal de Turismo | DQ33: E1.P_A.MR5-MP01-1 | DR33: Realizar un proyecto de acuerdo para la modificación y reestructuración del Fondo Educativo Municipal | DT33: =+LEFT(DU33,10) -> E2.P_E.MR1 | DU33: E2.P_E.MR1 - Incrementar la productividad de las unidades productivas agropecuarias | DV33: E2. - ECONÓMICO: Desarrollo Económico con alta competitividad y proyección | DW33: Fortalecer el desarrollo económico del Municipio orientado a la alta competitividad, a través de la disminución de los índices de desempleo, promoviendo la generaciónde emprendimiento y las unidades de negocio, así como el desarrollo del sector turístico y la tecnificación de los procesos del sector agropecuario | DX33: Agropecuario | DY33: E2.P_E - DESARROLLO AGROPECUARIO DE ALTA COMPETITIVIDAD | DZ33: Fortalecer el sector Agropecuario con enfoque competitivo y emprendedor | EB33: E2.P_E.MR1 | EC33: Incrementar la productividad de las unidades productivas agropecuarias | ED33: Sistemas agropecuarios con productividad mejorada | EE33: 665 | EF33: 1100 | EL33: E1.P_A.MR5-MP02-1 | EM33: Suscribir convenios para la articulación de la educación media con la educación superior | EN33: No. de convenios suscritos para articulación de la educación media con la educación superior | EO33: 1 | EP33: 2 | EQ33: 0.5 | ER33: 0.5 | ES33: 0.5 | ET33: 0.5
A34: E1. | B34: SOCIAL: Desarrollo Social con alta competitividad y proyección | C34: Mejorar las condiciones de calidad de vida de toda la población del territorio y especialmente en los sectores más vulnerables, garantizando el acceso a sus derechos sociales, individuales y colectrivos en Educación, Salud, Cultura, Recreación y Deporte | E34: P_A | F34: =+CONCATENATE(A34,E34) -> E1.P_A | G34: TOCANCIPA BIEN EDUCADA | H34: Garantizar calidad, cobertura, eficiencia y pertinencia en la oferta Educativa Municipal | J34: MR5 | K34: =+CONCATENATE(F34,".",J34) -> E1.P_A.MR5 | L34: Desarrollar una estrategia para fomentar el acceso de la población a la educación técnica, tecnológica y profesional | M34: Estrategia desarrollada | N34: 0 | O34: 1 | P34: MP03-1 | Q34: =+CONCATENATE(K34,"-",P34) -> E1.P_A.MR5-MP03-1 | R34: Realizar acciones administrativas para promover el acceso a la educación técnica, tecnológica y profesional para egresados del Municipio | S34: No. de acciones administrativas realizadas para el acceso a la educación Técnica, Tecnológica y Pofesional para egresados del Municipio | T34: 5 | U34: 6 | V34: Incremento | W34: 2 | X34: 2 | Y34: 1 | Z34: 1 | BD34: Secretaria de Educación | BK34: E3.P_J | BL34: SIGAM, PRAES, PIGA Y PROCEDAS | BN34: E3.P_A | BO34: INFRAESTRUCTURAS INSTITUCIONALES Y COMUNITARIAS | BP34: E3.P_A.MR1 | BQ34: Desarrollar infraestructuras públicas para mejorar las condiciones de vida de los Tocancipeños | BS34: E1.P_A.MR5 | BT34: Desarrollar una estrategia para fomentar el acceso de la población a la educación técnica, tecnológica y profesional | BU34: E1.P_A.MR5-MP02-1 | BV34: Suscribir convenios para la articulación de la educación media con la educación superior | BX34: E3.P_J | BY34: SIGAM, PRAES, PIGA Y PROCEDAS | BZ34: 103000000 | CA34: 0 | CB34: 0 | CC34: 0 | CD34: 0 | CE34: 0 | CF34: 103000000 | CG34: 79000000 | CH34: 0 | CI34: 0 | CJ34: 0 | CK34: 0 | CL34: 0 | CM34: 79000000 | CN34: 76500000 | CO34: 0 | CP34: 0 | CQ34: 0 | CR34: 0 | CS34: 0 | CT34: 76500000 | CU34: 105000000 | CV34: 0 | CW34: 0 | CX34: 0 | CY34: 0 | CZ34: 0 | DA34: 105000000 | DB34: 363500000 | DC34: E2.P_F.MR1 - Avanzar en la implementación del Plan Municipal de Turismo | DD34: E2. - ECONÓMICO: Desarrollo Económico con alta competitividad y proyección | DE34: E2.P_F - DESARROLLO TURISTICO DE ALTA COMPETITIVIDAD | DF34: Incrementar la promoción y fortalecimiento del turismo para el posicionamiento del Municipio a nivel regional y Nacional | DH34: E1.P_A.MR5-MP02-1 - Suscribir convenios para la articulación de la educación media con la educación superior | DI34: E1. - SOCIAL: Desarrollo Social con alta competitividad y proyección | DJ34: E1.P_A - TOCANCIPA BIEN EDUCADA | DK34: Garantizar calidad, cobertura, eficiencia y pertinencia en la oferta Educativa Municipal | DL34: E1.P_A.MR5 - Desarrollar una estrategia para fomentar el acceso de la población a la educación técnica, tecnológica y profesional | DN34: E2.P_F.MR2 | DO34: Incrementar el número de nuevos visitantes anuales a los sitios de interés turístico | DQ34: E1.P_A.MR5-MP02-1 | DR34: Suscribir convenios para la articulación de la educación media con la educación superior | DT34: =+LEFT(DU34,10) -> E2.P_F.MR1 | DU34: E2.P_F.MR1 - Avanzar en la implementación del Plan Municipal de Turismo | DV34: E2. - ECONÓMICO: Desarrollo Económico con alta competitividad y proyección | DW34: Fortalecer el desarrollo económico del Municipio orientado a la alta competitividad, a través de la disminución de los índices de desempleo, promoviendo la generaciónde emprendimiento y las unidades de negocio, así como el desarrollo del sector turístico y la tecnificación de los procesos del sector agropecuario | DX34: Promoción del desarrollo | DY34: E2.P_F - DESARROLLO TURISTICO DE ALTA COMPETITIVIDAD | DZ34: Incrementar la promoción y fortalecimiento del turismo para el posicionamiento del Municipio a nivel regional y Nacional | EB34: E2.P_F.MR1 | EC34: Avanzar en la implementación del Plan Municipal de Turismo | ED34: % de avance logrado | EE34: 25 | EF34: 90 | EL34: E1.P_A.MR5-MP03-1 | EM34: Realizar acciones administrativas para promover el acceso a la educación técnica, tecnológica y profesional para egresados del Municipio | EN34: No. de acciones administrativas realizadas para el acceso a la educación Técnica, Tecnológica y Pofesional para egresados del Municipio | EO34: 5 | EP34: 6 | EQ34: 2 | ER34: 2 | ES34: 1 | ET34: 1
A35: E1. | B35: SOCIAL: Desarrollo Social con alta competitividad y proyección | C35: Mejorar las condiciones de calidad de vida de toda la población del territorio y especialmente en los sectores más vulnerables, garantizando el acceso a sus derechos sociales, individuales y colectrivos en Educación, Salud, Cultura, Recreación y Deporte | E35: P_A | F35: =+CONCATENATE(A35,E35) -> E1.P_A | G35: TOCANCIPA BIEN EDUCADA | H35: Garantizar calidad, cobertura, eficiencia y pertinencia en la oferta Educativa Municipal | J35: MR5 | K35: =+CONCATENATE(F35,".",J35) -> E1.P_A.MR5 | L35: Desarrollar una estrategia para fomentar el acceso de la población a la educación técnica, tecnológica y profesional | M35: Estrategia desarrollada | N35: 0 | O35: 1 | P35: MP04-1 | Q35: =+CONCATENATE(K35,"-",P35) -> E1.P_A.MR5-MP04-1 | R35: Implementar estrategias con entidades públicas y/o privadas para el acceso a becas de educación superior | S35: No. de estrategias implementadas para la acceder a becas en educación superior | T35: 0 | U35: 1 | V35: Incremento | W35: 0.25 | X35: 0.25 | Y35: 0.25 | Z35: 0.25 | BD35: Secretaria de Educación | BK35: E3.P_K | BL35: SENTENCIA DEL RÍO BOGOTÁ | BN35: E3.P_B | BO35: PLAN VIAL, VIAS Y MOVILIDAD | BP35: E3.P_B.MR1 | BQ35: Mejorar las condiciones de movilidad del municipio a través de una inversión per cápita en el sector | BS35: E1.P_A.MR5 | BT35: Desarrollar una estrategia para fomentar el acceso de la población a la educación técnica, tecnológica y profesional | BU35: E1.P_A.MR5-MP03-1 | BV35: Realizar acciones administrativas para promover el acceso a la educación técnica, tecnológica y profesional para egresados del Municipio | BX35: E3.P_K | BY35: SENTENCIA DEL RÍO BOGOTÁ | BZ35: 706463231 | CA35: 0 | CB35: 0 | CC35: 0 | CD35: 0 | CE35: 493536769 | CF35: 1200000000 | CG35: 7.3118944e+08 | CH35: 0 | CI35: 0 | CJ35: 0 | CK35: 0 | CL35: 5.1081056e+08 | CM35: 1242000000 | CN35: 7.5678107e+08 | CO35: 0 | CP35: 0 | CQ35: 0 | CR35: 0 | CS35: 5.2868893e+08 | CT35: 1.28547e+09 | CU35: 7.8326841e+08 | CV35: 0 | CW35: 0 | CX35: 0 | CY35: 0 | CZ35: 5.4719304e+08 | DA35: 1.3304614e+09 | DB35: 5.0579314e+09 | DC35: E2.P_F.MR2 - Incrementar el número de nuevos visitantes anuales a los sitios de interés turístico | DD35: E2. - ECONÓMICO: Desarrollo Económico con alta competitividad y proyección | DE35: E2.P_F - DESARROLLO TURISTICO DE ALTA COMPETITIVIDAD | DF35: Incrementar la promoción y fortalecimiento del turismo para el posicionamiento del Municipio a nivel regional y Nacional | DH35: E1.P_A.MR5-MP03-1 - Realizar acciones administrativas para promover el acceso a la educación técnica, tecnológica y profesional para egresados del Municipio | DI35: E1. - SOCIAL: Desarrollo Social con alta competitividad y proyección | DJ35: E1.P_A - TOCANCIPA BIEN EDUCADA | DK35: Garantizar calidad, cobertura, eficiencia y pertinencia en la oferta Educativa Municipal | DL35: E1.P_A.MR5 - Desarrollar una estrategia para fomentar el acceso de la población a la educación técnica, tecnológica y profesional | DN35: E3.P_A.MR1 | DO35: Desarrollar infraestructuras públicas para mejorar las condiciones de vida de los Tocancipeños | DQ35: E1.P_A.MR5-MP03-1 | DR35: Realizar acciones administrativas para promover el acceso a la educación técnica, tecnológica y profesional para egresados del Municipio | DT35: =+LEFT(DU35,10) -> E2.P_F.MR2 | DU35: E2.P_F.MR2 - Incrementar el número de nuevos visitantes anuales a los sitios de interés turístico | DV35: E2. - ECONÓMICO: Desarrollo Económico con alta competitividad y proyección | DW35: Fortalecer el desarrollo económico del Municipio orientado a la alta competitividad, a través de la disminución de los índices de desempleo, promoviendo la generaciónde emprendimiento y las unidades de negocio, así como el desarrollo del sector turístico y la tecnificación de los procesos del sector agropecuario | DX35: Promoción del desarrollo | DY35: E2.P_F - DESARROLLO TURISTICO DE ALTA COMPETITIVIDAD | DZ35: Incrementar la promoción y fortalecimiento del turismo para el posicionamiento del Municipio a nivel regional y Nacional | EB35: E2.P_F.MR2 | EC35: Incrementar el número de nuevos visitantes anuales a los sitios de interés turístico | ED35: No. de visitantes anuales a los sitios de interés turístico | EE35: 18152 | EF35: 40000 | EL35: E1.P_A.MR5-MP04-1 | EM35: Implementar estrategias con entidades públicas y/o privadas para el acceso a becas de educación superior | EN35: No. de estrategias implementadas para la acceder a becas en educación superior | EO35: 0 | EP35: 1 | EQ35: 0.25 | ER35: 0.25 | ES35: 0.25 | ET35: 0.25
A36: E1. | B36: SOCIAL: Desarrollo Social con alta competitividad y proyección | C36: Mejorar las condiciones de calidad de vida de toda la población del territorio y especialmente en los sectores más vulnerables, garantizando el acceso a sus derechos sociales, individuales y colectrivos en Educación, Salud, Cultura, Recreación y Deporte | D36: Salud | E36: P_B | F36: =+CONCATENATE(A36,E36) -> E1.P_B | G36: SALUD CON ATENCIÓN DIGNA, PRIORITARIA Y DE CALIDAD | H36: Desarrollar acciones para fortalecer las condiciones del sistema de salud, que Garantice una atención digna, prioritaria y de calidad para todos | I36: 2016-25817-0038 Adecuación, terminación, equipamiento y operación del Hospital Municipal Tocancipá, Cundinamarca, Centro Oriente | J36: MR1 | K36: =+CONCATENATE(F36,".",J36) -> E1.P_B.MR1 | L36: Terminación, equipamiento y operación del Hospital Municipal | M36: Hospital Terminado, equipado y en operación | N36: 0.2 | O36: 1 | P36: MP01-1 | Q36: =+CONCATENATE(K36,"-",P36) -> E1.P_B.MR1-MP01-1 | R36: Terminación de la Construcción del Hospital Municipal bajo esquemas de gestión conjunta con el departamento | S36: Porcentaje de construcción del Hospital Municipal | T36: 0.6 | U36: 1 | V36: Incremento | W36: 0 | X36: 0.5 | Y36: 0.5 | Z36: 0 | AA36: =45000000+5000000+42000000+149295165+52000000+40000000+81871606+88245720+1159140+75000000+32000000+27000000+100000000+35877140+233000000+25185824+704835+1684614000+815386000-2500000000+2500000000 -> 3533339430 | AB36: =893704160+48000000+51000000+43000000+96928+5128394+13003958 -> 1053933440 | AC36: 500000000 | AF36: =469367247+541637228+1499262124+16008270+122259387+28727650+1995078 -> 2679256984 | AG36: =SUM(AA36:AF36) -> 7766529854 | AH36: =AA36*1.035 -> 3.6570063e+09 | AI36: =AB36*1.035 -> 1.0908211e+09 | AJ36: =AC36*1.035-87500000 -> 4.3e+08 | AK36: =AD36*1.035 -> 0 | AL36: =AE36*1.035 -> 0 | AM36: =AF36*1.035 -> 2.773031e+09 | AN36: =SUM(AH36:AM36) -> 7.9508584e+09 | AO36: =AH36*1.035-2500000000 -> 1.2850015e+09 | AP36: =AI36*1.035 -> 1.1289998e+09 | AQ36: =AJ36*1.035-87500000 -> 3.5755e+08 | AR36: =AK36*1.035 -> 0 | AS36: =AL36*1.035 -> 0 | AT36: =AM36*1.035 -> 2.8700871e+09 | AU36: =SUM(AO36:AT36) -> 5.6416384e+09 | AV36: =AO36*1.035 -> 1.3299766e+09 | AW36: =AP36*1.035 -> 1.1685148e+09 | AX36: =AQ36*1.035 -> 3.7006425e+08 | AY36: =AR36*1.035 -> 0 | AZ36: =AS36*1.035 -> 0 | BA36: =AT36*1.035 -> 2.9705401e+09 | BB36: =SUM(AV36:BA36) -> 5.8390958e+09 | BC36: =+BB36+AU36+AN36+AG36 -> 2.7198122e+10 | BD36: Secretaria de Salud | BK36: E3.P_L | BL36: ACUEDUCTO, ALCANTARILLADO Y ASEO | BN36: E3.P_C | BO36: ALUMBRADO PÚBLICO, ENERGÍA Y ENERGÍAS RENOVABLES, GAS, CONECTIVIDAD Y TELECOMUNICACIONES | BP36: E3.P_C.MR1 | BQ36: Mantener los puntos lumínicos de alumbrado público municipal | BS36: E1.P_A.MR5 | BT36: Desarrollar una estrategia para fomentar el acceso de la población a la educación técnica, tecnológica y profesional | BU36: E1.P_A.MR5-MP04-1 | BV36: Implementar estrategias con entidades públicas y/o privadas para el acceso a becas de educación superior | BX36: E3.P_L | BY36: ACUEDUCTO, ALCANTARILLADO Y ASEO | BZ36: 0 | CA36: 980802926 | CB36: 510000000 | CC36: 0 | CD36: 0 | CE36: 4347947000 | CF36: 5838749926 | CG36: 0 | CH36: 800000000 | CI36: 395529000 | CJ36: 0 | CK36: 0 | CL36: 4855322000 | CM36: 6050851000 | CN36: 0 | CO36: 1050660000 | CP36: 199710000 | CQ36: 0 | CR36: 0 | CS36: 5124277000 | CT36: 6374647000 | CU36: 624555000 | CV36: 1087433100 | CW36: 0 | CX36: 0 | CY36: 0 | CZ36: 4639918000 | DA36: 6351906100 | DB36: 24616154026 | DC36: E3.P_A.MR1 - Desarrollar infraestructuras públicas para mejorar las condiciones de vida de los Tocancipeños | DD36: E3. - Infraestructura, Planeación, Ambiente y Servicios Públicos | DE36: E3.P_A - INFRAESTRUCTURAS INSTITUCIONALES Y COMUNITARIAS | DF36: Desarrollar infraestructuras públicas para mejorar las condiciones de vida de los Tocancipeños | DH36: E1.P_A.MR5-MP04-1 - Implementar estrategias con entidades públicas y/o privadas para el acceso a becas de educación superior | DI36: E1. - SOCIAL: Desarrollo Social con alta competitividad y proyección | DJ36: E1.P_A - TOCANCIPA BIEN EDUCADA | DK36: Garantizar calidad, cobertura, eficiencia y pertinencia en la oferta Educativa Municipal | DL36: E1.P_A.MR5 - Desarrollar una estrategia para fomentar el acceso de la población a la educación técnica, tecnológica y profesional | DN36: E3.P_B.MR1 | DO36: Mejorar las condiciones de movilidad del municipio a través de una inversión per cápita en el sector | DQ36: E1.P_A.MR5-MP04-1 | DR36: Implementar estrategias con entidades públicas y/o privadas para el acceso a becas de educación superior | DT36: =+LEFT(DU36,10) -> E3.P_A.MR1 | DU36: E3.P_A.MR1 - Desarrollar infraestructuras públicas para mejorar las condiciones de vida de los Tocancipeños | DV36: E3. - Infraestructura, Planeación, Ambiente y Servicios Públicos | DW36: Desarrollar infraestructuras sostenibles y de calidad, que interactúen de manera armónica con el medio ambiente y el cambio climático basado en el desarrollo económico y el bienestar social, promoviendo el acceso equitativo de servicios básicos esenciales para todos los grupos de población | DX36: Equipamiento | DY36: E3.P_A - INFRAESTRUCTURAS INSTITUCIONALES Y COMUNITARIAS | DZ36: Desarrollar infraestructuras públicas para mejorar las condiciones de vida de los Tocancipeños | EB36: E3.P_A.MR1 | EC36: Desarrollar infraestructuras públicas para mejorar las condiciones de vida de los Tocancipeños | ED36: Infraestructuras desarrolladas | EE36: 87 | EF36: 114 | EL36: E1.P_B.MR1-MP01-1 | EM36: Terminación de la Construcción del Hospital Municipal bajo esquemas de gestión conjunta con el departamento | EN36: Porcentaje de construcción del Hospital Municipal (%) | EO36: 60 | EP36: 100 | EQ36: 0 | ER36: 0 | ES36: 50 | ET36: 50
A37: E1. | B37: SOCIAL: Desarrollo Social con alta competitividad y proyección | C37: Mejorar las condiciones de calidad de vida de toda la población del territorio y especialmente en los sectores más vulnerables, garantizando el acceso a sus derechos sociales, individuales y colectrivos en Educación, Salud, Cultura, Recreación y Deporte | E37: P_B | F37: =+CONCATENATE(A37,E37) -> E1.P_B | G37: SALUD CON ATENCIÓN DIGNA, PRIORITARIA Y DE CALIDAD | H37: Desarrollar acciones para fortalecer las condiciones del sistema de salud, que Garantice una atención digna, prioritaria y de calidad para todos | J37: MR1 | K37: =+CONCATENATE(F37,".",J37) -> E1.P_B.MR1 | L37: Terminación, equipamiento y operación del Hospital Municipal | M37: Hospital Terminado, equipado y en operación | N37: 0.2 | O37: 1 | P37: MP02-1 | Q37: =+CONCATENATE(K37,"-",P37) -> E1.P_B.MR1-MP02-1 | R37: Dotación del Hospital Municipal de Tocancipá. | S37: Dotación del Hospital Municipal Nuestra Señora de Tránsito | T37: 0 | U37: 1 | V37: Incremento | W37: 0 | X37: 0 | Y37: 0.5 | Z37: 0.5 | BD37: Secretaria de Salud | BI37: E4. | BJ37: Seguridad y Justicia, La Integración Comunitaria y la Administración Pública son con la Gente y por la Gente | BK37: E4.P_A | BL37: SEGURIDAD Y JUSTICIA | BN37: E3.P_C | BO37: ALUMBRADO PÚBLICO, ENERGÍA Y ENERGÍAS RENOVABLES, GAS, CONECTIVIDAD Y TELECOMUNICACIONES | BP37: E3.P_C.MR2 | BQ37: Articular con las empresas prestadoras de servicios la ampliación de la cobertura de redes de (energía, gas, telefonía, concectividad, telecomunicaciones, etc) | BS37: E1.P_B.MR1 | BT37: Terminación, equipamiento y operación del Hospital Municipal | BU37: E1.P_B.MR1-MP01-1 | BV37: Terminación de la Construcción del Hospital Municipal bajo esquemas de gestión conjunta con el departamento | BX37: E4.P_A | BY37: SEGURIDAD Y JUSTICIA | BZ37: 592661060 | CA37: 0 | CB37: 200000000 | CC37: 0 | CD37: 0 | CE37: 3607338940 | CF37: 4400000000 | CG37: 6.134042e+08 | CH37: 0 | CI37: 2.07e+08 | CJ37: 0 | CK37: 0 | CL37: 3.7335958e+09 | CM37: 4554000000 | CN37: 6.3487334e+08 | CO37: 0 | CP37: 2.14245e+08 | CQ37: 0 | CR37: 0 | CS37: 3.8642717e+09 | CT37: 4713390000 | CU37: 6.5709391e+08 | CV37: 0 | CW37: 2.2174357e+08 | CX37: 0 | CY37: 0 | CZ37: 3.9995212e+09 | DA37: 4.8783586e+09 | DB37: 18545748650 | DC37: E3.P_B.MR1 - Mejorar las condiciones de movilidad del municipio a través de una inversión per cápita en el sector | DD37: E3. - Infraestructura, Planeación, Ambiente y Servicios Públicos | DE37: E3.P_B - PLAN VIAL, VIAS Y MOVILIDAD | DF37: Mejorar las condiciones de movilidad del municipio | DH37: E1.P_B.MR1-MP01-1 - Terminación de la Construcción del Hospital Municipal bajo esquemas de gestión conjunta con el departamento | DI37: E1. - SOCIAL: Desarrollo Social con alta competitividad y proyección | DJ37: E1.P_B - SALUD CON ATENCIÓN DIGNA, PRIORITARIA Y DE CALIDAD | DK37: Desarrollar acciones para fortalecer las condiciones del sistema de salud, que Garantice una atención digna, prioritaria y de calidad para todos | DL37: E1.P_B.MR1 - Terminación, equipamiento y operación del Hospital Municipal | DN37: E3.P_C.MR1 | DO37: Mantener los puntos lumínicos de alumbrado público municipal | DQ37: E1.P_B.MR1-MP01-1 | DR37: Terminación de la Construcción del Hospital Municipal bajo esquemas de gestión conjunta con el departamento | DT37: =+LEFT(DU37,10) -> E3.P_B.MR1 | DU37: E3.P_B.MR1 - Mejorar las condiciones de movilidad del municipio a través de una inversión per cápita en el sector | DV37: E3. - Infraestructura, Planeación, Ambiente y Servicios Públicos | DW37: Desarrollar infraestructuras sostenibles y de calidad, que interactúen de manera armónica con el medio ambiente y el cambio climático basado en el desarrollo económico y el bienestar social, promoviendo el acceso equitativo de servicios básicos esenciales para todos los grupos de población | DX37: Transporte | DY37: E3.P_B - PLAN VIAL, VIAS Y MOVILIDAD | DZ37: Mejorar las condiciones de movilidad del municipio | EB37: E3.P_B.MR1 | EC37: Mejorar las condiciones de movilidad del municipio a través de una inversión per cápita en el sector | ED37: Inversión per cápita Anual en el sector (SMMLV) | EE37: 0,21 smmlv per cápita | EF37: 0,5 smmlv per cápita | EL37: E1.P_B.MR1-MP02-1 | EM37: Dotación del Hospital Municipal de Tocancipá. | EN37: Dotación del Hospital Municipal Nuestra Señora de Tránsito | EO37: 0 | EP37: 1 | EQ37: 0 | ER37: 0 | ES37: 0.5 | ET37: 0.5
A38: E1. | B38: SOCIAL: Desarrollo Social con alta competitividad y proyección | C38: Mejorar las condiciones de calidad de vida de toda la población del territorio y especialmente en los sectores más vulnerables, garantizando el acceso a sus derechos sociales, individuales y colectrivos en Educación, Salud, Cultura, Recreación y Deporte | E38: P_B | F38: =+CONCATENATE(A38,E38) -> E1.P_B | G38: SALUD CON ATENCIÓN DIGNA, PRIORITARIA Y DE CALIDAD | H38: Desarrollar acciones para fortalecer las condiciones del sistema de salud, que Garantice una atención digna, prioritaria y de calidad para todos | J38: MR1 | K38: =+CONCATENATE(F38,".",J38) -> E1.P_B.MR1 | L38: Terminación, equipamiento y operación del Hospital Municipal | M38: Hospital Terminado, equipado y en operación | N38: 0.2 | O38: 1 | P38: MP03-1 | Q38: =+CONCATENATE(K38,"-",P38) -> E1.P_B.MR1-MP03-1 | R38: Incluir dentro de la red de Cundinamarca al Hospital Municipal | S38: N° de gestiones realizadas para incluir dentro de la red de Cundinamarca el Hospital del Municipio de Tocancipá | T38: 0 | U38: 1 | V38: Incremento | W38: 0.25 | X38: 0.25 | Y38: 0.25 | Z38: 0.25 | BD38: Secretaria de Salud | BK38: E4.P_B | BL38: TOCANCIPA GESTIONA SUS RIESGOS | BN38: E3.P_D | BO38: ORDENAMIENTO, GESTIÓN DEL TERRITORIO Y PLANEACIÓN DEL DESARROLLO | BP38: E3.P_D.MR1 | BQ38: Implementar acciones para mejorar las condiciones del ordenamiento territorial del municipio | BS38: E1.P_B.MR1 | BT38: Terminación, equipamiento y operación del Hospital Municipal | BU38: E1.P_B.MR1-MP02-1 | BV38: Dotación del Hospital Municipal de Tocancipá. | BX38: E4.P_B | BY38: TOCANCIPA GESTIONA SUS RIESGOS | BZ38: 0 | CA38: 0 | CB38: 0 | CC38: 0 | CD38: 0 | CE38: 300000000 | CF38: 300000000 | CG38: 0 | CH38: 0 | CI38: 0 | CJ38: 0 | CK38: 0 | CL38: 310500000 | CM38: 310500000 | CN38: 0 | CO38: 0 | CP38: 0 | CQ38: 0 | CR38: 0 | CS38: 321367500 | CT38: 321367500 | CU38: 0 | CV38: 0 | CW38: 0 | CX38: 0 | CY38: 0 | CZ38: 3.3261536e+08 | DA38: 3.3261536e+08 | DB38: 1.2644829e+09 | DC38: E3.P_C.MR1 - Mantener los puntos lumínicos de alumbrado público municipal | DD38: E3. - Infraestructura, Planeación, Ambiente y Servicios Públicos | DE38: E3.P_C - ALUMBRADO PÚBLICO, ENERGÍA Y ENERGÍAS RENOVABLES, GAS, CONECTIVIDAD Y TELECOMUNICACIONES | DF38: Garantizar el acceso a servicios públicos diferentes a saneamiento básico en adecuadas condiciones de cobertura y calidad | DH38: E1.P_B.MR1-MP02-1 - Dotación del Hospital Municipal de Tocancipá. | DI38: E1. - SOCIAL: Desarrollo Social con alta competitividad y proyección | DJ38: E1.P_B - SALUD CON ATENCIÓN DIGNA, PRIORITARIA Y DE CALIDAD | DK38: Desarrollar acciones para fortalecer las condiciones del sistema de salud, que Garantice una atención digna, prioritaria y de calidad para todos | DL38: E1.P_B.MR1 - Terminación, equipamiento y operación del Hospital Municipal | DN38: E3.P_C.MR2 | DO38: Articular con las empresas prestadoras de servicios la ampliación de la cobertura de redes de (energía, gas, telefonía, concectividad, telecomunicaciones, etc) | DQ38: E1.P_B.MR1-MP02-1 | DR38: Dotación del Hospital Municipal de Tocancipá. | DT38: =+LEFT(DU38,10) -> E3.P_C.MR1 | DU38: E3.P_C.MR1 - Mantener los puntos lumínicos de alumbrado público municipal | DV38: E3. - Infraestructura, Planeación, Ambiente y Servicios Públicos | DW38: Desarrollar infraestructuras sostenibles y de calidad, que interactúen de manera armónica con el medio ambiente y el cambio climático basado en el desarrollo económico y el bienestar social, promoviendo el acceso equitativo de servicios básicos esenciales para todos los grupos de población | DX38: Servicios Públicos | DY38: E3.P_C - ALUMBRADO PÚBLICO, ENERGÍA Y ENERGÍAS RENOVABLES, GAS, CONECTIVIDAD Y TELECOMUNICACIONES | DZ38: Garantizar el acceso a servicios públicos diferentes a saneamiento básico en adecuadas condiciones de cobertura y calidad | EB38: E3.P_C.MR1 | EC38: Mantener los puntos lumínicos de alumbrado público municipal | ED38: % puntos lumínicos de alumbrado público municipal en funcionamiento | EE38: 99 | EF38: 99 | EL38: E1.P_B.MR1-MP03-1 | EM38: Incluir dentro de la red de Cundinamarca al Hospital Municipal | EN38: N° de gestiones realizadas para incluir dentro de la red de Cundinamarca el Hospital del Municipio de Tocancipá | EO38: 0 | EP38: 1 | EQ38: 0.25 | ER38: 0.25 | ES38: 0.25 | ET38: 0.25
A39: E1. | B39: SOCIAL: Desarrollo Social con alta competitividad y proyección | C39: Mejorar las condiciones de calidad de vida de toda la población del territorio y especialmente en los sectores más vulnerables, garantizando el acceso a sus derechos sociales, individuales y colectrivos en Educación, Salud, Cultura, Recreación y Deporte | E39: P_B | F39: =+CONCATENATE(A39,E39) -> E1.P_B | G39: SALUD CON ATENCIÓN DIGNA, PRIORITARIA Y DE CALIDAD | H39: Desarrollar acciones para fortalecer las condiciones del sistema de salud, que Garantice una atención digna, prioritaria y de calidad para todos | J39: MR1 | K39: =+CONCATENATE(F39,".",J39) -> E1.P_B.MR1 | L39: Terminación, equipamiento y operación del Hospital Municipal | M39: Hospital Terminado, equipado y en operación | N39: 0.2 | O39: 1 | P39: MP04-1 | Q39: =+CONCATENATE(K39,"-",P39) -> E1.P_B.MR1-MP04-1 | R39: Puesta en funcionamiento del Hospital Municipal Nuestra Señora de Tránsito | S39: Hospital operativo y en funcionamiento | T39: 0 | U39: 1 | V39: Incremento | W39: 0 | X39: 0 | Y39: 0.5 | Z39: 0.5 | BD39: Secretaria de Salud | BK39: E4.P_C | BL39: DESARROLLO COMUNITARIO | BN39: E3.P_D | BO39: ORDENAMIENTO, GESTIÓN DEL TERRITORIO Y PLANEACIÓN DEL DESARROLLO | BP39: E3.P_D.MR2 | BQ39: Fortalecer las capacidades institucionales del Municipio para mejorar la planeación del desarrollo municipal | BS39: E1.P_B.MR1 | BT39: Terminación, equipamiento y operación del Hospital Municipal | BU39: E1.P_B.MR1-MP03-1 | BV39: Incluir dentro de la red de Cundinamarca al Hospital Municipal | BX39: E4.P_C | BY39: DESARROLLO COMUNITARIO | BZ39: 26000000 | CA39: 0 | CB39: 100000000 | CC39: 0 | CD39: 0 | CE39: 0 | CF39: 126000000 | CG39: 26910000 | CH39: 0 | CI39: 1.035e+08 | CJ39: 0 | CK39: 0 | CL39: 0 | CM39: 1.3041e+08 | CN39: 27851850 | CO39: 0 | CP39: 1.071225e+08 | CQ39: 0 | CR39: 0 | CS39: 0 | CT39: 1.3497435e+08 | CU39: 28826665 | CV39: 0 | CW39: 1.1087179e+08 | CX39: 0 | CY39: 0 | CZ39: 0 | DA39: 1.3969845e+08 | DB39: 5.310828e+08 | DC39: E3.P_C.MR2 - Articular con las empresas prestadoras de servicios la ampliación de la cobertura de redes de (energía, gas, telefonía, concectividad, telecomunicaciones, etc) | DD39: E3. - Infraestructura, Planeación, Ambiente y Servicios Públicos | DE39: E3.P_C - ALUMBRADO PÚBLICO, ENERGÍA Y ENERGÍAS RENOVABLES, GAS, CONECTIVIDAD Y TELECOMUNICACIONES | DF39: Garantizar el acceso a servicios públicos diferentes a saneamiento básico en adecuadas condiciones de cobertura y calidad | DH39: E1.P_B.MR1-MP03-1 - Incluir dentro de la red de Cundinamarca al Hospital Municipal | DI39: E1. - SOCIAL: Desarrollo Social con alta competitividad y proyección | DJ39: E1.P_B - SALUD CON ATENCIÓN DIGNA, PRIORITARIA Y DE CALIDAD | DK39: Desarrollar acciones para fortalecer las condiciones del sistema de salud, que Garantice una atención digna, prioritaria y de calidad para todos | DL39: E1.P_B.MR1 - Terminación, equipamiento y operación del Hospital Municipal | DN39: E3.P_D.MR1 | DO39: Implementar acciones para mejorar las condiciones del ordenamiento territorial del municipio | DQ39: E1.P_B.MR1-MP03-1 | DR39: Incluir dentro de la red de Cundinamarca al Hospital Municipal | DT39: =+LEFT(DU39,10) -> E3.P_C.MR2 | DU39: E3.P_C.MR2 - Articular con las empresas prestadoras de servicios la ampliación de la cobertura de redes de (energía, gas, telefonía, concectividad, telecomunicaciones, etc) | DV39: E3. - Infraestructura, Planeación, Ambiente y Servicios Públicos | DW39: Desarrollar infraestructuras sostenibles y de calidad, que interactúen de manera armónica con el medio ambiente y el cambio climático basado en el desarrollo económico y el bienestar social, promoviendo el acceso equitativo de servicios básicos esenciales para todos los grupos de población | DX39: Servicios Públicos | DY39: E3.P_C - ALUMBRADO PÚBLICO, ENERGÍA Y ENERGÍAS RENOVABLES, GAS, CONECTIVIDAD Y TELECOMUNICACIONES | DZ39: Garantizar el acceso a servicios públicos diferentes a saneamiento básico en adecuadas condiciones de cobertura y calidad | EB39: E3.P_C.MR2 | EC39: Articular con las empresas prestadoras de servicios la ampliación de la cobertura de redes de (energía, gas, telefonía, concectividad, telecomunicaciones, etc) | ED39: % | EE39: 2 | EF39: 5 | EL39: E1.P_B.MR1-MP04-1 | EM39: Puesta en funcionamiento del Hospital Municipal Nuestra Señora de Tránsito | EN39: Hospital operativo y en funcionamiento | EO39: 0 | EP39: 1 | EQ39: 0 | ER39: 0 | ES39: 0.5 | ET39: 0.5
A40: E1. | B40: SOCIAL: Desarrollo Social con alta competitividad y proyección | C40: Mejorar las condiciones de calidad de vida de toda la población del territorio y especialmente en los sectores más vulnerables, garantizando el acceso a sus derechos sociales, individuales y colectrivos en Educación, Salud, Cultura, Recreación y Deporte | E40: P_B | F40: =+CONCATENATE(A40,E40) -> E1.P_B | G40: SALUD CON ATENCIÓN DIGNA, PRIORITARIA Y DE CALIDAD | H40: Desarrollar acciones para fortalecer las condiciones del sistema de salud, que Garantice una atención digna, prioritaria y de calidad para todos | I40: 2016-25817-0041 Fortalecimiento del programa de Aseguramiento y prestación de servicios de salud del Municipio de Tocancipá, Cundinamarca, Centro Oriente | J40: MR2 | K40: =+CONCATENATE(F40,".",J40) -> E1.P_B.MR2 | L40: Mantener el programa de aseguramiento SGSSS y fortalecer la prestación de servicios de salud | M40: Programa de aseguramiento mantenido | N40: 5295 | O40: 5295 | P40: MP01-1 | Q40: =+CONCATENATE(K40,"-",P40) -> E1.P_B.MR2-MP01-1 | R40: Garantizar el aseguramiento, a la población Tocancipeña en condición de vulnerabilidad, al Sistema General de Seguridad Social en Salud SGSS | S40: No. de afiliados reconocidos en liquidación mensual de afiliados (LMA) | T40: 5295 | U40: 5295 | V40: Mantenimiento | W40: 5295 | X40: 5295 | Y40: 5295 | Z40: 5295 | BD40: Secretaria de Salud | BK40: E4.P_D | BL40: FORTALECIMIENTO Y EQUIPAMIENTO INSTITUCIONAL Y SISTEMA DE GESTIÓN Y CONTROL | BN40: E3.P_E | BO40: VIVIENDA | BP40: E3.P_E.MR1 | BQ40: Mejorar las condiciones de vivienda a través de la implementación de estrategias y acciones encaminadas a recuperar la vivienda digna | BS40: E1.P_B.MR1 | BT40: Terminación, equipamiento y operación del Hospital Municipal | BU40: E1.P_B.MR1-MP04-1 | BV40: Puesta en funcionamiento del Hospital Municipal Nuestra Señora de Tránsito | BX40: E4.P_D | BY40: FORTALECIMIENTO Y EQUIPAMIENTO INSTITUCIONAL Y SISTEMA DE GESTIÓN Y CONTROL | BZ40: 1364481705 | CA40: 0 | CB40: 100000000 | CC40: 0 | CD40: 0 | CE40: 420419925 | CF40: 1884901630 | CG40: 1.4122386e+09 | CH40: 0 | CI40: 1.035e+08 | CJ40: 0 | CK40: 0 | CL40: 4.3513462e+08 | CM40: 1.9508732e+09 | CN40: 1.4616669e+09 | CO40: 0 | CP40: 1.071225e+08 | CQ40: 0 | CR40: 0 | CS40: 4.5036433e+08 | CT40: 2.0191537e+09 | CU40: 1.5128253e+09 | CV40: 0 | CW40: 1.1087179e+08 | CX40: 0 | CY40: 0 | CZ40: 4.6612709e+08 | DA40: 2.0898241e+09 | DB40: 7.9447527e+09 | DC40: E3.P_D.MR1 - Implementar acciones para mejorar las condiciones del ordenamiento territorial del municipio | DD40: E3. - Infraestructura, Planeación, Ambiente y Servicios Públicos | DE40: E3.P_D - ORDENAMIENTO, GESTIÓN DEL TERRITORIO Y PLANEACIÓN DEL DESARROLLO | DF40: Mejorar las condiciones del Ordenamiento Territorial y la planeación del desarrollo municipal | DH40: E1.P_B.MR1-MP04-1 - Puesta en funcionamiento del Hospital Municipal Nuestra Señora de Tránsito | DI40: E1. - SOCIAL: Desarrollo Social con alta competitividad y proyección | DJ40: E1.P_B - SALUD CON ATENCIÓN DIGNA, PRIORITARIA Y DE CALIDAD | DK40: Desarrollar acciones para fortalecer las condiciones del sistema de salud, que Garantice una atención digna, prioritaria y de calidad para todos | DL40: E1.P_B.MR1 - Terminación, equipamiento y operación del Hospital Municipal | DN40: E3.P_D.MR2 | DO40: Fortalecer las capacidades institucionales del Municipio para mejorar la planeación del desarrollo municipal | DQ40: E1.P_B.MR1-MP04-1 | DR40: Puesta en funcionamiento del Hospital Municipal Nuestra Señora de Tránsito | DT40: =+LEFT(DU40,10) -> E3.P_D.MR1 | DU40: E3.P_D.MR1 - Implementar acciones para mejorar las condiciones del ordenamiento territorial del municipio | DV40: E3. - Infraestructura, Planeación, Ambiente y Servicios Públicos | DW40: Desarrollar infraestructuras sostenibles y de calidad, que interactúen de manera armónica con el medio ambiente y el cambio climático basado en el desarrollo económico y el bienestar social, promoviendo el acceso equitativo de servicios básicos esenciales para todos los grupos de población | DX40: Promoción del desarrollo | DY40: E3.P_D - ORDENAMIENTO, GESTIÓN DEL TERRITORIO Y PLANEACIÓN DEL DESARROLLO | DZ40: Mejorar las condiciones del Ordenamiento Territorial y la planeación del desarrollo municipal | EB40: E3.P_D.MR1 | EC40: Implementar acciones para mejorar las condiciones del ordenamiento territorial del municipio | ED40: Acciones implementadas | EE40: 0 | EF40: 6 | EL40: E1.P_B.MR2-MP01-1 | EM40: Garantizar el aseguramiento, a la población Tocancipeña en condición de vulnerabilidad, al Sistema General de Seguridad Social en Salud SGSS | EN40: No. de afiliados reconocidos en liquidación mensual de afiliados (LMA) | EO40: 5295 | EP40: 5295 | EQ40: 5295 | ER40: 5295 | ES40: 5295 | ET40: 5295
A41: E1. | B41: SOCIAL: Desarrollo Social con alta competitividad y proyección | C41: Mejorar las condiciones de calidad de vida de toda la población del territorio y especialmente en los sectores más vulnerables, garantizando el acceso a sus derechos sociales, individuales y colectrivos en Educación, Salud, Cultura, Recreación y Deporte | E41: P_B | F41: =+CONCATENATE(A41,E41) -> E1.P_B | G41: SALUD CON ATENCIÓN DIGNA, PRIORITARIA Y DE CALIDAD | H41: Desarrollar acciones para fortalecer las condiciones del sistema de salud, que Garantice una atención digna, prioritaria y de calidad para todos | J41: MR2 | K41: =+CONCATENATE(F41,".",J41) -> E1.P_B.MR2 | L41: Mantener el programa de aseguramiento SGSSS y fortalecer la prestación de servicios de salud | M41: Programa de aseguramiento mantenido | N41: 5295 | O41: 5295 | P41: MP02-1 | Q41: =+CONCATENATE(K41,"-",P41) -> E1.P_B.MR2-MP02-1 | R41: Mantener el programa de seguimiento y auditoria al aseguramiento y a la prestación de servicios de salud | S41: Programas mantenidos | T41: 1 | U41: 1 | V41: Mantenimiento | W41: 0.25 | X41: 0.25 | Y41: 0.25 | Z41: 0.25 | BD41: Secretaria de Salud | BK41: E4.P_E | BL41: ESTRATEGIAS, TRIBUTACIÓN Y FINANCIEMAIENTO DEL PDM | BN41: E3.P_F | BO41: TOCANCIPA SE PREPARA PARA EL CAMBIO CLIMÁTICO | BP41: E3.P_F.MR1 | BQ41: Ejecutar acciones que integran la vulnerabilidad al cambio climático | BS41: E1.P_B.MR2 | BT41: Mantener el programa de aseguramiento SGSSS y fortalecer la prestación de servicios de salud | BU41: E1.P_B.MR2-MP01-1 | BV41: Garantizar el aseguramiento, a la población Tocancipeña en condición de vulnerabilidad, al Sistema General de Seguridad Social en Salud SGSS | BX41: E4.P_E | BY41: ESTRATEGIAS, TRIBUTACIÓN Y FINANCIEMAIENTO DEL PDM | BZ41: 0 | CA41: 0 | CB41: 0 | CC41: 0 | CD41: 0 | CE41: 0 | CF41: 0 | CG41: 0 | CH41: 0 | CJ41: 0 | CK41: 0 | CL41: 0 | CM41: 0 | CN41: 0 | CO41: 0 | CP41: 0 | CQ41: 0 | CR41: 0 | CS41: 0 | CT41: 0 | CU41: 0 | CV41: 0 | CW41: 0 | CX41: 0 | CY41: 0 | CZ41: 0 | DA41: 0 | DB41: 0 | DC41: E3.P_D.MR2 - Fortalecer las capacidades institucionales del Municipio para mejorar la planeación del desarrollo municipal | DD41: E3. - Infraestructura, Planeación, Ambiente y Servicios Públicos | DE41: E3.P_D - ORDENAMIENTO, GESTIÓN DEL TERRITORIO Y PLANEACIÓN DEL DESARROLLO | DF41: Mejorar las condiciones del Ordenamiento Territorial y la planeación del desarrollo municipal | DH41: E1.P_B.MR2-MP01-1 - Garantizar el aseguramiento, a la población Tocancipeña en condición de vulnerabilidad, al Sistema General de Seguridad Social en Salud SGSS | DI41: E1. - SOCIAL: Desarrollo Social con alta competitividad y proyección | DJ41: E1.P_B - SALUD CON ATENCIÓN DIGNA, PRIORITARIA Y DE CALIDAD | DK41: Desarrollar acciones para fortalecer las condiciones del sistema de salud, que Garantice una atención digna, prioritaria y de calidad para todos | DL41: E1.P_B.MR2 - Mantener el programa de aseguramiento SGSSS y fortalecer la prestación de servicios de salud | DN41: E3.P_E.MR1 | DO41: Mejorar las condiciones de vivienda a través de la implementación de estrategias y acciones encaminadas a recuperar la vivienda digna | DQ41: E1.P_B.MR2-MP01-1 | DR41: Garantizar el aseguramiento, a la población Tocancipeña en condición de vulnerabilidad, al Sistema General de Seguridad Social en Salud SGSS | DT41: =+LEFT(DU41,10) -> E3.P_D.MR2 | DU41: E3.P_D.MR2 - Fortalecer las capacidades institucionales del Municipio para mejorar la planeación del desarrollo municipal | DV41: E3. - Infraestructura, Planeación, Ambiente y Servicios Públicos | DW41: Desarrollar infraestructuras sostenibles y de calidad, que interactúen de manera armónica con el medio ambiente y el cambio climático basado en el desarrollo económico y el bienestar social, promoviendo el acceso equitativo de servicios básicos esenciales para todos los grupos de población | DX41: Fortalecimiento institucional | DY41: E3.P_D - ORDENAMIENTO, GESTIÓN DEL TERRITORIO Y PLANEACIÓN DEL DESARROLLO | DZ41: Mejorar las condiciones del Ordenamiento Territorial y la planeación del desarrollo municipal | EB41: E3.P_D.MR2 | EC41: Fortalecer las capacidades institucionales del Municipio para mejorar la planeación del desarrollo municipal | ED41: Acciones implementadas | EE41: 0 | EF41: 4 | EL41: E1.P_B.MR2-MP02-1 | EM41: Mantener el programa de seguimiento y auditoria al aseguramiento y a la prestación de servicios de salud | EN41: Programas mantenidos | EO41: 1 | EP41: 1 | EQ41: 1 | ER41: 1 | ES41: 1 | ET41: 1
